Workbook

Sheet Internal Pricelist
B6: Project Details | AB6: PRICELIST AS OF JULY 31, 2019
B7: Packages | C7: FLOOR AREA | D7: PER SQM.
B8: 2 STOREY | C8: ='[1]125.26 on 84.64sqm (San Diego)'!E8 -> 184.43 | D8: ='[1]125.26 on 84.64sqm (San Diego)'!L7 -> 37954.78
B9: 3 STOREY | C9: ='[1]167.62 on 80sqm (San Esteban)'!E8 -> 136.96 | D9: ='[1]167.62 on 80sqm (San Esteban)'!R7 -> 43808.411 | G9: GROSS AREA
G10: =C8 -> 184.43
G11: =C9 -> 136.96
B12: Loose Lot/SQM:
B13: Additives
B14: Facing East
E18: Terraces Commonwealth Townhouse
E19: Dart Street, Commonwealth, Quezon City
E20: Price list as of May 3, 2021
V21: 02-20-21
Q22: Price / sqm | R22: =S27/G27 -> 50430
H23: INTERNAL | AI23: 0.0095565208
B24: Unit Count | C24: UNIT ID | D24: STATUS | E24: House Type | F24: Lot Type | G24: Total Area | H24: Price/ sqm | I24: Base price | J24: Front | K24: End | L24: total additives | M24: Typical Selling Price | N24: CGT of 6% is tucked in on LMF | O24: Total Selling Price | P24: 0.025 | Q24: NEW SELLING PRICE | R24: 0.025 | S24: NEW SELLING PRICE | T24: 0.18 | U24: 0 | V24: NEW SELLING PRICE | W24: 0 | X24: NEW SELLING PRICE | Y24: 0 | Z24: NEW SELLING PRICE | AA24: 0.1 | AB24: 0 | AC24: TOTAL CONTRACT PRICE | AD24: 0.2 | AE24: RESERVATION FEE | AF24: NET EQUITY PAYMENT | AG24: 12 | AH24: =100%-AD24 -> 0.8 | AI24: Monthly Amort. | AL24: COUNTER CHECKING
J25: 250000 | K25: 500000 | P25: INCREASE 1 | R25: INCREASE 2 | T25: DISCOUNT | U25: Variance from Unit A | W25: INCREASE 4 | Y25: INCREASE 5 | AA25: Legal and Misc. Fees | AB25: Bank Fees | AD25: EQUITY DOWN PAYMENT | AG25: MONTHLY EQUITY | AH25: BALANCE ON TCP | AI25: 15 years @8.0% 5 year fixing | AL25: TCP | AM25: WORKBACK COMPUTATION | AN25: VARIANCE
B26: 1 | C26: Unit A | D26: SOLD | E26: Front with own garage gate | F26: ='[2]Project Data'!E22 -> 53.46 | G26: ='[2]Project Data'!E26 -> 208.38 | H26: =Q26/G26 -> 44270.084 | I26: 9000000 | L26: =SUM(J26:K26) -> 0 | M26: =I26+J26+K26 -> 9000000 | N26: =M26*6% -> 540000 | O26: =L26+M26 -> 9000000 | P26: =O26*$P$24 -> 225000 | Q26: =O26+P26 -> 9225000 | S26: =Q26+R26 -> 9225000 | T26: ='[2]UNIT A'!H5+'[2]UNIT A'!H6+'[2]UNIT A'!H9+'[2]UNIT A'!H10 -> 1591312.5 | U26: =S26*$U$24 -> 0 | V26: =S26+U26 -> 9225000 | W26: =V26*$W$24 -> 0 | X26: =V26+W26 -> 9225000 | Y26: =X26*$Y$24 -> 0 | Z26: =S26-T26 -> 7633687.5 | AA26: =Z26*$AA$24 -> 763368.75 | AB26: =Z26*$AB$24 -> 0 | AC26: =Z26+AA26 -> 8397056.2 | AD26: =AC26*$AD$24 -> 1679411.2 | AE26: 50000 | AF26: =AD26-AE26 -> 1629411.2 | AG26: =AF26/$AG$24 -> 135784.27 | AH26: =AC26*$AH$24 -> 6717645 | AI26: =AH26*$AI$23 -> 64197.314 | AL26: =AC26 -> 8397056.2 | AM26: =AH26+(AG26*$AG$24)+AE26 -> 8397056.2 | AN26: =AM26-AL26 -> 0
B27: =B26+1 -> 2 | C27: Unit B | D27: UNSOLD | E27: Middle | F27: ='[2]Project Data'!E29 -> 42.08 | G27: ='[2]Project Data'!E33 -> 197 | H27: 48000 | I27: =G27*H27 -> 9456000 | L27: =SUM(J27:K27) -> 0 | M27: =I27+J27+K27 -> 9456000 | N27: =M27*6% -> 567360 | O27: =L27+M27 -> 9456000 | P27: =O27*$P$24 -> 236400 | Q27: =O27+P27 -> 9692400 | R27: =Q27*$R$24 -> 242310 | S27: =Q27+R27 -> 9934710 | U27: =$AA$57 -> 12831.437 | V27: =S27+U27 -> 9947541.4 | W27: =V27*$W$24 -> 0 | X27: =V27+W27 -> 9947541.4 | Y27: =X27*$Y$24 -> 0 | Z27: =X27+Y27 -> 9947541.4 | AA27: =Z27*$AA$24 -> 994754.14 | AB27: =Z27*$AB$24 -> 0 | AC27: =Z27+AA27 -> 10942296 | AD27: =AC27*$AD$24 -> 2188459.1 | AE27: ='[2]Project Data'!$E$109 -> 50000 | AF27: =AD27-AE27 -> 2138459.1 | AG27: =AF27/$AG$24 -> 178204.93 | AH27: =AC27*$AH$24 -> 8753836.5 | AI27: =AH27*$AI$23 -> 83656.22 | AL27: =AC27 -> 10942296 | AM27: =AH27+(AG27*$AG$24)+AE27 -> 10942296 | AN27: =AM27-AL27 -> 0
B28: =B27+1 -> 3 | C28: Unit C | D28: UNSOLD | E28: Back with additional parking | F28: ='[2]Project Data'!E36 -> 54.58 | G28: ='[2]Project Data'!E40 -> 213.56 | H28: 48000 | I28: =G28*H28 -> 10250880 | L28: =SUM(J28:K28) -> 0 | M28: =I28+J28+K28 -> 10250880 | N28: =M28*6% -> 615052.8 | O28: =L28+M28 -> 10250880 | P28: =O28*$P$24 -> 256272 | Q28: =O28+P28 -> 10507152 | R28: =Q28*$R$24 -> 262678.8 | S28: =Q28+R28 -> 10769831 | U28: =$AA$57 -> 12831.437 | V28: =S28+U28 -> 10782662 | W28: =V28*$W$24 -> 0 | X28: =V28+W28 -> 10782662 | Y28: =X28*$Y$24 -> 0 | Z28: =X28+Y28 -> 10782662 | AA28: =Z28*$AA$24 -> 1078266.2 | AB28: =Z28*$AB$24 -> 0 | AC28: =Z28+AA28 -> 11860928 | AD28: =AC28*$AD$24 -> 2372185.7 | AE28: ='[2]Project Data'!$E$109 -> 50000 | AF28: =AD28-AE28 -> 2322185.7 | AG28: =AF28/$AG$24 -> 193515.47 | AH28: =AC28*$AH$24 -> 9488742.8 | AI28: =AH28*$AI$23 -> 90679.368 | AL28: =AC28 -> 11860928 | AM28: =AH28+(AG28*$AG$24)+AE28 -> 11860928 | AN28: =AM28-AL28 -> 0
B29: =B28+1 -> 4 | C29: Unit D | D29: UNSOLD | E29: Back with additional parking | F29: ='[2]Project Data'!E43 -> 54.58 | G29: ='[2]Project Data'!E47 -> 213.56 | H29: 48000 | I29: =G29*H29 -> 10250880 | L29: =SUM(J29:K29) -> 0 | M29: =I29+J29+K29 -> 10250880 | N29: =M29*6% -> 615052.8 | O29: =L29+M29 -> 10250880 | P29: =O29*$P$24 -> 256272 | Q29: =O29+P29 -> 10507152 | R29: =Q29*$R$24 -> 262678.8 | S29: =Q29+R29 -> 10769831 | U29: =$AA$57 -> 12831.437 | V29: =S29+U29 -> 10782662 | W29: =V29*$W$24 -> 0 | X29: =V29+W29 -> 10782662 | Y29: =X29*$Y$24 -> 0 | Z29: =X29+Y29 -> 10782662 | AA29: =Z29*$AA$24 -> 1078266.2 | AB29: =Z29*$AB$24 -> 0 | AC29: =Z29+AA29 -> 11860928 | AD29: =AC29*$AD$24 -> 2372185.7 | AE29: ='[2]Project Data'!$E$109 -> 50000 | AF29: =AD29-AE29 -> 2322185.7 | AG29: =AF29/$AG$24 -> 193515.47 | AH29: =AC29*$AH$24 -> 9488742.8 | AI29: =AH29*$AI$23 -> 90679.368 | AL29: =AC29 -> 11860928 | AM29: =AH29+(AG29*$AG$24)+AE29 -> 11860928 | AN29: =AM29-AL29 -> 0
B30: =B29+1 -> 5 | C30: Unit E | D30: UNSOLD | E30: Middle | F30: ='[2]Project Data'!E50 -> 42.08 | G30: ='[2]Project Data'!E54 -> 197 | H30: 48000 | I30: =G30*H30 -> 9456000 | L30: =SUM(J30:K30) -> 0 | M30: =I30+J30+K30 -> 9456000 | N30: =M30*6% -> 567360 | O30: =L30+M30 -> 9456000 | P30: =O30*$P$24 -> 236400 | Q30: =O30+P30 -> 9692400 | R30: =Q30*$R$24 -> 242310 | S30: =Q30+R30 -> 9934710 | U30: =$AA$57 -> 12831.437 | V30: =S30+U30 -> 9947541.4 | W30: =V30*$W$24 -> 0 | X30: =V30+W30 -> 9947541.4 | Y30: =X30*$Y$24 -> 0 | Z30: =X30+Y30 -> 9947541.4 | AA30: =Z30*$AA$24 -> 994754.14 | AB30: =Z30*$AB$24 -> 0 | AC30: =Z30+AA30 -> 10942296 | AD30: =AC30*$AD$24 -> 2188459.1 | AE30: ='[2]Project Data'!$E$109 -> 50000 | AF30: =AD30-AE30 -> 2138459.1 | AG30: =AF30/$AG$24 -> 178204.93 | AH30: =AC30*$AH$24 -> 8753836.5 | AI30: =AH30*$AI$23 -> 83656.22 | AL30: =AC30 -> 10942296 | AM30: =AH30+(AG30*$AG$24)+AE30 -> 10942296 | AN30: =AM30-AL30 -> 0
B31: =B30+1 -> 6 | C31: Unit F | D31: SOLD | E31: Front with own garage gate | F31: ='[2]Project Data'!E57 -> 53.46 | G31: ='[2]Project Data'!E61 -> 208.38 | H31: 48000 | I31: =G31*H31 -> 10002240 | L31: =SUM(J31:K31) -> 0 | M31: =I31+J31+K31 -> 10002240 | N31: =M31*6% -> 600134.4 | O31: =L31+M31 -> 10002240 | P31: =O31*$P$24 -> 250056 | Q31: =O31+P31 -> 10252296 | R31: =Q31*$R$24 -> 256307.4 | S31: =Q31+R31 -> 10508603 | U31: =$AA$57 -> 12831.437 | V31: =S31+U31 -> 10521435 | W31: =V31*$W$24 -> 0 | X31: =V31+W31 -> 10521435 | Y31: =X31*$Y$24 -> 0 | Z31: =X31+Y31 -> 10521435 | AA31: =Z31*$AA$24 -> 1052143.5 | AB31: =Z31*$AB$24 -> 0 | AC31: =Z31+AA31 -> 11573578 | AD31: =AC31*$AD$24 -> 2314715.7 | AE31: ='[2]Project Data'!$E$109 -> 50000 | AF31: =AD31-AE31 -> 2264715.7 | AG31: =AF31/$AG$24 -> 188726.31 | AH31: =AC31*$AH$24 -> 9258862.7 | AI31: =AH31*$AI$23 -> 88482.514 | AL31: =AC31 -> 11573578 | AM31: =AH31+(AG31*$AG$24)+AE31 -> 11573578 | AN31: =AM31-AL31 -> 0
C33: NOTE:
C34: ***Reservation Fee is non-refundable.
C35: ***Prices and Payment Schemes may change without prior notice.
C36: ***Official Selling Price shall be based on signed/approved Reservation Agreement Forms.
C37: ***Check Payable to Cesar Lee Hiong L. Wee Jr. or Carson T. Choa and Theresa S. Nery
AD42: commission off setting
Z43: Per SQM | AA43: =AA51/AA44 -> 36913.389 | AD43: NET SELLING PRICE | AE43: =AA45-AA46-AA47-AA49 -> 8054462.8
Z44: Unit A | AA44: =G26 -> 208.38 | AD44: Commission 5% | AE44: =AE43*5% -> 402723.14
Z45: Total Selling Price | AA45: =S26 -> 9225000 | AD45: (-) 10% W/Tax | AE45: =AE44*0.1 -> 40272.314
Z46: 0.025 | AA46: =AA45*Z46 -> 230625 | AD46: Net Commission | AE46: =AE44-AE45 -> 362450.83
Z47: 0.1 | AA47: =(AA45-AA46)*Z47 -> 899437.5
Z48: 0.05 | AA48: =AE46 -> 362450.83
Z49: 0.005 | AA49: =(AA45-AA46-AA47)*Z49 -> 40474.688
Z51: New Selling Price | AA51: =AA45-AA46-AA47-AA48-AA49 -> 7692012
Z52: =AA25 -> Legal and Misc. Fees | AA52: =AA51*10% -> 769201.2
Z54: Total Contract Price | AA54: =AA51+AA52 -> 8461213.2
AA55: 8397056
AA56: =AA54-AA55 -> 64157.185
AA57: =AA56/5 -> 12831.437

Sheet internal pricelist 3FLRS Sep-25
B6: Project Details | AA6: PRICELIST AS OF JULY 31, 2019
B7: Packages | C7: FLOOR AREA | D7: PER SQM.
B8: 2 STOREY | C8: ='[1]125.26 on 84.64sqm (San Diego)'!E8 -> 184.43 | D8: ='[1]125.26 on 84.64sqm (San Diego)'!L7 -> 37954.78
B9: 3 STOREY | C9: ='[1]167.62 on 80sqm (San Esteban)'!E8 -> 136.96 | D9: ='[1]167.62 on 80sqm (San Esteban)'!R7 -> 43808.411 | G9: GROSS AREA
G10: =C8 -> 184.43
G11: =C9 -> 136.96
B12: Loose Lot/SQM:
B13: Additives
B14: Facing East
E18: Terraces Commonwealth Townhouse
E19: Dart Street, Commonwealth, Quezon City
E20: Price list as of September 2025
Q22: Price / sqm | R22: =S27/G27 -> 53777.645
H23: INTERNAL | Y23: =W26+X26 -> 9693474.2 | AI23: 0.0095565208
B24: Unit Count | C24: UNIT ID | D24: STATUS | E24: House Type | F24: Lot Type | G24: Total Area | H24: Price/ sqm | I24: Base price | J24: Front | K24: End | L24: total additives | M24: Typical Selling Price | N24: Total Selling Price | O24: NSP/SQM | P24: 0.025 | Q24: NEW SELLING PRICE | R24: 0 | S24: NEW SELLING PRICE | T24: 0 | U24: NEW SELLING PRICE | V24: 0 | W24: NEW SELLING PRICE | X24: 0.15 | Y24: NEW SELLING PRICE | Z24: 0.1 | AA24: 0 | AB24: TOTAL CONTRACT PRICE | AC24: 0.2 | AD24: RESERVATION FEE | AE24: NET EQUITY PAYMENT | AF24: EQUITY MONTHS | AG24: MONTHLY EQUITY | AH24: =100%-AC24 -> 0.8 | AI24: Monthly Amort. | AL24: COUNTER CHECKING
J25: 350000 | K25: 150000 | P25: INCREASE 1 | R25: INCREASE 2 | T25: Variance from Unit A | V25: INCREASE 4 | X25: INCREASE 5 | Z25: Legal and Misc. Fees | AA25: Bank Fees | AC25: EQUITY DOWN PAYMENT | AH25: BALANCE ON TCP | AI25: 15 years @8.0% 5 year fixing | AL25: TCP | AM25: WORKBACK COMPUTATION | AN25: VARIANCE
B26: 1 | C26: Unit A | D26: HOLD | E26: 3 Floors Front with own garage gate | F26: 66 | G26: 156.74 | H26: 48000 | I26: =G26*H26 -> 7523520 | J26: =J25 -> 350000 | L26: =SUM(J26:K26) -> 350000 | M26: =I26+J26+K26 -> 7873520 | N26: =L26+M26 -> 8223520 | O26: =N26/F26 -> 124598.79 | P26: =N26*$P$24 -> 205588 | Q26: =N26+P26 -> 8429108 | S26: =Q26+R26 -> 8429108 | U26: =S26+T26 -> 8429108 | V26: =U26*$V$24 -> 0 | W26: =U26+V26 -> 8429108 | X26: =W26*$X$24 -> 1264366.2 | Y26: 9561140 | Z26: =Y26*$Z$24 -> 956114 | AB26: =Y26+Z26 -> 10517254 | AC26: =AB26*$AC$24 -> 2103450.8 | AD26: 50000 | AE26: =AC26-AD26 -> 2053450.8 | AF26: 12 | AG26: =AE26/AF26 -> 171120.9 | AH26: =AB26*$AH$24 -> 8413803.2 | AI26: =AH26*$AI$23 -> 80406.685 | AL26: =AB26 -> 10517254 | AM26: =AH26+(AG26*AF26)+AD26 -> 10517254 | AN26: =AM26-AL26 -> 0
B27: =B26+1 -> 2 | C27: Unit B | D27: SOLD | E27: Front with own garage gate | F27: 66 | G27: =G26 -> 156.74 | H27: 48000 | I27: =G27*H27 -> 7523520 | J27: =J25 -> 350000 | L27: =SUM(J27:K27) -> 350000 | M27: =I27+J27+K27 -> 7873520 | N27: =L27+M27 -> 8223520 | O27: =N27/F27 -> 124598.79 | P27: =N27*$P$24 -> 205588 | Q27: =N27+P27 -> 8429108 | R27: =Q27*$R$24 -> 0 | S27: =Q27+R27 -> 8429108 | U27: =S27+T27 -> 8429108 | V27: =U27*$V$24 -> 0 | W27: =U27+V27 -> 8429108 | X27: =W27*$X$24 -> 1264366.2 | Y27: =W27+X27 -> 9693474.2 | Z27: =Y27*$Z$24 -> 969347.42 | AB27: =Y27+Z27 -> 10662822 | AC27: =AB27*$AC$24 -> 2132564.3 | AD27: ='[2]Project Data'!$E$109 -> 50000 | AE27: =AC27-AD27 -> 2082564.3 | AF27: 6 | AG27: =AE27/AF27 -> 347094.05 | AH27: =AB27*$AH$24 -> 8530257.3 | AI27: =AH27*$AI$23 -> 81519.581 | AL27: =AB27 -> 10662822 | AM27: =AH27+(AG27*AF27)+AD27 -> 10662822 | AN27: =AM27-AL27 -> 0
B28: =B27+1 -> 3 | C28: Unit C | D28: UNSOLD | E28: 3 Floors Middle | F28: 52 | G28: 145.36 | H28: 48000 | I28: =G28*H28 -> 6977280 | L28: =SUM(J28:K28) -> 0 | M28: =I28+J28+K28 -> 6977280 | N28: =L28+M28 -> 6977280 | O28: =N28/F28 -> 134178.46 | P28: =N28*$P$24 -> 174432 | Q28: =N28+P28 -> 7151712 | R28: =Q28*$R$24 -> 0 | S28: =Q28+R28 -> 7151712 | U28: =S28+T28 -> 7151712 | V28: =U28*$V$24 -> 0 | W28: =U28+V28 -> 7151712 | X28: =W28*$X$24 -> 1072756.8 | Y28: =W28+X28+135000+335000+300000 -> 8994468.8 | Z28: =Y28*$Z$24 -> 899446.88 | AB28: =Y28+Z28 -> 9893915.7 | AC28: =AB28*$AC$24 -> 1978783.1 | AD28: ='[2]Project Data'!$E$109 -> 50000 | AE28: =AC28-AD28 -> 1928783.1 | AF28: 12 | AG28: =AE28/AF28 -> 160731.93 | AH28: =AB28*$AH$24 -> 7915132.5 | AI28: =AH28*$AI$23 -> 75641.129 | AL28: =AB28 -> 9893915.7 | AM28: =AH28+(AG28*AF28)+AD28 -> 9893915.7 | AN28: =AM28-AL28 -> 0
B29: =B28+1 -> 4 | C29: Unit D | D29: UNSOLD | E29: Middle | F29: 52 | G29: 197 | H29: 48000 | I29: =G29*H29 -> 9456000 | L29: =SUM(J29:K29) -> 0 | M29: =I29+J29+K29 -> 9456000 | N29: =L29+M29 -> 9456000 | O29: =N29/F29 -> 181846.15 | P29: =N29*$P$24 -> 236400 | Q29: =N29+P29 -> 9692400 | R29: =Q29*$R$24 -> 0 | S29: =Q29+R29 -> 9692400 | U29: =S29+T29 -> 9692400 | V29: =U29*$V$24 -> 0 | W29: =U29+V29 -> 9692400 | X29: =W29*$X$24 -> 1453860 | Y29: =W29+X29 -> 11146260 | Z29: =Y29*$Z$24 -> 1114626 | AB29: =Y29+Z29 -> 12260886 | AC29: =AB29*$AC$24 -> 2452177.2 | AD29: ='[2]Project Data'!$E$109 -> 50000 | AE29: =AC29-AD29 -> 2402177.2 | AF29: 6 | AG29: =AE29/AF29 -> 400362.87 | AH29: =AB29*$AH$24 -> 9808708.8 | AI29: =AH29*$AI$23 -> 93737.13 | AL29: =AB29 -> 12260886 | AM29: =AH29+(AG29*AF29)+AD29 -> 12260886 | AN29: =AM29-AL29 -> 0
B30: =B29+1 -> 5 | C30: Unit E | D30: HOLD | E30: 3 Floors Rear | F30: 56 | G30: 161.92 | H30: 48000 | I30: =G30*H30 -> 7772160 | L30: =SUM(J30:K30) -> 0 | M30: =I30+J30+K30 -> 7772160 | N30: =L30+M30 -> 7772160 | O30: =N30/F30 -> 138788.57 | P30: =N30*$P$24 -> 194304 | Q30: =N30+P30 -> 7966464 | R30: =Q30*$R$24 -> 0 | S30: =Q30+R30 -> 7966464 | U30: =S30+T30 -> 7966464 | V30: =U30*$V$24 -> 0 | W30: =U30+V30 -> 7966464 | X30: =W30*$X$24 -> 1194969.6 | Y30: =W30+X30+335000 -> 9496433.6 | Z30: =Y30*$Z$24 -> 949643.36 | AB30: =Y30+Z30 -> 10446077 | AC30: =AB30*$AC$24 -> 2089215.4 | AD30: ='[2]Project Data'!$E$109 -> 50000 | AE30: =AC30-AD30 -> 2039215.4 | AF30: 12 | AG30: =AE30/AF30 -> 169934.62 | AH30: =AB30*$AH$24 -> 8356861.6 | AI30: =AH30*$AI$23 -> 79862.521 | AL30: =AB30 -> 10446077 | AM30: =AH30+(AG30*AF30)+AD30 -> 10446077 | AN30: =AM30-AL30 -> 0
B31: =B30+1 -> 6 | C31: Unit F | D31: UNSOLD | E31: Rear | F31: 56 | G31: 213.56 | H31: 48000 | I31: =G31*H31 -> 10250880 | L31: =SUM(J31:K31) -> 0 | M31: =I31+J31+K31 -> 10250880 | N31: =L31+M31 -> 10250880 | O31: =N31/F31 -> 183051.43 | P31: =N31*$P$24 -> 256272 | Q31: =N31+P31 -> 10507152 | R31: =Q31*$R$24 -> 0 | S31: =Q31+R31 -> 10507152 | U31: =S31+T31 -> 10507152 | V31: =U31*$V$24 -> 0 | W31: =U31+V31 -> 10507152 | X31: =W31*$X$24 -> 1576072.8 | Y31: =W31+X31 -> 12083225 | Z31: =Y31*$Z$24 -> 1208322.5 | AB31: =Y31+Z31 -> 13291547 | AC31: =AB31*$AC$24 -> 2658309.5 | AD31: ='[2]Project Data'!$E$109 -> 50000 | AE31: =AC31-AD31 -> 2608309.5 | AF31: 6 | AG31: =AE31/AF31 -> 434718.24 | AH31: =AB31*$AH$24 -> 10633238 | AI31: =AH31*$AI$23 -> 101616.76 | AL31: =AB31 -> 13291547 | AM31: =AH31+(AG31*AF31)+AD31 -> 13291547 | AN31: =AM31-AL31 -> 0
C33: NOTE:
C34: ***Reservation Fee is non-refundable.
C35: ***Prices and Payment Schemes may change without prior notice.
C36: ***Official Selling Price shall be based on signed/approved Reservation Agreement Forms.
C37: ***Check Payable to Cesar Lee Hiong L. Wee Jr. or Carson T. Choa and Theresa S. Nery
AF41: 0.03 | AH41: 0.02 | AJ41: 200000
AC42: NSP | AD42: =Y31 -> 12083225 | AE42: TSP | AF42: =AD42 -> 12083225 | AG42: TSP | AH42: =AF42 -> 12083225 | AI42: TSP | AJ42: =AH42 -> 12083225
AC43: LMF | AD43: =Z31 -> 1208322.5 | AE43: DISCOUNT | AF43: =AF42*AF41 -> 362496.74 | AG43: DISCOUNT | AH43: =AH42*AH41 -> 241664.5 | AI43: DISCOUNT | AJ43: 200000
AC44: TCP | AD44: =AB31 -> 13291547 | AE44: NSP | AF44: =AF42-AF43 -> 11720728 | AG44: NSP | AH44: =AH42-AH43 -> 11841560 | AI44: NSP | AJ44: =AJ42-AJ43 -> 11883225
AE45: LMF | AF45: =AF44*10% -> 1172072.8 | AG45: LMF | AH45: =AH44*10% -> 1184156 | AI45: LMF | AJ45: =AJ44*10% -> 1188322.5
AE46: TCP | AF46: =SUM(AF44:AF45) -> 12892801 | AG46: TCP | AH46: =SUM(AH44:AH45) -> 13025716 | AI46: TCP | AJ46: =SUM(AJ44:AJ45) -> 13071547

Sheet Internal pricelistV2 7-Aug-24
B6: Project Details | AA6: PRICELIST AS OF JULY 31, 2019
B7: Packages | C7: FLOOR AREA | D7: PER SQM.
B8: 2 STOREY | C8: ='[1]125.26 on 84.64sqm (San Diego)'!E8 -> 184.43 | D8: ='[1]125.26 on 84.64sqm (San Diego)'!L7 -> 37954.78
B9: 3 STOREY | C9: ='[1]167.62 on 80sqm (San Esteban)'!E8 -> 136.96 | D9: ='[1]167.62 on 80sqm (San Esteban)'!R7 -> 43808.411 | G9: GROSS AREA
G10: =C8 -> 184.43
G11: =C9 -> 136.96
B12: Loose Lot/SQM:
B13: Additives
B14: Facing East
E18: Terraces Commonwealth Townhouse
E19: Dart Street, Commonwealth, Quezon City
E20: Price list as of August 2024
Q22: Price / sqm | R22: =S27/G27 -> 52643.229
H23: INTERNAL | AI23: 0.0095565208
B24: Unit Count | C24: UNIT ID | D24: STATUS | E24: House Type | F24: Lot Type | G24: Total Area | H24: Price/ sqm | I24: Base price | J24: Front | K24: End | L24: total additives | M24: Typical Selling Price | N24: Total Selling Price | O24: NSP/SQM | P24: 0.025 | Q24: NEW SELLING PRICE | R24: 0 | S24: NEW SELLING PRICE | T24: 0 | U24: NEW SELLING PRICE | V24: 0 | W24: NEW SELLING PRICE | X24: 0.15 | Y24: NEW SELLING PRICE | Z24: 0.1 | AA24: 0 | AB24: TOTAL CONTRACT PRICE | AC24: 0.2 | AD24: RESERVATION FEE | AE24: NET EQUITY PAYMENT | AF24: EQUITY MONTHS | AG24: MONTHLY EQUITY | AH24: =100%-AC24 -> 0.8 | AI24: Monthly Amort. | AL24: COUNTER CHECKING
J25: 350000 | K25: 150000 | P25: INCREASE 1 | R25: INCREASE 2 | T25: Variance from Unit A | V25: INCREASE 4 | X25: INCREASE 5 | Z25: Legal and Misc. Fees | AA25: Bank Fees | AC25: EQUITY DOWN PAYMENT | AH25: BALANCE ON TCP | AI25: 15 years @8.0% 5 year fixing | AL25: TCP | AM25: WORKBACK COMPUTATION | AN25: VARIANCE
B26: 1 | C26: Unit A | D26: UNSOLD | E26: Front with own garage gate | F26: 66 | G26: 208.38 | H26: 48000 | I26: =G26*H26 -> 10002240 | J26: =J25 -> 350000 | L26: =SUM(J26:K26) -> 350000 | M26: =I26+J26+K26 -> 10352240 | N26: =L26+M26 -> 10702240 | O26: =N26/F26 -> 162155.15 | P26: =N26*$P$24 -> 267556 | Q26: =N26+P26 -> 10969796 | S26: =Q26+R26 -> 10969796 | U26: =S26+T26 -> 10969796 | V26: =U26*$V$24 -> 0 | W26: =U26+V26 -> 10969796 | X26: =W26*$X$24 -> 1645469.4 | Y26: =W26+X26 -> 12615265 | Z26: =Y26*$Z$24 -> 1261526.5 | AB26: =Y26+Z26 -> 13876792 | AC26: =AB26*$AC$24 -> 2775358.4 | AD26: 50000 | AE26: =AC26-AD26 -> 2725358.4 | AF26: 12 | AG26: =AE26/AF26 -> 227113.2 | AH26: =AB26*$AH$24 -> 11101434 | AI26: =AH26*$AI$23 -> 106091.08 | AL26: =AB26 -> 13876792 | AM26: =AH26+(AG26*AF26)+AD26 -> 13876792 | AN26: =AM26-AL26 -> 0
B27: =B26+1 -> 2 | C27: Unit B | D27: SOLD | E27: Front with own garage gate | F27: 66 | G27: =G26 -> 208.38 | H27: 48000 | I27: =G27*H27 -> 10002240 | J27: =J25 -> 350000 | L27: =SUM(J27:K27) -> 350000 | M27: =I27+J27+K27 -> 10352240 | N27: =L27+M27 -> 10702240 | O27: =N27/F27 -> 162155.15 | P27: =N27*$P$24 -> 267556 | Q27: =N27+P27 -> 10969796 | R27: =Q27*$R$24 -> 0 | S27: =Q27+R27 -> 10969796 | U27: =S27+T27 -> 10969796 | V27: =U27*$V$24 -> 0 | W27: =U27+V27 -> 10969796 | X27: =W27*$X$24 -> 1645469.4 | Y27: =W27+X27 -> 12615265 | Z27: =Y27*$Z$24 -> 1261526.5 | AB27: =Y27+Z27 -> 13876792 | AC27: =AB27*$AC$24 -> 2775358.4 | AD27: ='[2]Project Data'!$E$109 -> 50000 | AE27: =AC27-AD27 -> 2725358.4 | AF27: 6 | AG27: =AE27/AF27 -> 454226.4 | AH27: =AB27*$AH$24 -> 11101434 | AI27: =AH27*$AI$23 -> 106091.08 | AL27: =AB27 -> 13876792 | AM27: =AH27+(AG27*AF27)+AD27 -> 13876792 | AN27: =AM27-AL27 -> 0
B28: =B27+1 -> 3 | C28: Unit C | D28: UNSOLD | E28: Middle | F28: 52 | G28: 197 | H28: 48000 | I28: =G28*H28 -> 9456000 | L28: =SUM(J28:K28) -> 0 | M28: =I28+J28+K28 -> 9456000 | N28: =L28+M28 -> 9456000 | O28: =N28/F28 -> 181846.15 | P28: =N28*$P$24 -> 236400 | Q28: =N28+P28 -> 9692400 | R28: =Q28*$R$24 -> 0 | S28: =Q28+R28 -> 9692400 | U28: =S28+T28 -> 9692400 | V28: =U28*$V$24 -> 0 | W28: =U28+V28 -> 9692400 | X28: =W28*$X$24 -> 1453860 | Y28: =W28+X28 -> 11146260 | Z28: =Y28*$Z$24 -> 1114626 | AB28: =Y28+Z28 -> 12260886 | AC28: =AB28*$AC$24 -> 2452177.2 | AD28: ='[2]Project Data'!$E$109 -> 50000 | AE28: =AC28-AD28 -> 2402177.2 | AF28: 12 | AG28: =AE28/AF28 -> 200181.43 | AH28: =AB28*$AH$24 -> 9808708.8 | AI28: =AH28*$AI$23 -> 93737.13 | AL28: =AB28 -> 12260886 | AM28: =AH28+(AG28*AF28)+AD28 -> 12260886 | AN28: =AM28-AL28 -> 0
B29: =B28+1 -> 4 | C29: Unit D | D29: UNSOLD | E29: Middle | F29: 52 | G29: =G28 -> 197 | H29: 48000 | I29: =G29*H29 -> 9456000 | L29: =SUM(J29:K29) -> 0 | M29: =I29+J29+K29 -> 9456000 | N29: =L29+M29 -> 9456000 | O29: =N29/F29 -> 181846.15 | P29: =N29*$P$24 -> 236400 | Q29: =N29+P29 -> 9692400 | R29: =Q29*$R$24 -> 0 | S29: =Q29+R29 -> 9692400 | U29: =S29+T29 -> 9692400 | V29: =U29*$V$24 -> 0 | W29: =U29+V29 -> 9692400 | X29: =W29*$X$24 -> 1453860 | Y29: =W29+X29 -> 11146260 | Z29: =Y29*$Z$24 -> 1114626 | AB29: =Y29+Z29 -> 12260886 | AC29: =AB29*$AC$24 -> 2452177.2 | AD29: ='[2]Project Data'!$E$109 -> 50000 | AE29: =AC29-AD29 -> 2402177.2 | AF29: 6 | AG29: =AE29/AF29 -> 400362.87 | AH29: =AB29*$AH$24 -> 9808708.8 | AI29: =AH29*$AI$23 -> 93737.13 | AL29: =AB29 -> 12260886 | AM29: =AH29+(AG29*AF29)+AD29 -> 12260886 | AN29: =AM29-AL29 -> 0
B30: =B29+1 -> 5 | C30: Unit E | D30: UNSOLD | E30: Rear | F30: 56 | G30: 213.56 | H30: 48000 | I30: =G30*H30 -> 10250880 | L30: =SUM(J30:K30) -> 0 | M30: =I30+J30+K30 -> 10250880 | N30: =L30+M30 -> 10250880 | O30: =N30/F30 -> 183051.43 | P30: =N30*$P$24 -> 256272 | Q30: =N30+P30 -> 10507152 | R30: =Q30*$R$24 -> 0 | S30: =Q30+R30 -> 10507152 | U30: =S30+T30 -> 10507152 | V30: =U30*$V$24 -> 0 | W30: =U30+V30 -> 10507152 | X30: =W30*$X$24 -> 1576072.8 | Y30: =W30+X30 -> 12083225 | Z30: =Y30*$Z$24 -> 1208322.5 | AB30: =Y30+Z30 -> 13291547 | AC30: =AB30*$AC$24 -> 2658309.5 | AD30: ='[2]Project Data'!$E$109 -> 50000 | AE30: =AC30-AD30 -> 2608309.5 | AF30: 12 | AG30: =AE30/AF30 -> 217359.12 | AH30: =AB30*$AH$24 -> 10633238 | AI30: =AH30*$AI$23 -> 101616.76 | AL30: =AB30 -> 13291547 | AM30: =AH30+(AG30*AF30)+AD30 -> 13291547 | AN30: =AM30-AL30 -> 0
B31: =B30+1 -> 6 | C31: Unit F | D31: UNSOLD | E31: Rear | F31: 56 | G31: =G30 -> 213.56 | H31: 48000 | I31: =G31*H31 -> 10250880 | L31: =SUM(J31:K31) -> 0 | M31: =I31+J31+K31 -> 10250880 | N31: =L31+M31 -> 10250880 | O31: =N31/F31 -> 183051.43 | P31: =N31*$P$24 -> 256272 | Q31: =N31+P31 -> 10507152 | R31: =Q31*$R$24 -> 0 | S31: =Q31+R31 -> 10507152 | U31: =S31+T31 -> 10507152 | V31: =U31*$V$24 -> 0 | W31: =U31+V31 -> 10507152 | X31: =W31*$X$24 -> 1576072.8 | Y31: =W31+X31 -> 12083225 | Z31: =Y31*$Z$24 -> 1208322.5 | AB31: =Y31+Z31 -> 13291547 | AC31: =AB31*$AC$24 -> 2658309.5 | AD31: ='[2]Project Data'!$E$109 -> 50000 | AE31: =AC31-AD31 -> 2608309.5 | AF31: 6 | AG31: =AE31/AF31 -> 434718.24 | AH31: =AB31*$AH$24 -> 10633238 | AI31: =AH31*$AI$23 -> 101616.76 | AL31: =AB31 -> 13291547 | AM31: =AH31+(AG31*AF31)+AD31 -> 13291547 | AN31: =AM31-AL31 -> 0
C33: NOTE: | Y33: =Y26*3% -> 378457.96
C34: ***Reservation Fee is non-refundable.
C35: ***Prices and Payment Schemes may change without prior notice.
C36: ***Official Selling Price shall be based on signed/approved Reservation Agreement Forms.
C37: ***Check Payable to Cesar Lee Hiong L. Wee Jr. or Carson T. Choa and Theresa S. Nery
AF41: 0.03 | AH41: 0.02 | AJ41: 200000
AC42: NSP | AD42: =Y31 -> 12083225 | AE42: TSP | AF42: =AD42 -> 12083225 | AG42: TSP | AH42: =AF42 -> 12083225 | AI42: TSP | AJ42: =AH42 -> 12083225
AC43: LMF | AD43: =Z31 -> 1208322.5 | AE43: DISCOUNT | AF43: =AF42*AF41 -> 362496.74 | AG43: DISCOUNT | AH43: =AH42*AH41 -> 241664.5 | AI43: DISCOUNT | AJ43: 200000
AC44: TCP | AD44: =AB31 -> 13291547 | AE44: NSP | AF44: =AF42-AF43 -> 11720728 | AG44: NSP | AH44: =AH42-AH43 -> 11841560 | AI44: NSP | AJ44: =AJ42-AJ43 -> 11883225
AE45: LMF | AF45: =AF44*10% -> 1172072.8 | AG45: LMF | AH45: =AH44*10% -> 1184156 | AI45: LMF | AJ45: =AJ44*10% -> 1188322.5
AE46: TCP | AF46: =SUM(AF44:AF45) -> 12892801 | AG46: TCP | AH46: =SUM(AH44:AH45) -> 13025716 | AI46: TCP | AJ46: =SUM(AJ44:AJ45) -> 13071547

Sheet Lay Out June-18-2024

Sheet Pricelink
B6: Project Details
B7: Packages | C7: FLOOR AREA | D7: PER SQM.
B8: 2 STOREY | C8: ='[1]125.26 on 84.64sqm (San Diego)'!E8 -> 184.43 | D8: ='[1]125.26 on 84.64sqm (San Diego)'!L7 -> 37954.78
B9: 3 STOREY | C9: ='[1]167.62 on 80sqm (San Esteban)'!E8 -> 136.96 | D9: ='[1]167.62 on 80sqm (San Esteban)'!R7 -> 43808.411 | G9: GROSS AREA
G10: =C8 -> 184.43
G11: =C9 -> 136.96
B12: Loose Lot/SQM:
B13: Additives
B14: Facing East
E18: Terraces Commonwealth Townhouse
E19: Dart Street, Commonwealth, Quezon City
E20: Price list as of September 23, 2025
Q23: 0.0095565208
B24: UNIT COUNT | C24: UNIT ID | D24: STATUS | E24: HOUSE TYPE | F24: LOT TYPE | G24: TOTAL AREA | H24: NEW SELLING PRICE | I24: 0.1 | J24: TOTAL CONTRACT PRICE | K24: 0.2 | L24: RESERVATION FEE | M24: NET EQUITY PAYMENT | N24: EQUITY MONTHS | O24: MONTHLY EQUITY | P24: =100%-K24 -> 0.8 | Q24: Monthly Amort. | T24: COUNTER CHECKING
I25: ( + ) LEGAL AND MISCS. FEES | K25: EQUITY DOWN PAYMENT | P25: BALANCE ON TCP | Q25: 15 years @8.0% 5 year fixing | T25: TCP | U25: WORKBACK COMPUTATION | V25: VARIANCE
B26: 1 | C26: Unit A | D26: ='internal pricelist 3FLRS Sep-25'!D26 -> HOLD | E26: Front with own garage gate | F26: ='internal pricelist 3FLRS Sep-25'!F26 -> 66 | G26: ='internal pricelist 3FLRS Sep-25'!G26 -> 156.74 | H26: ='internal pricelist 3FLRS Sep-25'!Y26 -> 9561140 | I26: =H26*$I$24 -> 956114 | J26: =SUM(H26:I26) -> 10517254 | K26: =J26*$K$24 -> 2103450.8 | L26: ='Internal Pricelist'!AE26 -> 50000 | M26: =K26-L26 -> 2053450.8 | N26: 12 | O26: =M26/N26 -> 171120.9 | P26: =J26*$P$24 -> 8413803.2 | Q26: =P26*$Q$23 -> 80406.685
B27: =B26+1 -> 2 | C27: Unit B | D27: ='internal pricelist 3FLRS Sep-25'!D27 -> SOLD | E27: Front with own garage gate | F27: ='internal pricelist 3FLRS Sep-25'!F27 -> 66 | G27: ='internal pricelist 3FLRS Sep-25'!G27 -> 156.74 | H27: ='internal pricelist 3FLRS Sep-25'!Y27 -> 9693474.2 | I27: =H27*$I$24 -> 969347.42 | J27: =SUM(H27:I27) -> 10662822 | K27: =J27*$K$24 -> 2132564.3 | L27: ='Internal Pricelist'!AE27 -> 50000 | M27: =K27-L27 -> 2082564.3 | N27: 6 | O27: =M27/N27 -> 347094.05 | P27: =J27*$P$24 -> 8530257.3 | Q27: =P27*$Q$23 -> 81519.581
B28: =B27+1 -> 3 | C28: Unit C | D28: ='internal pricelist 3FLRS Sep-25'!D28 -> UNSOLD | E28: Middle | F28: ='internal pricelist 3FLRS Sep-25'!F28 -> 52 | G28: ='internal pricelist 3FLRS Sep-25'!G28 -> 145.36 | H28: ='internal pricelist 3FLRS Sep-25'!Y28 -> 8994468.8 | I28: =H28*$I$24 -> 899446.88 | J28: =SUM(H28:I28) -> 9893915.7 | K28: =J28*$K$24 -> 1978783.1 | L28: ='Internal Pricelist'!AE28 -> 50000 | M28: =K28-L28 -> 1928783.1 | N28: 12 | O28: =M28/N28 -> 160731.93 | P28: =J28*$P$24 -> 7915132.5 | Q28: =P28*$Q$23 -> 75641.129
B29: =B28+1 -> 4 | C29: Unit D | D29: ='internal pricelist 3FLRS Sep-25'!D29 -> UNSOLD | E29: Middle | F29: ='internal pricelist 3FLRS Sep-25'!F29 -> 52 | G29: ='internal pricelist 3FLRS Sep-25'!G29 -> 197 | H29: ='internal pricelist 3FLRS Sep-25'!Y29 -> 11146260 | I29: =H29*$I$24 -> 1114626 | J29: =SUM(H29:I29) -> 12260886 | K29: =J29*$K$24 -> 2452177.2 | L29: ='Internal Pricelist'!AE29 -> 50000 | M29: =K29-L29 -> 2402177.2 | N29: 6 | O29: =M29/N29 -> 400362.87 | P29: =J29*$P$24 -> 9808708.8 | Q29: =P29*$Q$23 -> 93737.13
B30: =B29+1 -> 5 | C30: Unit E | D30: ='internal pricelist 3FLRS Sep-25'!D30 -> HOLD | E30: Rear | F30: ='internal pricelist 3FLRS Sep-25'!F30 -> 56 | G30: ='internal pricelist 3FLRS Sep-25'!G30 -> 161.92 | H30: ='internal pricelist 3FLRS Sep-25'!Y30 -> 9496433.6 | I30: =H30*$I$24 -> 949643.36 | J30: =SUM(H30:I30) -> 10446077 | K30: =J30*$K$24 -> 2089215.4 | L30: ='Internal Pricelist'!AE30 -> 50000 | M30: =K30-L30 -> 2039215.4 | N30: 12 | O30: =M30/N30 -> 169934.62 | P30: =J30*$P$24 -> 8356861.6 | Q30: =P30*$Q$23 -> 79862.521
B31: =B30+1 -> 6 | C31: Unit F | D31: ='internal pricelist 3FLRS Sep-25'!D31 -> UNSOLD | E31: Rear | F31: ='internal pricelist 3FLRS Sep-25'!F31 -> 56 | G31: ='internal pricelist 3FLRS Sep-25'!G31 -> 213.56 | H31: ='internal pricelist 3FLRS Sep-25'!Y31 -> 12083225 | I31: =H31*$I$24 -> 1208322.5 | J31: =SUM(H31:I31) -> 13291547 | K31: =J31*$K$24 -> 2658309.5 | L31: ='Internal Pricelist'!AE31 -> 50000 | M31: =K31-L31 -> 2608309.5 | N31: 6 | O31: =M31/N31 -> 434718.24 | P31: =J31*$P$24 -> 10633238 | Q31: =P31*$Q$23 -> 101616.76
C33: NOTE:
C34: ***Reservation Fee is non-refundable.
C35: ***Prices and Payment Schemes may change without prior notice.
C36: ***Official Selling Price shall be based on signed/approved Reservation Agreement Forms.
C37: ***Check Payable to Cesar Lee Hiong L. Wee Jr. or Carson T. Choa and Theresa S. Nery
K42: commission off setting
H43: Per SQM | I43: =I51/I44 -> #REF! | K43: NET SELLING PRICE | L43: =I45-I46-I47-I49 -> #REF!
H44: Unit A | I44: =G26 -> 156.74 | K44: Commission 5% | L44: =L43*5% -> #REF!
H45: Total Selling Price | I45: =#REF! -> #REF! | K45: (-) 10% W/Tax | L45: =L44*0.1 -> #REF!
H46: 0.025 | I46: =I45*H46 -> #REF! | K46: Net Commission | L46: =L44-L45 -> #REF!
H47: 0.1 | I47: =(I45-I46)*H47 -> #REF!
H48: 0.05 | I48: =L46 -> #REF!
H49: 0.005 | I49: =(I45-I46-I47)*H49 -> #REF!
H51: New Selling Price | I51: =I45-I46-I47-I48-I49 -> #REF!
H52: =I25 -> ( + ) LEGAL AND MISCS. FEES | I52: =I51*10% -> #REF!
H54: Total Contract Price | I54: =I51+I52 -> #REF!
I55: 8397056
I56: =I54-I55 -> #REF!
I57: =I56/5 -> #REF!

Sheet SPC Unit A
C1: =(F15-(F16+F25))*12% -> 1147336.8 | D1: =[3]FORM!A14 -> 107 | J1: 0.01
B2: DATE : | C2: =NOW() -> 45932.594 | F2: PAGE | G2: 1 of 2 | K2: DATE : | L2: =C2 -> 45932.594 | P2: PAGE | Q2: 2 of 2
B4: STANDARD PACKAGE COMPUTATION | K4: PAYMENT SCHEDULE
B6: CLIENT'S NAME | D6: : | K6: CLIENT'S NAME | M6: : | N6: =E6 -> 0
B7: PROJECT NAME | D7: : | E7: =Pricelink!E18 -> Terraces Commonwealth Townhouse | K7: PROJECT NAME | M7: : | N7: =E7 -> Terraces Commonwealth Townhouse
B8: UNIT ID | D8: : | E8: =Pricelink!C26 -> Unit A | K8: UNIT NUMBER | M8: : | N8: =E8 -> Unit A
B10: UNIT TYPE | D10: : | E10: =Pricelink!E27 -> Front with own garage gate | K10: UNIT TYPE | M10: : | N10: =E10 -> Front with own garage gate
B11: LOT AREA | D11: : | E11: =Pricelink!F26 -> 66 | G11: SQM. | K11: LIVEABLE AREA | M11: : | N11: =E11 -> 66 | P11: SQM.
B12: TOTAL AREA | D12: : | E12: =Pricelink!G26 -> 156.74 | G12: SQM. | K12: BALCONY AREA | M12: : | N12: =E12 -> 156.74 | P12: SQM.
B15: TOTAL SELLING PRICE | D15: : | F15: =Pricelink!H26 -> 9561140 | K15: PARTICULARS | M15: DATE | N15: AMOUNT | P15: REMARKS
B16: Less: Promo Discount on TSP | D16: : | F16: =E16*F15 -> 0
B17: NET SELLING PRICE | D17: : | F17: =F15-F16 -> 9561140 | K17: RESERVATION FEE | M17: =C2 -> 45932.594 | N17: =F26 -> 50000 | W17: =M17 -> 45932.594 | X17: =EDATE(W17,E29) -> 46297
K18: =IF(N18>1,T18,0) -> 1st EQUITY PAYMENT | M18: =IF(N18>1,W18,"") -> 45966 | N18: =IF(E29>0,F29,"") -> 171120.9 | T18: 1st EQUITY PAYMENT | W18: =IF(DAY(W17)=31,Y20,AA20) -> 45966 | Y18: 31st of the month
B19: Add: VAT | D19: : | E19: 0 | F19: =E19*F17 -> 0 | K19: =IF(N19>1,T19,0) -> 2nd EQUITY PAYMENT | M19: =IF(N19>1,W19,"") -> 45996 | N19: =IF(E29>1,F29,0) -> 171120.9 | T19: 2nd EQUITY PAYMENT | W19: =IF(AND(DAY(W18)>=6,DAY(W18)<=20),DATE(YEAR(W18),MONTH(W18)+1,DAY(20)),IF(AND(DAY(W18)>=21,DAY(W18)<=30),DATE(YEAR(W18),MONTH(W18)+1,IF(DAY(EOMONTH(W18,1))<30,DAY(EOMONTH(W18,1)),DAY(30))),DATE(YEAR(W18),MONTH(W18)+1,DAY(5)))) -> 45996 | X19: balance | Y19: =IF(DAY(W17)=31,DATE(YEAR(X17),MONTH(X17)+2,DAY(5))) -> FALSE | AA19: =IF(AND(DAY(X17)>=6,DAY(X17)<=20),DATE(YEAR(X17),MONTH(X17)+1,DAY(20)),IF(AND(DAY(X17)>=21,DAY(X17)<=31),DATE(YEAR(X17),MONTH(X17)+1,IF(DAY(EOMONTH(X17,1))<30,DAY(EOMONTH(X17,1)),DAY(30))),DATE(YEAR(X17),MONTH(X17)+1,DAY(5)))) -> 46331
B20: Add: Legal & Misc. Fees | D20: : | E20: 0.1 | F20: =E20*F15 -> 956114 | K20: =IF(N20>1,T20,0) -> 3rd EQUITY PAYMENT | M20: =IF(N20>1,W20,"") -> 46027 | N20: =IF(E29>2,F29,0) -> 171120.9 | T20: 3rd EQUITY PAYMENT | W20: =IF(AND(DAY(W19)>=6,DAY(W19)<=20),DATE(YEAR(W19),MONTH(W19)+1,DAY(20)),IF(AND(DAY(W19)>=21,DAY(W19)<=30),DATE(YEAR(W19),MONTH(W19)+1,IF(DAY(EOMONTH(W19,1))<30,DAY(EOMONTH(W19,1)),DAY(30))),DATE(YEAR(W19),MONTH(W19)+1,DAY(5)))) -> 46027 | X20: equity | Y20: =IF(DAY(W17)=31,DATE(YEAR(W17),MONTH(W17)+2,DAY(5))) -> FALSE | AA20: =IF(AND(DAY(W17)>=6,DAY(W17)<=20),DATE(YEAR(W17),MONTH(W17)+1,DAY(20)),IF(AND(DAY(W17)>=21,DAY(W17)<=30),DATE(YEAR(W17),MONTH(W17)+1,IF(DAY(EOMONTH(W17,1))<31,DAY(EOMONTH(W17,1)),DAY(30))),DATE(YEAR(W17),MONTH(W17)+1,DAY(5)))) -> 45966
K21: =IF(N21>1,T21,0) -> 4th EQUITY PAYMENT | M21: =IF(N21>1,W21,"") -> 46058 | N21: =IF(E29>3,F29,0) -> 171120.9 | T21: 4th EQUITY PAYMENT | W21: =IF(AND(DAY(W20)>=6,DAY(W20)<=20),DATE(YEAR(W20),MONTH(W20)+1,DAY(20)),IF(AND(DAY(W20)>=21,DAY(W20)<=30),DATE(YEAR(W20),MONTH(W20)+1,IF(DAY(EOMONTH(W20,1))<30,DAY(EOMONTH(W20,1)),DAY(30))),DATE(YEAR(W20),MONTH(W20)+1,DAY(5)))) -> 46058
B22: TOTAL CONTRACT PRICE | D22: : | F22: =F17+F19+F20 -> 10517254 | K22: =IF(N22>1,T22,0) -> 5th EQUITY PAYMENT | M22: =IF(N22>1,W22,"") -> 46086 | N22: =IF(E29>4,F29,0) -> 171120.9 | T22: 5th EQUITY PAYMENT | W22: =IF(AND(DAY(W21)>=6,DAY(W21)<=20),DATE(YEAR(W21),MONTH(W21)+1,DAY(20)),IF(AND(DAY(W21)>=21,DAY(W21)<=30),DATE(YEAR(W21),MONTH(W21)+1,IF(DAY(EOMONTH(W21,1))<30,DAY(EOMONTH(W21,1)),DAY(30))),DATE(YEAR(W21),MONTH(W21)+1,DAY(5)))) -> 46086
K23: =IF(N23>1,T23,0) -> 6th EQUITY PAYMENT | M23: =IF(N23>1,W23,"") -> 46117 | N23: =IF(E29>5,F29,0) -> 171120.9 | T23: 6th EQUITY PAYMENT | W23: =IF(AND(DAY(W22)>=6,DAY(W22)<=20),DATE(YEAR(W22),MONTH(W22)+1,DAY(20)),IF(AND(DAY(W22)>=21,DAY(W22)<=30),DATE(YEAR(W22),MONTH(W22)+1,IF(DAY(EOMONTH(W22,1))<30,DAY(EOMONTH(W22,1)),DAY(30))),DATE(YEAR(W22),MONTH(W22)+1,DAY(5)))) -> 46117
B24: Equity down Payment | D24: : | E24: =IF([3]FORM!I26="",[3]FORM!I24,[3]FORM!I26) -> 0.2 | F24: =F22*E24 -> 2103450.8 | K24: =IF(N24>1,T24,0) -> 7th EQUITY PAYMENT | M24: =IF(N24>1,W24,"") -> 46147 | N24: =IF(E29>6,F29,0) -> 171120.9 | T24: 7th EQUITY PAYMENT | W24: =IF(AND(DAY(W23)>=6,DAY(W23)<=20),DATE(YEAR(W23),MONTH(W23)+1,DAY(20)),IF(AND(DAY(W23)>=21,DAY(W23)<=30),DATE(YEAR(W23),MONTH(W23)+1,IF(DAY(EOMONTH(W23,1))<30,DAY(EOMONTH(W23,1)),DAY(30))),DATE(YEAR(W23),MONTH(W23)+1,DAY(5)))) -> 46147
B25: less: Promo Discount on Equity | D25: =D24 -> : | F25: 0 | K25: =IF(N25>1,T25,0) -> 8th EQUITY PAYMENT | M25: =IF(N25>1,W25,"") -> 46178 | N25: =IF(E29>7,F29,0) -> 171120.9 | T25: 8th EQUITY PAYMENT | W25: =IF(AND(DAY(W24)>=6,DAY(W24)<=20),DATE(YEAR(W24),MONTH(W24)+1,DAY(20)),IF(AND(DAY(W24)>=21,DAY(W24)<=30),DATE(YEAR(W24),MONTH(W24)+1,IF(DAY(EOMONTH(W24,1))<30,DAY(EOMONTH(W24,1)),DAY(30))),DATE(YEAR(W24),MONTH(W24)+1,DAY(5)))) -> 46178
B26: less: Reservation Fee | D26: : | F26: 50000 | K26: =IF(N26>1,T26,0) -> 9th EQUITY PAYMENT | M26: =IF(N26>1,W26,"") -> 46208 | N26: =IF(E29>8,F29,0) -> 171120.9 | T26: 9th EQUITY PAYMENT | W26: =IF(AND(DAY(W25)>=6,DAY(W25)<=20),DATE(YEAR(W25),MONTH(W25)+1,DAY(20)),IF(AND(DAY(W25)>=21,DAY(W25)<=30),DATE(YEAR(W25),MONTH(W25)+1,IF(DAY(EOMONTH(W25,1))<30,DAY(EOMONTH(W25,1)),DAY(30))),DATE(YEAR(W25),MONTH(W25)+1,DAY(5)))) -> 46208
B27: Net Equity Payment | D27: : | F27: =F24-F25-F26 -> 2053450.8 | K27: =IF(N27>1,T27,0) -> 10th EQUITY PAYMENT | M27: =IF(N27>1,W27,"") -> 46239 | N27: =IF(E29>9,F29,0) -> 171120.9 | T27: 10th EQUITY PAYMENT | W27: =IF(AND(DAY(W26)>=6,DAY(W26)<=20),DATE(YEAR(W26),MONTH(W26)+1,DAY(20)),IF(AND(DAY(W26)>=21,DAY(W26)<=30),DATE(YEAR(W26),MONTH(W26)+1,IF(DAY(EOMONTH(W26,1))<30,DAY(EOMONTH(W26,1)),DAY(30))),DATE(YEAR(W26),MONTH(W26)+1,DAY(5)))) -> 46239
K28: =IF(N28>1,T28,0) -> 11th EQUITY PAYMENT | M28: =IF(N28>1,W28,"") -> 46270 | N28: =IF(E29>10,F29,0) -> 171120.9 | T28: 11th EQUITY PAYMENT | W28: =IF(AND(DAY(W27)>=6,DAY(W27)<=20),DATE(YEAR(W27),MONTH(W27)+1,DAY(20)),IF(AND(DAY(W27)>=21,DAY(W27)<=30),DATE(YEAR(W27),MONTH(W27)+1,IF(DAY(EOMONTH(W27,1))<30,DAY(EOMONTH(W27,1)),DAY(30))),DATE(YEAR(W27),MONTH(W27)+1,DAY(5)))) -> 46270
B29: Monthly Equity | D29: : | E29: =Pricelink!N26 -> 12 | F29: =F27/E29 -> 171120.9 | K29: =IF(N29>1,T29,0) -> 12th EQUITY PAYMENT | M29: =IF(N29>1,W29,"") -> 46300 | N29: =IF(E29>11,F29,0) -> 171120.9 | T29: 12th EQUITY PAYMENT | W29: =IF(AND(DAY(W28)>=6,DAY(W28)<=20),DATE(YEAR(W28),MONTH(W28)+1,DAY(20)),IF(AND(DAY(W28)>=21,DAY(W28)<=30),DATE(YEAR(W28),MONTH(W28)+1,IF(DAY(EOMONTH(W28,1))<30,DAY(EOMONTH(W28,1)),DAY(30))),DATE(YEAR(W28),MONTH(W28)+1,DAY(5)))) -> 46300
K30: =IF(N30>1,T30,0) -> 0 | M30: =IF(N30>1,W30,"") | N30: =IF(E29>12,F29,0) -> 0 | T30: 13th EQUITY PAYMENT | W30: =IF(AND(DAY(W29)>=6,DAY(W29)<=20),DATE(YEAR(W29),MONTH(W29)+1,DAY(20)),IF(AND(DAY(W29)>=21,DAY(W29)<=30),DATE(YEAR(W29),MONTH(W29)+1,IF(DAY(EOMONTH(W29,1))<30,DAY(EOMONTH(W29,1)),DAY(30))),DATE(YEAR(W29),MONTH(W29)+1,DAY(5)))) -> 46331
B31: FULL BALANCE (TCP) | D31: : | E31: =100%-E24 -> 0.8 | F31: =F22*E31 -> 8413803.2 | K31: =IF(N31>1,T31,0) -> 0 | M31: =IF(N31>1,W31,"") | N31: =IF(E29>13,F29,0) -> 0 | T31: 14th EQUITY PAYMENT | W31: =IF(AND(DAY(W30)>=6,DAY(W30)<=20),DATE(YEAR(W30),MONTH(W30)+1,DAY(20)),IF(AND(DAY(W30)>=21,DAY(W30)<=30),DATE(YEAR(W30),MONTH(W30)+1,IF(DAY(EOMONTH(W30,1))<30,DAY(EOMONTH(W30,1)),DAY(30))),DATE(YEAR(W30),MONTH(W30)+1,DAY(5)))) -> 46361
K32: =IF(N32>1,T32,0) -> 0 | M32: =IF(N32>1,W32,"") | N32: =IF(E29>14,F29,0) -> 0 | T32: 15th EQUITY PAYMENT | W32: =IF(AND(DAY(W31)>=6,DAY(W31)<=20),DATE(YEAR(W31),MONTH(W31)+1,DAY(20)),IF(AND(DAY(W31)>=21,DAY(W31)<=30),DATE(YEAR(W31),MONTH(W31)+1,IF(DAY(EOMONTH(W31,1))<30,DAY(EOMONTH(W31,1)),DAY(30))),DATE(YEAR(W31),MONTH(W31)+1,DAY(5)))) -> 46392
B33: Estimated Monthly Amortization | K33: =IF(N33>1,T33,0) -> 0 | M33: =IF(N33>1,W33,"") | N33: =IF(E29>15,F29,0) -> 0 | T33: 16th EQUITY PAYMENT | W33: =IF(AND(DAY(W32)>=6,DAY(W32)<=20),DATE(YEAR(W32),MONTH(W32)+1,DAY(20)),IF(AND(DAY(W32)>=21,DAY(W32)<=30),DATE(YEAR(W32),MONTH(W32)+1,IF(DAY(EOMONTH(W32,1))<30,DAY(EOMONTH(W32,1)),DAY(30))),DATE(YEAR(W32),MONTH(W32)+1,DAY(5)))) -> 46423
K34: =IF(N34>1,T34,0) -> 0 | M34: =IF(N34>1,W34,"") | N34: =IF(E29>16,F29,0) -> 0 | T34: 17th EQUITY PAYMENT | W34: =IF(AND(DAY(W33)>=6,DAY(W33)<=20),DATE(YEAR(W33),MONTH(W33)+1,DAY(20)),IF(AND(DAY(W33)>=21,DAY(W33)<=30),DATE(YEAR(W33),MONTH(W33)+1,IF(DAY(EOMONTH(W33,1))<30,DAY(EOMONTH(W33,1)),DAY(30))),DATE(YEAR(W33),MONTH(W33)+1,DAY(5)))) -> 46451
B35: Term | C35: Interest Rate | D35: Factor Rate | E35: Amount | F35: Income Requirement | K35: =IF(N35>1,T35,0) -> 0 | M35: =IF(N35>1,W35,"") | N35: =IF(E29>17,F29,0) -> 0 | T35: 18th EQUITY PAYMENT | W35: =IF(AND(DAY(W34)>=6,DAY(W34)<=20),DATE(YEAR(W34),MONTH(W34)+1,DAY(20)),IF(AND(DAY(W34)>=21,DAY(W34)<=30),DATE(YEAR(W34),MONTH(W34)+1,IF(DAY(EOMONTH(W34,1))<30,DAY(EOMONTH(W34,1)),DAY(30))),DATE(YEAR(W34),MONTH(W34)+1,DAY(5)))) -> 46482
B36: 5 | C36: 0.08 | D36: =PMT(C36/12,B36*12,-1) -> 0.020276394 | E36: =F31*D36 -> 170601.59 | F36: =E36/0.3 -> 568671.97 | K36: =IF(N36>1,T36,0) -> 0 | M36: =IF(N36>1,W36,"") | N36: =IF(E29>18,F29,0) -> 0 | T36: 19th EQUITY PAYMENT | W36: =IF(AND(DAY(W35)>=6,DAY(W35)<=20),DATE(YEAR(W35),MONTH(W35)+1,DAY(20)),IF(AND(DAY(W35)>=21,DAY(W35)<=30),DATE(YEAR(W35),MONTH(W35)+1,IF(DAY(EOMONTH(W35,1))<30,DAY(EOMONTH(W35,1)),DAY(30))),DATE(YEAR(W35),MONTH(W35)+1,DAY(5)))) -> 46512
B37: 10 | C37: 0.08 | D37: =PMT(C37/12,B37*12,-1) -> 0.012132759 | E37: =F31*D37 -> 102082.65 | F37: =E37/0.3 -> 340275.5 | K37: =IF(N37>1,T37,0) -> 0 | M37: =IF(N37>1,W37,"") | N37: =IF(E29>19,F29,0) -> 0 | T37: 20th EQUITY PAYMENT | W37: =IF(AND(DAY(W36)>=6,DAY(W36)<=20),DATE(YEAR(W36),MONTH(W36)+1,DAY(20)),IF(AND(DAY(W36)>=21,DAY(W36)<=30),DATE(YEAR(W36),MONTH(W36)+1,IF(DAY(EOMONTH(W36,1))<30,DAY(EOMONTH(W36,1)),DAY(30))),DATE(YEAR(W36),MONTH(W36)+1,DAY(5)))) -> 46543
B38: 15 | C38: 0.08 | D38: =PMT(C38/12,B38*12,-1) -> 0.0095565208 | E38: =F31*D38 -> 80406.686 | F38: =E38/0.3 -> 268022.29 | K38: =IF(N38>1,T38,0) -> 0 | M38: =IF(N38>1,W38,"") | N38: =IF(E29>20,F29,0) -> 0 | T38: 21st EQUITY PAYMENT | W38: =IF(AND(DAY(W37)>=6,DAY(W37)<=20),DATE(YEAR(W37),MONTH(W37)+1,DAY(20)),IF(AND(DAY(W37)>=21,DAY(W37)<=30),DATE(YEAR(W37),MONTH(W37)+1,IF(DAY(EOMONTH(W37,1))<30,DAY(EOMONTH(W37,1)),DAY(30))),DATE(YEAR(W37),MONTH(W37)+1,DAY(5)))) -> 46573
B39: Fixed for five (5) years | K39: =IF(N39>1,T39,0) -> 0 | M39: =IF(N39>1,W39,"") | N39: =IF(E29>21,F29,0) -> 0 | T39: 22nd EQUITY PAYMENT | W39: =IF(AND(DAY(W38)>=6,DAY(W38)<=20),DATE(YEAR(W38),MONTH(W38)+1,DAY(20)),IF(AND(DAY(W38)>=21,DAY(W38)<=30),DATE(YEAR(W38),MONTH(W38)+1,IF(DAY(EOMONTH(W38,1))<30,DAY(EOMONTH(W38,1)),DAY(30))),DATE(YEAR(W38),MONTH(W38)+1,DAY(5)))) -> 46604
B40: Sample Computation for Interest rate is at 8% fixed for five (5) years only | K40: =IF(N40>1,T40,0) -> 0 | M40: =IF(N40>1,W40,"") | N40: =IF(E29>22,F29,0) -> 0 | T40: 23rd EQUITY PAYMENT | W40: =IF(AND(DAY(W39)>=6,DAY(W39)<=20),DATE(YEAR(W39),MONTH(W39)+1,DAY(20)),IF(AND(DAY(W39)>=21,DAY(W39)<=30),DATE(YEAR(W39),MONTH(W39)+1,IF(DAY(EOMONTH(W39,1))<30,DAY(EOMONTH(W39,1)),DAY(30))),DATE(YEAR(W39),MONTH(W39)+1,DAY(5)))) -> 46635 | AN40: 3128866
B41: A. Prices are subject to change without prior notice. | K41: =IF(N41>1,T41,0) -> 0 | M41: =IF(N41>1,W41,"") | N41: =IF(E29>24,F29,0) -> 0 | T41: 24th EQUITY PAYMENT | W41: =IF(AND(DAY(W40)>=6,DAY(W40)<=20),DATE(YEAR(W40),MONTH(W40)+1,DAY(20)),IF(AND(DAY(W40)>=21,DAY(W40)<=30),DATE(YEAR(W40),MONTH(W40)+1,IF(DAY(EOMONTH(W40,1))<30,DAY(EOMONTH(W40,1)),DAY(30))),DATE(YEAR(W40),MONTH(W40)+1,DAY(5)))) -> 46665
B42: B. Bank Fees rates may vary per bank. | K42: =IF(N42>1,T42,0) -> 0 | M42: =IF(N42>1,W42,"") | N42: =IF(E29>24,F29,0) -> 0 | T42: 25th EQUITY PAYMENT | W42: =IF(AND(DAY(W41)>=6,DAY(W41)<=20),DATE(YEAR(W41),MONTH(W41)+1,DAY(20)),IF(AND(DAY(W41)>=21,DAY(W41)<=30),DATE(YEAR(W41),MONTH(W41)+1,IF(DAY(EOMONTH(W41,1))<30,DAY(EOMONTH(W41,1)),DAY(30))),DATE(YEAR(W41),MONTH(W41)+1,DAY(5)))) -> 46696
K43: =IF(N43>1,T43,0) -> 0 | M43: =IF(N43>1,W43,"") | N43: =IF(E29>25,F29,0) -> 0 | T43: 26th EQUITY PAYMENT | W43: =IF(AND(DAY(W42)>=6,DAY(W42)<=20),DATE(YEAR(W42),MONTH(W42)+1,DAY(20)),IF(AND(DAY(W42)>=21,DAY(W42)<=30),DATE(YEAR(W42),MONTH(W42)+1,IF(DAY(EOMONTH(W42,1))<30,DAY(EOMONTH(W42,1)),DAY(30))),DATE(YEAR(W42),MONTH(W42)+1,DAY(5)))) -> 46726
B44: APPLICABLE PROMO/DISCOUNTS | K44: =IF(N44>1,T44,0) -> 0 | M44: =IF(N44>1,W44,"") | N44: =IF(E29>26,F29,0) -> 0 | T44: 27th EQUITY PAYMENT | W44: =IF(AND(DAY(W43)>=6,DAY(W43)<=20),DATE(YEAR(W43),MONTH(W43)+1,DAY(20)),IF(AND(DAY(W43)>=21,DAY(W43)<=30),DATE(YEAR(W43),MONTH(W43)+1,IF(DAY(EOMONTH(W43,1))<30,DAY(EOMONTH(W43,1)),DAY(30))),DATE(YEAR(W43),MONTH(W43)+1,DAY(5)))) -> 46757
K45: =IF(N45>1,T45,0) -> 0 | M45: =IF(N45>1,W45,"") | N45: =IF($E$29>27,$F$29,0) -> 0 | T45: 28th EQUITY PAYMENT | W45: =IF(AND(DAY(W44)>=6,DAY(W44)<=20),DATE(YEAR(W44),MONTH(W44)+1,DAY(20)),IF(AND(DAY(W44)>=21,DAY(W44)<=30),DATE(YEAR(W44),MONTH(W44)+1,IF(DAY(EOMONTH(W44,1))<30,DAY(EOMONTH(W44,1)),DAY(30))),DATE(YEAR(W44),MONTH(W44)+1,DAY(5)))) -> 46788
K46: =IF(N46>1,T46,0) -> 0 | M46: =IF(N46>1,W46,"") | N46: =IF($E$29>28,$F$29,0) -> 0 | T46: 29th EQUITY PAYMENT | W46: =IF(AND(DAY(W45)>=6,DAY(W45)<=20),DATE(YEAR(W45),MONTH(W45)+1,DAY(20)),IF(AND(DAY(W45)>=21,DAY(W45)<=30),DATE(YEAR(W45),MONTH(W45)+1,IF(DAY(EOMONTH(W45,1))<30,DAY(EOMONTH(W45,1)),DAY(30))),DATE(YEAR(W45),MONTH(W45)+1,DAY(5)))) -> 46817
K47: =IF(N47>1,T47,0) -> 0 | M47: =IF(N47>1,W47,"") | N47: =IF($E$29>29,$F$29,0) -> 0 | T47: 30th EQUITY PAYMENT | W47: =IF(AND(DAY(W46)>=6,DAY(W46)<=20),DATE(YEAR(W46),MONTH(W46)+1,DAY(20)),IF(AND(DAY(W46)>=21,DAY(W46)<=30),DATE(YEAR(W46),MONTH(W46)+1,IF(DAY(EOMONTH(W46,1))<30,DAY(EOMONTH(W46,1)),DAY(30))),DATE(YEAR(W46),MONTH(W46)+1,DAY(5)))) -> 46848
K48: =IF(N48>1,T48,0) -> 0 | M48: =IF(N48>1,W48,"") | N48: =IF($E$29>30,$F$29,0) -> 0 | T48: 31st EQUITY PAYMENT | W48: =IF(AND(DAY(W47)>=6,DAY(W47)<=20),DATE(YEAR(W47),MONTH(W47)+1,DAY(20)),IF(AND(DAY(W47)>=21,DAY(W47)<=30),DATE(YEAR(W47),MONTH(W47)+1,IF(DAY(EOMONTH(W47,1))<30,DAY(EOMONTH(W47,1)),DAY(30))),DATE(YEAR(W47),MONTH(W47)+1,DAY(5)))) -> 46878
K49: =IF(N49>1,T49,0) -> 0 | M49: =IF(N49>1,W49,"") | N49: =IF($E$29>31,$F$29,0) -> 0 | T49: 32nd EQUITY PAYMENT | W49: =IF(AND(DAY(W48)>=6,DAY(W48)<=20),DATE(YEAR(W48),MONTH(W48)+1,DAY(20)),IF(AND(DAY(W48)>=21,DAY(W48)<=30),DATE(YEAR(W48),MONTH(W48)+1,IF(DAY(EOMONTH(W48,1))<30,DAY(EOMONTH(W48,1)),DAY(30))),DATE(YEAR(W48),MONTH(W48)+1,DAY(5)))) -> 46909
K50: =IF(N50>1,T50,0) -> 0 | M50: =IF(N50>1,W50,"") | N50: =IF($E$29>32,$F$29,0) -> 0 | T50: 33rd EQUITY PAYMENT | W50: =IF(AND(DAY(W49)>=6,DAY(W49)<=20),DATE(YEAR(W49),MONTH(W49)+1,DAY(20)),IF(AND(DAY(W49)>=21,DAY(W49)<=30),DATE(YEAR(W49),MONTH(W49)+1,IF(DAY(EOMONTH(W49,1))<30,DAY(EOMONTH(W49,1)),DAY(30))),DATE(YEAR(W49),MONTH(W49)+1,DAY(5)))) -> 46939
K51: =IF(N51>1,T51,0) -> 0 | M51: =IF(N51>1,W51,"") | N51: =IF($E$29>33,$F$29,0) -> 0 | T51: 34th EQUITY PAYMENT | W51: =IF(AND(DAY(W50)>=6,DAY(W50)<=20),DATE(YEAR(W50),MONTH(W50)+1,DAY(20)),IF(AND(DAY(W50)>=21,DAY(W50)<=30),DATE(YEAR(W50),MONTH(W50)+1,IF(DAY(EOMONTH(W50,1))<30,DAY(EOMONTH(W50,1)),DAY(30))),DATE(YEAR(W50),MONTH(W50)+1,DAY(5)))) -> 46970
K52: =IF(N52>1,T52,0) -> 0 | M52: =IF(N52>1,W52,"") | N52: =IF($E$29>34,$F$29,0) -> 0 | T52: 35th EQUITY PAYMENT | W52: =IF(AND(DAY(W51)>=6,DAY(W51)<=20),DATE(YEAR(W51),MONTH(W51)+1,DAY(20)),IF(AND(DAY(W51)>=21,DAY(W51)<=30),DATE(YEAR(W51),MONTH(W51)+1,IF(DAY(EOMONTH(W51,1))<30,DAY(EOMONTH(W51,1)),DAY(30))),DATE(YEAR(W51),MONTH(W51)+1,DAY(5)))) -> 47001
K53: =IF(N53>1,T53,0) -> 0 | M53: =IF(N53>1,W53,"") | N53: =IF($E$29>35,$F$29,0) -> 0 | T53: 36th EQUITY PAYMENT | W53: =IF(AND(DAY(W52)>=6,DAY(W52)<=20),DATE(YEAR(W52),MONTH(W52)+1,DAY(20)),IF(AND(DAY(W52)>=21,DAY(W52)<=30),DATE(YEAR(W52),MONTH(W52)+1,IF(DAY(EOMONTH(W52,1))<30,DAY(EOMONTH(W52,1)),DAY(30))),DATE(YEAR(W52),MONTH(W52)+1,DAY(5)))) -> 47031
K54: =IF(N54>1,T54,0) -> 0 | M54: =IF(N54>1,W54,"") | N54: =IF($E$29>36,$F$29,0) -> 0 | T54: 37th EQUITY PAYMENT | W54: =IF(AND(DAY(W53)>=6,DAY(W53)<=20),DATE(YEAR(W53),MONTH(W53)+1,DAY(20)),IF(AND(DAY(W53)>=21,DAY(W53)<=30),DATE(YEAR(W53),MONTH(W53)+1,IF(DAY(EOMONTH(W53,1))<30,DAY(EOMONTH(W53,1)),DAY(30))),DATE(YEAR(W53),MONTH(W53)+1,DAY(5)))) -> 47062
K55: =IF(N55>1,T55,0) -> 0 | M55: =IF(N55>1,W55,"") | N55: =IF($E$29>37,$F$29,0) -> 0 | T55: 38th EQUITY PAYMENT | W55: =IF(AND(DAY(W54)>=6,DAY(W54)<=20),DATE(YEAR(W54),MONTH(W54)+1,DAY(20)),IF(AND(DAY(W54)>=21,DAY(W54)<=30),DATE(YEAR(W54),MONTH(W54)+1,IF(DAY(EOMONTH(W54,1))<30,DAY(EOMONTH(W54,1)),DAY(30))),DATE(YEAR(W54),MONTH(W54)+1,DAY(5)))) -> 47092
K56: =IF(N56>1,T56,0) -> 0 | M56: =IF(N56>1,W56,"") | N56: =IF($E$29>38,$F$29,0) -> 0 | T56: 39th EQUITY PAYMENT | W56: =IF(AND(DAY(W55)>=6,DAY(W55)<=20),DATE(YEAR(W55),MONTH(W55)+1,DAY(20)),IF(AND(DAY(W55)>=21,DAY(W55)<=30),DATE(YEAR(W55),MONTH(W55)+1,IF(DAY(EOMONTH(W55,1))<30,DAY(EOMONTH(W55,1)),DAY(30))),DATE(YEAR(W55),MONTH(W55)+1,DAY(5)))) -> 47123
K57: =IF(N57>1,T57,0) -> 0 | M57: =IF(N57>1,W57,"") | N57: =IF($E$29>39,$F$29,0) -> 0 | T57: 40th EQUITY PAYMENT | W57: =IF(AND(DAY(W56)>=6,DAY(W56)<=20),DATE(YEAR(W56),MONTH(W56)+1,DAY(20)),IF(AND(DAY(W56)>=21,DAY(W56)<=30),DATE(YEAR(W56),MONTH(W56)+1,IF(DAY(EOMONTH(W56,1))<30,DAY(EOMONTH(W56,1)),DAY(30))),DATE(YEAR(W56),MONTH(W56)+1,DAY(5)))) -> 47154
K58: =IF(N58>1,T58,0) -> 0 | M58: =IF(N58>1,W58,"") | N58: =IF($E$29>40,$F$29,0) -> 0 | T58: 41st EQUITY PAYMENT | W58: =IF(AND(DAY(W57)>=6,DAY(W57)<=20),DATE(YEAR(W57),MONTH(W57)+1,DAY(20)),IF(AND(DAY(W57)>=21,DAY(W57)<=30),DATE(YEAR(W57),MONTH(W57)+1,IF(DAY(EOMONTH(W57,1))<30,DAY(EOMONTH(W57,1)),DAY(30))),DATE(YEAR(W57),MONTH(W57)+1,DAY(5)))) -> 47182
K59: =IF(N59>1,T59,0) -> 0 | M59: =IF(N59>1,W59,"") | N59: =IF($E$29>41,$F$29,0) -> 0 | T59: 42nd EQUITY PAYMENT | W59: =IF(AND(DAY(W58)>=6,DAY(W58)<=20),DATE(YEAR(W58),MONTH(W58)+1,DAY(20)),IF(AND(DAY(W58)>=21,DAY(W58)<=30),DATE(YEAR(W58),MONTH(W58)+1,IF(DAY(EOMONTH(W58,1))<30,DAY(EOMONTH(W58,1)),DAY(30))),DATE(YEAR(W58),MONTH(W58)+1,DAY(5)))) -> 47213
K60: =IF(N60>1,T60,0) -> 0 | M60: =IF(N60>1,W60,"") | N60: =IF($E$29>42,$F$29,0) -> 0 | T60: 43rd EQUITY PAYMENT | W60: =IF(AND(DAY(W59)>=6,DAY(W59)<=20),DATE(YEAR(W59),MONTH(W59)+1,DAY(20)),IF(AND(DAY(W59)>=21,DAY(W59)<=30),DATE(YEAR(W59),MONTH(W59)+1,IF(DAY(EOMONTH(W59,1))<30,DAY(EOMONTH(W59,1)),DAY(30))),DATE(YEAR(W59),MONTH(W59)+1,DAY(5)))) -> 47243
K61: =IF(N61>1,T61,0) -> 0 | M61: =IF(N61>1,W61,"") | N61: =IF($E$29>43,$F$29,0) -> 0 | T61: 44th EQUITY PAYMENT | W61: =IF(AND(DAY(W60)>=6,DAY(W60)<=20),DATE(YEAR(W60),MONTH(W60)+1,DAY(20)),IF(AND(DAY(W60)>=21,DAY(W60)<=30),DATE(YEAR(W60),MONTH(W60)+1,IF(DAY(EOMONTH(W60,1))<30,DAY(EOMONTH(W60,1)),DAY(30))),DATE(YEAR(W60),MONTH(W60)+1,DAY(5)))) -> 47274
K62: =IF(N62>1,T62,0) -> 0 | M62: =IF(N62>1,W62,"") | N62: =IF($E$29>44,$F$29,0) -> 0 | T62: 45th EQUITY PAYMENT | W62: =IF(AND(DAY(W61)>=6,DAY(W61)<=20),DATE(YEAR(W61),MONTH(W61)+1,DAY(20)),IF(AND(DAY(W61)>=21,DAY(W61)<=30),DATE(YEAR(W61),MONTH(W61)+1,IF(DAY(EOMONTH(W61,1))<30,DAY(EOMONTH(W61,1)),DAY(30))),DATE(YEAR(W61),MONTH(W61)+1,DAY(5)))) -> 47304
K63: =IF(N63>1,T63,0) -> 0 | M63: =IF(N63>1,W63,"") | N63: =IF($E$29>45,$F$29,0) -> 0 | T63: 46th EQUITY PAYMENT
K64: BALANCE | M64: =IF(DAY(W17)=31,Y19,AA19) -> 46331 | N64: =F31 -> 8413803.2
B67: Prepared by: | F67: Conformed: | K67: Prepared by: | O67: Conformed:
F70: =[3]FORM!I28 -> 0 | K70: =B70 -> 0
B71: Date | F71: Date: | K71: Date | O71: Date:
A239: =(F15-#REF!)*12% -> #REF!
AS385: 20000 | AU385: 24
AS386: 15000
AD770: 1

Sheet SPC Unit C
C1: =(F15-(F16+F25))*12% -> 1079336.3 | D1: =[3]FORM!A14 -> 107 | J1: 0.01
B2: DATE : | C2: =NOW() -> 45932.594 | F2: PAGE | G2: 1 of 2 | K2: DATE : | L2: =C2 -> 45932.594 | P2: PAGE | Q2: 2 of 2
B4: STANDARD PACKAGE COMPUTATION | K4: PAYMENT SCHEDULE
B6: CLIENT'S NAME | D6: : | K6: CLIENT'S NAME | M6: : | N6: =E6 -> 0
B7: PROJECT NAME | D7: : | E7: =Pricelink!E18 -> Terraces Commonwealth Townhouse | K7: PROJECT NAME | M7: : | N7: =E7 -> Terraces Commonwealth Townhouse
B8: UNIT ID | D8: : | E8: =Pricelink!C28 -> Unit C | K8: UNIT NUMBER | M8: : | N8: =E8 -> Unit C
B10: UNIT TYPE | D10: : | E10: =Pricelink!E28 -> Middle | K10: UNIT TYPE | M10: : | N10: =E10 -> Middle
B11: LOT AREA | D11: : | E11: =Pricelink!F28 -> 52 | G11: SQM. | K11: LIVEABLE AREA | M11: : | N11: =E11 -> 52 | P11: SQM.
B12: TOTAL AREA | D12: : | E12: =Pricelink!G28 -> 145.36 | G12: SQM. | K12: BALCONY AREA | M12: : | N12: =E12 -> 145.36 | P12: SQM.
B15: TOTAL SELLING PRICE | D15: : | F15: =SUM(Pricelink!H28) -> 8994468.8 | K15: PARTICULARS | M15: DATE | N15: AMOUNT | P15: REMARKS
B16: Less: Promo Discount on TSP | D16: :
B17: NET SELLING PRICE | D17: : | F17: =F15-F16 -> 8994468.8 | K17: RESERVATION FEE | M17: =C2 -> 45932.594 | N17: =F26 -> 50000 | W17: =M17 -> 45932.594 | X17: =EDATE(W17,E29) -> 46297
K18: =IF(N18>1,T18,0) -> 1st EQUITY PAYMENT | M18: =IF(N18>1,W18,"") -> 45966 | N18: =IF(E29>0,F29,"") -> 160731.93 | T18: 1st EQUITY PAYMENT | W18: =IF(DAY(W17)=31,Y20,AA20) -> 45966 | Y18: 31st of the month
B19: Add: VAT | D19: : | E19: 0 | F19: =E19*F17 -> 0 | K19: =IF(N19>1,T19,0) -> 2nd EQUITY PAYMENT | M19: =IF(N19>1,W19,"") -> 45996 | N19: =IF(E29>1,F29,0) -> 160731.93 | T19: 2nd EQUITY PAYMENT | W19: =IF(AND(DAY(W18)>=6,DAY(W18)<=20),DATE(YEAR(W18),MONTH(W18)+1,DAY(20)),IF(AND(DAY(W18)>=21,DAY(W18)<=30),DATE(YEAR(W18),MONTH(W18)+1,IF(DAY(EOMONTH(W18,1))<30,DAY(EOMONTH(W18,1)),DAY(30))),DATE(YEAR(W18),MONTH(W18)+1,DAY(5)))) -> 45996 | X19: balance | Y19: =IF(DAY(W17)=31,DATE(YEAR(X17),MONTH(X17)+2,DAY(5))) -> FALSE | AA19: =IF(AND(DAY(X17)>=6,DAY(X17)<=20),DATE(YEAR(X17),MONTH(X17)+1,DAY(20)),IF(AND(DAY(X17)>=21,DAY(X17)<=31),DATE(YEAR(X17),MONTH(X17)+1,IF(DAY(EOMONTH(X17,1))<30,DAY(EOMONTH(X17,1)),DAY(30))),DATE(YEAR(X17),MONTH(X17)+1,DAY(5)))) -> 46331
B20: Add: Legal & Misc. Fees | D20: : | E20: 0.1 | F20: =E20*F15 -> 899446.88 | K20: =IF(N20>1,T20,0) -> 3rd EQUITY PAYMENT | M20: =IF(N20>1,W20,"") -> 46027 | N20: =IF(E29>2,F29,0) -> 160731.93 | T20: 3rd EQUITY PAYMENT | W20: =IF(AND(DAY(W19)>=6,DAY(W19)<=20),DATE(YEAR(W19),MONTH(W19)+1,DAY(20)),IF(AND(DAY(W19)>=21,DAY(W19)<=30),DATE(YEAR(W19),MONTH(W19)+1,IF(DAY(EOMONTH(W19,1))<30,DAY(EOMONTH(W19,1)),DAY(30))),DATE(YEAR(W19),MONTH(W19)+1,DAY(5)))) -> 46027 | X20: equity | Y20: =IF(DAY(W17)=31,DATE(YEAR(W17),MONTH(W17)+2,DAY(5))) -> FALSE | AA20: =IF(AND(DAY(W17)>=6,DAY(W17)<=20),DATE(YEAR(W17),MONTH(W17)+1,DAY(20)),IF(AND(DAY(W17)>=21,DAY(W17)<=30),DATE(YEAR(W17),MONTH(W17)+1,IF(DAY(EOMONTH(W17,1))<31,DAY(EOMONTH(W17,1)),DAY(30))),DATE(YEAR(W17),MONTH(W17)+1,DAY(5)))) -> 45966
K21: =IF(N21>1,T21,0) -> 4th EQUITY PAYMENT | M21: =IF(N21>1,W21,"") -> 46058 | N21: =IF(E29>3,F29,0) -> 160731.93 | T21: 4th EQUITY PAYMENT | W21: =IF(AND(DAY(W20)>=6,DAY(W20)<=20),DATE(YEAR(W20),MONTH(W20)+1,DAY(20)),IF(AND(DAY(W20)>=21,DAY(W20)<=30),DATE(YEAR(W20),MONTH(W20)+1,IF(DAY(EOMONTH(W20,1))<30,DAY(EOMONTH(W20,1)),DAY(30))),DATE(YEAR(W20),MONTH(W20)+1,DAY(5)))) -> 46058
B22: TOTAL CONTRACT PRICE | D22: : | F22: =F17+F19+F20 -> 9893915.7 | K22: =IF(N22>1,T22,0) -> 5th EQUITY PAYMENT | M22: =IF(N22>1,W22,"") -> 46086 | N22: =IF(E29>4,F29,0) -> 160731.93 | T22: 5th EQUITY PAYMENT | W22: =IF(AND(DAY(W21)>=6,DAY(W21)<=20),DATE(YEAR(W21),MONTH(W21)+1,DAY(20)),IF(AND(DAY(W21)>=21,DAY(W21)<=30),DATE(YEAR(W21),MONTH(W21)+1,IF(DAY(EOMONTH(W21,1))<30,DAY(EOMONTH(W21,1)),DAY(30))),DATE(YEAR(W21),MONTH(W21)+1,DAY(5)))) -> 46086
K23: =IF(N23>1,T23,0) -> 6th EQUITY PAYMENT | M23: =IF(N23>1,W23,"") -> 46117 | N23: =IF(E29>5,F29,0) -> 160731.93 | T23: 6th EQUITY PAYMENT | W23: =IF(AND(DAY(W22)>=6,DAY(W22)<=20),DATE(YEAR(W22),MONTH(W22)+1,DAY(20)),IF(AND(DAY(W22)>=21,DAY(W22)<=30),DATE(YEAR(W22),MONTH(W22)+1,IF(DAY(EOMONTH(W22,1))<30,DAY(EOMONTH(W22,1)),DAY(30))),DATE(YEAR(W22),MONTH(W22)+1,DAY(5)))) -> 46117
B24: Equity down Payment | D24: : | E24: =IF([3]FORM!I26="",[3]FORM!I24,[3]FORM!I26) -> 0.2 | F24: =F22*E24 -> 1978783.1 | K24: =IF(N24>1,T24,0) -> 7th EQUITY PAYMENT | M24: =IF(N24>1,W24,"") -> 46147 | N24: =IF(E29>6,F29,0) -> 160731.93 | T24: 7th EQUITY PAYMENT | W24: =IF(AND(DAY(W23)>=6,DAY(W23)<=20),DATE(YEAR(W23),MONTH(W23)+1,DAY(20)),IF(AND(DAY(W23)>=21,DAY(W23)<=30),DATE(YEAR(W23),MONTH(W23)+1,IF(DAY(EOMONTH(W23,1))<30,DAY(EOMONTH(W23,1)),DAY(30))),DATE(YEAR(W23),MONTH(W23)+1,DAY(5)))) -> 46147
B25: less: Promo Discount on Equity | D25: =D24 -> : | F25: 0 | K25: =IF(N25>1,T25,0) -> 8th EQUITY PAYMENT | M25: =IF(N25>1,W25,"") -> 46178 | N25: =IF(E29>7,F29,0) -> 160731.93 | T25: 8th EQUITY PAYMENT | W25: =IF(AND(DAY(W24)>=6,DAY(W24)<=20),DATE(YEAR(W24),MONTH(W24)+1,DAY(20)),IF(AND(DAY(W24)>=21,DAY(W24)<=30),DATE(YEAR(W24),MONTH(W24)+1,IF(DAY(EOMONTH(W24,1))<30,DAY(EOMONTH(W24,1)),DAY(30))),DATE(YEAR(W24),MONTH(W24)+1,DAY(5)))) -> 46178
B26: less: Reservation Fee | D26: : | F26: 50000 | K26: =IF(N26>1,T26,0) -> 9th EQUITY PAYMENT | M26: =IF(N26>1,W26,"") -> 46208 | N26: =IF(E29>8,F29,0) -> 160731.93 | T26: 9th EQUITY PAYMENT | W26: =IF(AND(DAY(W25)>=6,DAY(W25)<=20),DATE(YEAR(W25),MONTH(W25)+1,DAY(20)),IF(AND(DAY(W25)>=21,DAY(W25)<=30),DATE(YEAR(W25),MONTH(W25)+1,IF(DAY(EOMONTH(W25,1))<30,DAY(EOMONTH(W25,1)),DAY(30))),DATE(YEAR(W25),MONTH(W25)+1,DAY(5)))) -> 46208
B27: Net Equity Payment | D27: : | F27: =F24-F25-F26 -> 1928783.1 | K27: =IF(N27>1,T27,0) -> 10th EQUITY PAYMENT | M27: =IF(N27>1,W27,"") -> 46239 | N27: =IF(E29>9,F29,0) -> 160731.93 | T27: 10th EQUITY PAYMENT | W27: =IF(AND(DAY(W26)>=6,DAY(W26)<=20),DATE(YEAR(W26),MONTH(W26)+1,DAY(20)),IF(AND(DAY(W26)>=21,DAY(W26)<=30),DATE(YEAR(W26),MONTH(W26)+1,IF(DAY(EOMONTH(W26,1))<30,DAY(EOMONTH(W26,1)),DAY(30))),DATE(YEAR(W26),MONTH(W26)+1,DAY(5)))) -> 46239
K28: =IF(N28>1,T28,0) -> 11th EQUITY PAYMENT | M28: =IF(N28>1,W28,"") -> 46270 | N28: =IF(E29>10,F29,0) -> 160731.93 | T28: 11th EQUITY PAYMENT | W28: =IF(AND(DAY(W27)>=6,DAY(W27)<=20),DATE(YEAR(W27),MONTH(W27)+1,DAY(20)),IF(AND(DAY(W27)>=21,DAY(W27)<=30),DATE(YEAR(W27),MONTH(W27)+1,IF(DAY(EOMONTH(W27,1))<30,DAY(EOMONTH(W27,1)),DAY(30))),DATE(YEAR(W27),MONTH(W27)+1,DAY(5)))) -> 46270
B29: Monthly Equity | D29: : | E29: =Pricelink!N28 -> 12 | F29: =F27/E29 -> 160731.93 | K29: =IF(N29>1,T29,0) -> 12th EQUITY PAYMENT | M29: =IF(N29>1,W29,"") -> 46300 | N29: =IF(E29>11,F29,0) -> 160731.93 | T29: 12th EQUITY PAYMENT | W29: =IF(AND(DAY(W28)>=6,DAY(W28)<=20),DATE(YEAR(W28),MONTH(W28)+1,DAY(20)),IF(AND(DAY(W28)>=21,DAY(W28)<=30),DATE(YEAR(W28),MONTH(W28)+1,IF(DAY(EOMONTH(W28,1))<30,DAY(EOMONTH(W28,1)),DAY(30))),DATE(YEAR(W28),MONTH(W28)+1,DAY(5)))) -> 46300
K30: =IF(N30>1,T30,0) -> 0 | M30: =IF(N30>1,W30,"") | N30: =IF(E30>11,F30,0) -> 0 | T30: 13th EQUITY PAYMENT | W30: =IF(AND(DAY(W29)>=6,DAY(W29)<=20),DATE(YEAR(W29),MONTH(W29)+1,DAY(20)),IF(AND(DAY(W29)>=21,DAY(W29)<=30),DATE(YEAR(W29),MONTH(W29)+1,IF(DAY(EOMONTH(W29,1))<30,DAY(EOMONTH(W29,1)),DAY(30))),DATE(YEAR(W29),MONTH(W29)+1,DAY(5)))) -> 46331
B31: FULL BALANCE (TCP) | D31: : | E31: =100%-E24 -> 0.8 | F31: =F22*E31 -> 7915132.5 | K31: =IF(N31>1,T31,0) -> 0 | M31: =IF(N31>1,W31,"") | N31: =IF(E31>11,F31,0) -> 0 | T31: 14th EQUITY PAYMENT | W31: =IF(AND(DAY(W30)>=6,DAY(W30)<=20),DATE(YEAR(W30),MONTH(W30)+1,DAY(20)),IF(AND(DAY(W30)>=21,DAY(W30)<=30),DATE(YEAR(W30),MONTH(W30)+1,IF(DAY(EOMONTH(W30,1))<30,DAY(EOMONTH(W30,1)),DAY(30))),DATE(YEAR(W30),MONTH(W30)+1,DAY(5)))) -> 46361
K32: =IF(N32>1,T32,0) -> 0 | M32: =IF(N32>1,W32,"") | N32: =IF(E29>14,F29,0) -> 0 | T32: 15th EQUITY PAYMENT | W32: =IF(AND(DAY(W31)>=6,DAY(W31)<=20),DATE(YEAR(W31),MONTH(W31)+1,DAY(20)),IF(AND(DAY(W31)>=21,DAY(W31)<=30),DATE(YEAR(W31),MONTH(W31)+1,IF(DAY(EOMONTH(W31,1))<30,DAY(EOMONTH(W31,1)),DAY(30))),DATE(YEAR(W31),MONTH(W31)+1,DAY(5)))) -> 46392
B33: Estimated Monthly Amortization | K33: =IF(N33>1,T33,0) -> 0 | M33: =IF(N33>1,W33,"") | N33: =IF(E29>15,F29,0) -> 0 | T33: 16th EQUITY PAYMENT | W33: =IF(AND(DAY(W32)>=6,DAY(W32)<=20),DATE(YEAR(W32),MONTH(W32)+1,DAY(20)),IF(AND(DAY(W32)>=21,DAY(W32)<=30),DATE(YEAR(W32),MONTH(W32)+1,IF(DAY(EOMONTH(W32,1))<30,DAY(EOMONTH(W32,1)),DAY(30))),DATE(YEAR(W32),MONTH(W32)+1,DAY(5)))) -> 46423
K34: =IF(N34>1,T34,0) -> 0 | M34: =IF(N34>1,W34,"") | N34: =IF(E29>16,F29,0) -> 0 | T34: 17th EQUITY PAYMENT | W34: =IF(AND(DAY(W33)>=6,DAY(W33)<=20),DATE(YEAR(W33),MONTH(W33)+1,DAY(20)),IF(AND(DAY(W33)>=21,DAY(W33)<=30),DATE(YEAR(W33),MONTH(W33)+1,IF(DAY(EOMONTH(W33,1))<30,DAY(EOMONTH(W33,1)),DAY(30))),DATE(YEAR(W33),MONTH(W33)+1,DAY(5)))) -> 46451
B35: Term | C35: Interest Rate | D35: Factor Rate | E35: Amount | F35: Income Requirement | K35: =IF(N35>1,T35,0) -> 0 | M35: =IF(N35>1,W35,"") | N35: =IF(E29>17,F29,0) -> 0 | T35: 18th EQUITY PAYMENT | W35: =IF(AND(DAY(W34)>=6,DAY(W34)<=20),DATE(YEAR(W34),MONTH(W34)+1,DAY(20)),IF(AND(DAY(W34)>=21,DAY(W34)<=30),DATE(YEAR(W34),MONTH(W34)+1,IF(DAY(EOMONTH(W34,1))<30,DAY(EOMONTH(W34,1)),DAY(30))),DATE(YEAR(W34),MONTH(W34)+1,DAY(5)))) -> 46482
B36: 5 | C36: 0.08 | D36: =PMT(C36/12,B36*12,-1) -> 0.020276394 | E36: =F31*D36 -> 160490.35 | F36: =E36/0.3 -> 534967.83 | K36: =IF(N36>1,T36,0) -> 0 | M36: =IF(N36>1,W36,"") | N36: =IF(E29>18,F29,0) -> 0 | T36: 19th EQUITY PAYMENT | W36: =IF(AND(DAY(W35)>=6,DAY(W35)<=20),DATE(YEAR(W35),MONTH(W35)+1,DAY(20)),IF(AND(DAY(W35)>=21,DAY(W35)<=30),DATE(YEAR(W35),MONTH(W35)+1,IF(DAY(EOMONTH(W35,1))<30,DAY(EOMONTH(W35,1)),DAY(30))),DATE(YEAR(W35),MONTH(W35)+1,DAY(5)))) -> 46512
B37: 10 | C37: 0.08 | D37: =PMT(C37/12,B37*12,-1) -> 0.012132759 | E37: =F31*D37 -> 96032.399 | F37: =E37/0.3 -> 320108 | K37: =IF(N37>1,T37,0) -> 0 | M37: =IF(N37>1,W37,"") | N37: =IF(E29>19,F29,0) -> 0 | T37: 20th EQUITY PAYMENT | W37: =IF(AND(DAY(W36)>=6,DAY(W36)<=20),DATE(YEAR(W36),MONTH(W36)+1,DAY(20)),IF(AND(DAY(W36)>=21,DAY(W36)<=30),DATE(YEAR(W36),MONTH(W36)+1,IF(DAY(EOMONTH(W36,1))<30,DAY(EOMONTH(W36,1)),DAY(30))),DATE(YEAR(W36),MONTH(W36)+1,DAY(5)))) -> 46543
B38: 15 | C38: 0.08 | D38: =PMT(C38/12,B38*12,-1) -> 0.0095565208 | E38: =F31*D38 -> 75641.129 | F38: =E38/0.3 -> 252137.1 | K38: =IF(N38>1,T38,0) -> 0 | M38: =IF(N38>1,W38,"") | N38: =IF(E29>20,F29,0) -> 0 | T38: 21st EQUITY PAYMENT | W38: =IF(AND(DAY(W37)>=6,DAY(W37)<=20),DATE(YEAR(W37),MONTH(W37)+1,DAY(20)),IF(AND(DAY(W37)>=21,DAY(W37)<=30),DATE(YEAR(W37),MONTH(W37)+1,IF(DAY(EOMONTH(W37,1))<30,DAY(EOMONTH(W37,1)),DAY(30))),DATE(YEAR(W37),MONTH(W37)+1,DAY(5)))) -> 46573
B39: Fixed for five (5) years | K39: =IF(N39>1,T39,0) -> 0 | M39: =IF(N39>1,W39,"") | N39: =IF(E29>21,F29,0) -> 0 | T39: 22nd EQUITY PAYMENT | W39: =IF(AND(DAY(W38)>=6,DAY(W38)<=20),DATE(YEAR(W38),MONTH(W38)+1,DAY(20)),IF(AND(DAY(W38)>=21,DAY(W38)<=30),DATE(YEAR(W38),MONTH(W38)+1,IF(DAY(EOMONTH(W38,1))<30,DAY(EOMONTH(W38,1)),DAY(30))),DATE(YEAR(W38),MONTH(W38)+1,DAY(5)))) -> 46604
B40: Sample Computation for Interest rate is at 8% fixed for five (5) years only | K40: =IF(N40>1,T40,0) -> 0 | M40: =IF(N40>1,W40,"") | N40: =IF(E29>22,F29,0) -> 0 | T40: 23rd EQUITY PAYMENT | W40: =IF(AND(DAY(W39)>=6,DAY(W39)<=20),DATE(YEAR(W39),MONTH(W39)+1,DAY(20)),IF(AND(DAY(W39)>=21,DAY(W39)<=30),DATE(YEAR(W39),MONTH(W39)+1,IF(DAY(EOMONTH(W39,1))<30,DAY(EOMONTH(W39,1)),DAY(30))),DATE(YEAR(W39),MONTH(W39)+1,DAY(5)))) -> 46635 | AN40: 3128866
B41: A. Prices are subject to change without prior notice. | K41: =IF(N41>1,T41,0) -> 0 | M41: =IF(N41>1,W41,"") | N41: =IF(E29>24,F29,0) -> 0 | T41: 24th EQUITY PAYMENT | W41: =IF(AND(DAY(W40)>=6,DAY(W40)<=20),DATE(YEAR(W40),MONTH(W40)+1,DAY(20)),IF(AND(DAY(W40)>=21,DAY(W40)<=30),DATE(YEAR(W40),MONTH(W40)+1,IF(DAY(EOMONTH(W40,1))<30,DAY(EOMONTH(W40,1)),DAY(30))),DATE(YEAR(W40),MONTH(W40)+1,DAY(5)))) -> 46665
B42: B. Bank Fees rates may vary per bank. | K42: =IF(N42>1,T42,0) -> 0 | M42: =IF(N42>1,W42,"") | N42: =IF(E29>24,F29,0) -> 0 | T42: 25th EQUITY PAYMENT | W42: =IF(AND(DAY(W41)>=6,DAY(W41)<=20),DATE(YEAR(W41),MONTH(W41)+1,DAY(20)),IF(AND(DAY(W41)>=21,DAY(W41)<=30),DATE(YEAR(W41),MONTH(W41)+1,IF(DAY(EOMONTH(W41,1))<30,DAY(EOMONTH(W41,1)),DAY(30))),DATE(YEAR(W41),MONTH(W41)+1,DAY(5)))) -> 46696
K43: =IF(N43>1,T43,0) -> 0 | M43: =IF(N43>1,W43,"") | N43: =IF(E29>25,F29,0) -> 0 | T43: 26th EQUITY PAYMENT | W43: =IF(AND(DAY(W42)>=6,DAY(W42)<=20),DATE(YEAR(W42),MONTH(W42)+1,DAY(20)),IF(AND(DAY(W42)>=21,DAY(W42)<=30),DATE(YEAR(W42),MONTH(W42)+1,IF(DAY(EOMONTH(W42,1))<30,DAY(EOMONTH(W42,1)),DAY(30))),DATE(YEAR(W42),MONTH(W42)+1,DAY(5)))) -> 46726
B44: APPLICABLE PROMO/DISCOUNTS | K44: =IF(N44>1,T44,0) -> 0 | M44: =IF(N44>1,W44,"") | N44: =IF(E29>26,F29,0) -> 0 | T44: 27th EQUITY PAYMENT | W44: =IF(AND(DAY(W43)>=6,DAY(W43)<=20),DATE(YEAR(W43),MONTH(W43)+1,DAY(20)),IF(AND(DAY(W43)>=21,DAY(W43)<=30),DATE(YEAR(W43),MONTH(W43)+1,IF(DAY(EOMONTH(W43,1))<30,DAY(EOMONTH(W43,1)),DAY(30))),DATE(YEAR(W43),MONTH(W43)+1,DAY(5)))) -> 46757
K45: =IF(N45>1,T45,0) -> 0 | M45: =IF(N45>1,W45,"") | N45: =IF($E$29>27,$F$29,0) -> 0 | T45: 28th EQUITY PAYMENT | W45: =IF(AND(DAY(W44)>=6,DAY(W44)<=20),DATE(YEAR(W44),MONTH(W44)+1,DAY(20)),IF(AND(DAY(W44)>=21,DAY(W44)<=30),DATE(YEAR(W44),MONTH(W44)+1,IF(DAY(EOMONTH(W44,1))<30,DAY(EOMONTH(W44,1)),DAY(30))),DATE(YEAR(W44),MONTH(W44)+1,DAY(5)))) -> 46788
K46: =IF(N46>1,T46,0) -> 0 | M46: =IF(N46>1,W46,"") | N46: =IF($E$29>28,$F$29,0) -> 0 | T46: 29th EQUITY PAYMENT | W46: =IF(AND(DAY(W45)>=6,DAY(W45)<=20),DATE(YEAR(W45),MONTH(W45)+1,DAY(20)),IF(AND(DAY(W45)>=21,DAY(W45)<=30),DATE(YEAR(W45),MONTH(W45)+1,IF(DAY(EOMONTH(W45,1))<30,DAY(EOMONTH(W45,1)),DAY(30))),DATE(YEAR(W45),MONTH(W45)+1,DAY(5)))) -> 46817
K47: =IF(N47>1,T47,0) -> 0 | M47: =IF(N47>1,W47,"") | N47: =IF($E$29>29,$F$29,0) -> 0 | T47: 30th EQUITY PAYMENT | W47: =IF(AND(DAY(W46)>=6,DAY(W46)<=20),DATE(YEAR(W46),MONTH(W46)+1,DAY(20)),IF(AND(DAY(W46)>=21,DAY(W46)<=30),DATE(YEAR(W46),MONTH(W46)+1,IF(DAY(EOMONTH(W46,1))<30,DAY(EOMONTH(W46,1)),DAY(30))),DATE(YEAR(W46),MONTH(W46)+1,DAY(5)))) -> 46848
K48: =IF(N48>1,T48,0) -> 0 | M48: =IF(N48>1,W48,"") | N48: =IF($E$29>30,$F$29,0) -> 0 | T48: 31st EQUITY PAYMENT | W48: =IF(AND(DAY(W47)>=6,DAY(W47)<=20),DATE(YEAR(W47),MONTH(W47)+1,DAY(20)),IF(AND(DAY(W47)>=21,DAY(W47)<=30),DATE(YEAR(W47),MONTH(W47)+1,IF(DAY(EOMONTH(W47,1))<30,DAY(EOMONTH(W47,1)),DAY(30))),DATE(YEAR(W47),MONTH(W47)+1,DAY(5)))) -> 46878
K49: =IF(N49>1,T49,0) -> 0 | M49: =IF(N49>1,W49,"") | N49: =IF($E$29>31,$F$29,0) -> 0 | T49: 32nd EQUITY PAYMENT | W49: =IF(AND(DAY(W48)>=6,DAY(W48)<=20),DATE(YEAR(W48),MONTH(W48)+1,DAY(20)),IF(AND(DAY(W48)>=21,DAY(W48)<=30),DATE(YEAR(W48),MONTH(W48)+1,IF(DAY(EOMONTH(W48,1))<30,DAY(EOMONTH(W48,1)),DAY(30))),DATE(YEAR(W48),MONTH(W48)+1,DAY(5)))) -> 46909
K50: =IF(N50>1,T50,0) -> 0 | M50: =IF(N50>1,W50,"") | N50: =IF($E$29>32,$F$29,0) -> 0 | T50: 33rd EQUITY PAYMENT | W50: =IF(AND(DAY(W49)>=6,DAY(W49)<=20),DATE(YEAR(W49),MONTH(W49)+1,DAY(20)),IF(AND(DAY(W49)>=21,DAY(W49)<=30),DATE(YEAR(W49),MONTH(W49)+1,IF(DAY(EOMONTH(W49,1))<30,DAY(EOMONTH(W49,1)),DAY(30))),DATE(YEAR(W49),MONTH(W49)+1,DAY(5)))) -> 46939
K51: =IF(N51>1,T51,0) -> 0 | M51: =IF(N51>1,W51,"") | N51: =IF($E$29>33,$F$29,0) -> 0 | T51: 34th EQUITY PAYMENT | W51: =IF(AND(DAY(W50)>=6,DAY(W50)<=20),DATE(YEAR(W50),MONTH(W50)+1,DAY(20)),IF(AND(DAY(W50)>=21,DAY(W50)<=30),DATE(YEAR(W50),MONTH(W50)+1,IF(DAY(EOMONTH(W50,1))<30,DAY(EOMONTH(W50,1)),DAY(30))),DATE(YEAR(W50),MONTH(W50)+1,DAY(5)))) -> 46970
K52: =IF(N52>1,T52,0) -> 0 | M52: =IF(N52>1,W52,"") | N52: =IF($E$29>34,$F$29,0) -> 0 | T52: 35th EQUITY PAYMENT | W52: =IF(AND(DAY(W51)>=6,DAY(W51)<=20),DATE(YEAR(W51),MONTH(W51)+1,DAY(20)),IF(AND(DAY(W51)>=21,DAY(W51)<=30),DATE(YEAR(W51),MONTH(W51)+1,IF(DAY(EOMONTH(W51,1))<30,DAY(EOMONTH(W51,1)),DAY(30))),DATE(YEAR(W51),MONTH(W51)+1,DAY(5)))) -> 47001
K53: =IF(N53>1,T53,0) -> 0 | M53: =IF(N53>1,W53,"") | N53: =IF($E$29>35,$F$29,0) -> 0 | T53: 36th EQUITY PAYMENT | W53: =IF(AND(DAY(W52)>=6,DAY(W52)<=20),DATE(YEAR(W52),MONTH(W52)+1,DAY(20)),IF(AND(DAY(W52)>=21,DAY(W52)<=30),DATE(YEAR(W52),MONTH(W52)+1,IF(DAY(EOMONTH(W52,1))<30,DAY(EOMONTH(W52,1)),DAY(30))),DATE(YEAR(W52),MONTH(W52)+1,DAY(5)))) -> 47031
K54: =IF(N54>1,T54,0) -> 0 | M54: =IF(N54>1,W54,"") | N54: =IF($E$29>36,$F$29,0) -> 0 | T54: 37th EQUITY PAYMENT | W54: =IF(AND(DAY(W53)>=6,DAY(W53)<=20),DATE(YEAR(W53),MONTH(W53)+1,DAY(20)),IF(AND(DAY(W53)>=21,DAY(W53)<=30),DATE(YEAR(W53),MONTH(W53)+1,IF(DAY(EOMONTH(W53,1))<30,DAY(EOMONTH(W53,1)),DAY(30))),DATE(YEAR(W53),MONTH(W53)+1,DAY(5)))) -> 47062
K55: =IF(N55>1,T55,0) -> 0 | M55: =IF(N55>1,W55,"") | N55: =IF($E$29>37,$F$29,0) -> 0 | T55: 38th EQUITY PAYMENT | W55: =IF(AND(DAY(W54)>=6,DAY(W54)<=20),DATE(YEAR(W54),MONTH(W54)+1,DAY(20)),IF(AND(DAY(W54)>=21,DAY(W54)<=30),DATE(YEAR(W54),MONTH(W54)+1,IF(DAY(EOMONTH(W54,1))<30,DAY(EOMONTH(W54,1)),DAY(30))),DATE(YEAR(W54),MONTH(W54)+1,DAY(5)))) -> 47092
K56: =IF(N56>1,T56,0) -> 0 | M56: =IF(N56>1,W56,"") | N56: =IF($E$29>38,$F$29,0) -> 0 | T56: 39th EQUITY PAYMENT | W56: =IF(AND(DAY(W55)>=6,DAY(W55)<=20),DATE(YEAR(W55),MONTH(W55)+1,DAY(20)),IF(AND(DAY(W55)>=21,DAY(W55)<=30),DATE(YEAR(W55),MONTH(W55)+1,IF(DAY(EOMONTH(W55,1))<30,DAY(EOMONTH(W55,1)),DAY(30))),DATE(YEAR(W55),MONTH(W55)+1,DAY(5)))) -> 47123
K57: =IF(N57>1,T57,0) -> 0 | M57: =IF(N57>1,W57,"") | N57: =IF($E$29>39,$F$29,0) -> 0 | T57: 40th EQUITY PAYMENT | W57: =IF(AND(DAY(W56)>=6,DAY(W56)<=20),DATE(YEAR(W56),MONTH(W56)+1,DAY(20)),IF(AND(DAY(W56)>=21,DAY(W56)<=30),DATE(YEAR(W56),MONTH(W56)+1,IF(DAY(EOMONTH(W56,1))<30,DAY(EOMONTH(W56,1)),DAY(30))),DATE(YEAR(W56),MONTH(W56)+1,DAY(5)))) -> 47154
K58: =IF(N58>1,T58,0) -> 0 | M58: =IF(N58>1,W58,"") | N58: =IF($E$29>40,$F$29,0) -> 0 | T58: 41st EQUITY PAYMENT | W58: =IF(AND(DAY(W57)>=6,DAY(W57)<=20),DATE(YEAR(W57),MONTH(W57)+1,DAY(20)),IF(AND(DAY(W57)>=21,DAY(W57)<=30),DATE(YEAR(W57),MONTH(W57)+1,IF(DAY(EOMONTH(W57,1))<30,DAY(EOMONTH(W57,1)),DAY(30))),DATE(YEAR(W57),MONTH(W57)+1,DAY(5)))) -> 47182
K59: =IF(N59>1,T59,0) -> 0 | M59: =IF(N59>1,W59,"") | N59: =IF($E$29>41,$F$29,0) -> 0 | T59: 42nd EQUITY PAYMENT | W59: =IF(AND(DAY(W58)>=6,DAY(W58)<=20),DATE(YEAR(W58),MONTH(W58)+1,DAY(20)),IF(AND(DAY(W58)>=21,DAY(W58)<=30),DATE(YEAR(W58),MONTH(W58)+1,IF(DAY(EOMONTH(W58,1))<30,DAY(EOMONTH(W58,1)),DAY(30))),DATE(YEAR(W58),MONTH(W58)+1,DAY(5)))) -> 47213
K60: =IF(N60>1,T60,0) -> 0 | M60: =IF(N60>1,W60,"") | N60: =IF($E$29>42,$F$29,0) -> 0 | T60: 43rd EQUITY PAYMENT | W60: =IF(AND(DAY(W59)>=6,DAY(W59)<=20),DATE(YEAR(W59),MONTH(W59)+1,DAY(20)),IF(AND(DAY(W59)>=21,DAY(W59)<=30),DATE(YEAR(W59),MONTH(W59)+1,IF(DAY(EOMONTH(W59,1))<30,DAY(EOMONTH(W59,1)),DAY(30))),DATE(YEAR(W59),MONTH(W59)+1,DAY(5)))) -> 47243
K61: =IF(N61>1,T61,0) -> 0 | M61: =IF(N61>1,W61,"") | N61: =IF($E$29>43,$F$29,0) -> 0 | T61: 44th EQUITY PAYMENT | W61: =IF(AND(DAY(W60)>=6,DAY(W60)<=20),DATE(YEAR(W60),MONTH(W60)+1,DAY(20)),IF(AND(DAY(W60)>=21,DAY(W60)<=30),DATE(YEAR(W60),MONTH(W60)+1,IF(DAY(EOMONTH(W60,1))<30,DAY(EOMONTH(W60,1)),DAY(30))),DATE(YEAR(W60),MONTH(W60)+1,DAY(5)))) -> 47274
K62: =IF(N62>1,T62,0) -> 0 | M62: =IF(N62>1,W62,"") | N62: =IF($E$29>44,$F$29,0) -> 0 | T62: 45th EQUITY PAYMENT | W62: =IF(AND(DAY(W61)>=6,DAY(W61)<=20),DATE(YEAR(W61),MONTH(W61)+1,DAY(20)),IF(AND(DAY(W61)>=21,DAY(W61)<=30),DATE(YEAR(W61),MONTH(W61)+1,IF(DAY(EOMONTH(W61,1))<30,DAY(EOMONTH(W61,1)),DAY(30))),DATE(YEAR(W61),MONTH(W61)+1,DAY(5)))) -> 47304
K63: =IF(N63>1,T63,0) -> 0 | M63: =IF(N63>1,W63,"") | N63: =IF($E$29>45,$F$29,0) -> 0 | T63: 46th EQUITY PAYMENT
K64: BALANCE | M64: =IF(DAY(W17)=31,Y19,AA19) -> 46331 | N64: =F31 -> 7915132.5
B67: Prepared by: | F67: Conformed: | K67: Prepared by: | O67: Conformed:
F70: =[3]FORM!I28 -> 0 | K70: =B70 -> 0
B71: Date | F71: Date: | K71: Date | O71: Date:
A239: =(F15-#REF!)*12% -> #REF!
AS385: 20000 | AU385: 24
AS386: 15000
AD770: 1

Sheet SPC Unit D
C1: =(F15-(F16+F25))*12% -> 1337551.2 | D1: =[3]FORM!A14 -> 107 | J1: 0.01
B2: DATE : | C2: =NOW() -> 45932.594 | F2: PAGE | G2: 1 of 2 | K2: DATE : | L2: =C2 -> 45932.594 | P2: PAGE | Q2: 2 of 2
B4: STANDARD PACKAGE COMPUTATION | K4: PAYMENT SCHEDULE
B6: CLIENT'S NAME | D6: : | K6: CLIENT'S NAME | M6: : | N6: =E6 -> 0
B7: PROJECT NAME | D7: : | E7: =Pricelink!E18 -> Terraces Commonwealth Townhouse | K7: PROJECT NAME | M7: : | N7: =E7 -> Terraces Commonwealth Townhouse
B8: UNIT ID | D8: : | E8: =Pricelink!C29 -> Unit D | K8: UNIT NUMBER | M8: : | N8: =E8 -> Unit D
B10: UNIT TYPE | D10: : | E10: =Pricelink!E29 -> Middle | K10: UNIT TYPE | M10: : | N10: =E10 -> Middle
B11: LOT AREA | D11: : | E11: =Pricelink!F29 -> 52 | G11: SQM. | K11: LIVEABLE AREA | M11: : | N11: =E11 -> 52 | P11: SQM.
B12: TOTAL AREA | D12: : | E12: =Pricelink!G29 -> 197 | G12: SQM. | K12: BALCONY AREA | M12: : | N12: =E12 -> 197 | P12: SQM.
B15: TOTAL SELLING PRICE | D15: : | F15: =SUM(Pricelink!H29) -> 11146260 | K15: PARTICULARS | M15: DATE | N15: AMOUNT | P15: REMARKS
B16: Less: Promo Discount on TSP | D16: :
B17: NET SELLING PRICE | D17: : | F17: =F15-F16 -> 11146260 | K17: RESERVATION FEE | M17: =C2 -> 45932.594 | N17: =F26 -> 50000 | W17: =M17 -> 45932.594 | X17: =EDATE(W17,E29) -> 46114
K18: =IF(N18>1,T18,0) -> 1st EQUITY PAYMENT | M18: =IF(N18>1,W18,"") -> 45966 | N18: =IF(E29>0,F29,"") -> 400362.87 | T18: 1st EQUITY PAYMENT | W18: =IF(DAY(W17)=31,Y20,AA20) -> 45966 | Y18: 31st of the month
B19: Add: VAT | D19: : | E19: 0 | F19: =E19*F17 -> 0 | K19: =IF(N19>1,T19,0) -> 2nd EQUITY PAYMENT | M19: =IF(N19>1,W19,"") -> 45996 | N19: =IF(E29>1,F29,0) -> 400362.87 | T19: 2nd EQUITY PAYMENT | W19: =IF(AND(DAY(W18)>=6,DAY(W18)<=20),DATE(YEAR(W18),MONTH(W18)+1,DAY(20)),IF(AND(DAY(W18)>=21,DAY(W18)<=30),DATE(YEAR(W18),MONTH(W18)+1,IF(DAY(EOMONTH(W18,1))<30,DAY(EOMONTH(W18,1)),DAY(30))),DATE(YEAR(W18),MONTH(W18)+1,DAY(5)))) -> 45996 | X19: balance | Y19: =IF(DAY(W17)=31,DATE(YEAR(X17),MONTH(X17)+2,DAY(5))) -> FALSE | AA19: =IF(AND(DAY(X17)>=6,DAY(X17)<=20),DATE(YEAR(X17),MONTH(X17)+1,DAY(20)),IF(AND(DAY(X17)>=21,DAY(X17)<=31),DATE(YEAR(X17),MONTH(X17)+1,IF(DAY(EOMONTH(X17,1))<30,DAY(EOMONTH(X17,1)),DAY(30))),DATE(YEAR(X17),MONTH(X17)+1,DAY(5)))) -> 46147
B20: Add: Legal & Misc. Fees | D20: : | E20: 0.1 | F20: =E20*F15 -> 1114626 | K20: =IF(N20>1,T20,0) -> 3rd EQUITY PAYMENT | M20: =IF(N20>1,W20,"") -> 46027 | N20: =IF(E29>2,F29,0) -> 400362.87 | T20: 3rd EQUITY PAYMENT | W20: =IF(AND(DAY(W19)>=6,DAY(W19)<=20),DATE(YEAR(W19),MONTH(W19)+1,DAY(20)),IF(AND(DAY(W19)>=21,DAY(W19)<=30),DATE(YEAR(W19),MONTH(W19)+1,IF(DAY(EOMONTH(W19,1))<30,DAY(EOMONTH(W19,1)),DAY(30))),DATE(YEAR(W19),MONTH(W19)+1,DAY(5)))) -> 46027 | X20: equity | Y20: =IF(DAY(W17)=31,DATE(YEAR(W17),MONTH(W17)+2,DAY(5))) -> FALSE | AA20: =IF(AND(DAY(W17)>=6,DAY(W17)<=20),DATE(YEAR(W17),MONTH(W17)+1,DAY(20)),IF(AND(DAY(W17)>=21,DAY(W17)<=30),DATE(YEAR(W17),MONTH(W17)+1,IF(DAY(EOMONTH(W17,1))<31,DAY(EOMONTH(W17,1)),DAY(30))),DATE(YEAR(W17),MONTH(W17)+1,DAY(5)))) -> 45966
K21: =IF(N21>1,T21,0) -> 4th EQUITY PAYMENT | M21: =IF(N21>1,W21,"") -> 46058 | N21: =IF(E29>3,F29,0) -> 400362.87 | T21: 4th EQUITY PAYMENT | W21: =IF(AND(DAY(W20)>=6,DAY(W20)<=20),DATE(YEAR(W20),MONTH(W20)+1,DAY(20)),IF(AND(DAY(W20)>=21,DAY(W20)<=30),DATE(YEAR(W20),MONTH(W20)+1,IF(DAY(EOMONTH(W20,1))<30,DAY(EOMONTH(W20,1)),DAY(30))),DATE(YEAR(W20),MONTH(W20)+1,DAY(5)))) -> 46058
B22: TOTAL CONTRACT PRICE | D22: : | F22: =F17+F19+F20 -> 12260886 | K22: =IF(N22>1,T22,0) -> 5th EQUITY PAYMENT | M22: =IF(N22>1,W22,"") -> 46086 | N22: =IF(E29>4,F29,0) -> 400362.87 | T22: 5th EQUITY PAYMENT | W22: =IF(AND(DAY(W21)>=6,DAY(W21)<=20),DATE(YEAR(W21),MONTH(W21)+1,DAY(20)),IF(AND(DAY(W21)>=21,DAY(W21)<=30),DATE(YEAR(W21),MONTH(W21)+1,IF(DAY(EOMONTH(W21,1))<30,DAY(EOMONTH(W21,1)),DAY(30))),DATE(YEAR(W21),MONTH(W21)+1,DAY(5)))) -> 46086
K23: =IF(N23>1,T23,0) -> 6th EQUITY PAYMENT | M23: =IF(N23>1,W23,"") -> 46117 | N23: =IF(E29>5,F29,0) -> 400362.87 | T23: 6th EQUITY PAYMENT | W23: =IF(AND(DAY(W22)>=6,DAY(W22)<=20),DATE(YEAR(W22),MONTH(W22)+1,DAY(20)),IF(AND(DAY(W22)>=21,DAY(W22)<=30),DATE(YEAR(W22),MONTH(W22)+1,IF(DAY(EOMONTH(W22,1))<30,DAY(EOMONTH(W22,1)),DAY(30))),DATE(YEAR(W22),MONTH(W22)+1,DAY(5)))) -> 46117
B24: Equity down Payment | D24: : | E24: =IF([3]FORM!I26="",[3]FORM!I24,[3]FORM!I26) -> 0.2 | F24: =F22*E24 -> 2452177.2 | K24: =IF(N24>1,T24,0) -> 0 | M24: =IF(N24>1,W24,"") | N24: =IF(E29>6,F29,0) -> 0 | T24: 7th EQUITY PAYMENT | W24: =IF(AND(DAY(W23)>=6,DAY(W23)<=20),DATE(YEAR(W23),MONTH(W23)+1,DAY(20)),IF(AND(DAY(W23)>=21,DAY(W23)<=30),DATE(YEAR(W23),MONTH(W23)+1,IF(DAY(EOMONTH(W23,1))<30,DAY(EOMONTH(W23,1)),DAY(30))),DATE(YEAR(W23),MONTH(W23)+1,DAY(5)))) -> 46147
B25: less: Promo Discount on Equity | D25: =D24 -> : | F25: 0 | K25: =IF(N25>1,T25,0) -> 0 | M25: =IF(N25>1,W25,"") | N25: =IF(E29>7,F29,0) -> 0 | T25: 8th EQUITY PAYMENT | W25: =IF(AND(DAY(W24)>=6,DAY(W24)<=20),DATE(YEAR(W24),MONTH(W24)+1,DAY(20)),IF(AND(DAY(W24)>=21,DAY(W24)<=30),DATE(YEAR(W24),MONTH(W24)+1,IF(DAY(EOMONTH(W24,1))<30,DAY(EOMONTH(W24,1)),DAY(30))),DATE(YEAR(W24),MONTH(W24)+1,DAY(5)))) -> 46178
B26: less: Reservation Fee | D26: : | F26: 50000 | K26: =IF(N26>1,T26,0) -> 0 | M26: =IF(N26>1,W26,"") | N26: =IF(E29>8,F29,0) -> 0 | T26: 9th EQUITY PAYMENT | W26: =IF(AND(DAY(W25)>=6,DAY(W25)<=20),DATE(YEAR(W25),MONTH(W25)+1,DAY(20)),IF(AND(DAY(W25)>=21,DAY(W25)<=30),DATE(YEAR(W25),MONTH(W25)+1,IF(DAY(EOMONTH(W25,1))<30,DAY(EOMONTH(W25,1)),DAY(30))),DATE(YEAR(W25),MONTH(W25)+1,DAY(5)))) -> 46208
B27: Net Equity Payment | D27: : | F27: =F24-F25-F26 -> 2402177.2 | K27: =IF(N27>1,T27,0) -> 0 | M27: =IF(N27>1,W27,"") | N27: =IF(E29>9,F29,0) -> 0 | T27: 10th EQUITY PAYMENT | W27: =IF(AND(DAY(W26)>=6,DAY(W26)<=20),DATE(YEAR(W26),MONTH(W26)+1,DAY(20)),IF(AND(DAY(W26)>=21,DAY(W26)<=30),DATE(YEAR(W26),MONTH(W26)+1,IF(DAY(EOMONTH(W26,1))<30,DAY(EOMONTH(W26,1)),DAY(30))),DATE(YEAR(W26),MONTH(W26)+1,DAY(5)))) -> 46239
K28: =IF(N28>1,T28,0) -> 0 | M28: =IF(N28>1,W28,"") | N28: =IF(E29>10,F29,0) -> 0 | T28: 11th EQUITY PAYMENT | W28: =IF(AND(DAY(W27)>=6,DAY(W27)<=20),DATE(YEAR(W27),MONTH(W27)+1,DAY(20)),IF(AND(DAY(W27)>=21,DAY(W27)<=30),DATE(YEAR(W27),MONTH(W27)+1,IF(DAY(EOMONTH(W27,1))<30,DAY(EOMONTH(W27,1)),DAY(30))),DATE(YEAR(W27),MONTH(W27)+1,DAY(5)))) -> 46270
B29: Monthly Equity | D29: : | E29: =Pricelink!N29 -> 6 | F29: =F27/E29 -> 400362.87 | K29: =IF(N29>1,T29,0) -> 0 | M29: =IF(N29>1,W29,"") | N29: =IF(E29>11,F29,0) -> 0 | T29: 12th EQUITY PAYMENT | W29: =IF(AND(DAY(W28)>=6,DAY(W28)<=20),DATE(YEAR(W28),MONTH(W28)+1,DAY(20)),IF(AND(DAY(W28)>=21,DAY(W28)<=30),DATE(YEAR(W28),MONTH(W28)+1,IF(DAY(EOMONTH(W28,1))<30,DAY(EOMONTH(W28,1)),DAY(30))),DATE(YEAR(W28),MONTH(W28)+1,DAY(5)))) -> 46300
K30: =IF(N30>1,T30,0) -> 0 | M30: =IF(N30>1,W30,"") | N30: =IF(E29>12,F29,0) -> 0 | T30: 13th EQUITY PAYMENT | W30: =IF(AND(DAY(W29)>=6,DAY(W29)<=20),DATE(YEAR(W29),MONTH(W29)+1,DAY(20)),IF(AND(DAY(W29)>=21,DAY(W29)<=30),DATE(YEAR(W29),MONTH(W29)+1,IF(DAY(EOMONTH(W29,1))<30,DAY(EOMONTH(W29,1)),DAY(30))),DATE(YEAR(W29),MONTH(W29)+1,DAY(5)))) -> 46331
B31: FULL BALANCE (TCP) | D31: : | E31: =100%-E24 -> 0.8 | F31: =F22*E31 -> 9808708.8 | K31: =IF(N31>1,T31,0) -> 0 | M31: =IF(N31>1,W31,"") | N31: =IF(E29>13,F29,0) -> 0 | T31: 14th EQUITY PAYMENT | W31: =IF(AND(DAY(W30)>=6,DAY(W30)<=20),DATE(YEAR(W30),MONTH(W30)+1,DAY(20)),IF(AND(DAY(W30)>=21,DAY(W30)<=30),DATE(YEAR(W30),MONTH(W30)+1,IF(DAY(EOMONTH(W30,1))<30,DAY(EOMONTH(W30,1)),DAY(30))),DATE(YEAR(W30),MONTH(W30)+1,DAY(5)))) -> 46361
K32: =IF(N32>1,T32,0) -> 0 | M32: =IF(N32>1,W32,"") | N32: =IF(E29>14,F29,0) -> 0 | T32: 15th EQUITY PAYMENT | W32: =IF(AND(DAY(W31)>=6,DAY(W31)<=20),DATE(YEAR(W31),MONTH(W31)+1,DAY(20)),IF(AND(DAY(W31)>=21,DAY(W31)<=30),DATE(YEAR(W31),MONTH(W31)+1,IF(DAY(EOMONTH(W31,1))<30,DAY(EOMONTH(W31,1)),DAY(30))),DATE(YEAR(W31),MONTH(W31)+1,DAY(5)))) -> 46392
B33: Estimated Monthly Amortization | K33: =IF(N33>1,T33,0) -> 0 | M33: =IF(N33>1,W33,"") | N33: =IF(E29>15,F29,0) -> 0 | T33: 16th EQUITY PAYMENT | W33: =IF(AND(DAY(W32)>=6,DAY(W32)<=20),DATE(YEAR(W32),MONTH(W32)+1,DAY(20)),IF(AND(DAY(W32)>=21,DAY(W32)<=30),DATE(YEAR(W32),MONTH(W32)+1,IF(DAY(EOMONTH(W32,1))<30,DAY(EOMONTH(W32,1)),DAY(30))),DATE(YEAR(W32),MONTH(W32)+1,DAY(5)))) -> 46423
K34: =IF(N34>1,T34,0) -> 0 | M34: =IF(N34>1,W34,"") | N34: =IF(E29>16,F29,0) -> 0 | T34: 17th EQUITY PAYMENT | W34: =IF(AND(DAY(W33)>=6,DAY(W33)<=20),DATE(YEAR(W33),MONTH(W33)+1,DAY(20)),IF(AND(DAY(W33)>=21,DAY(W33)<=30),DATE(YEAR(W33),MONTH(W33)+1,IF(DAY(EOMONTH(W33,1))<30,DAY(EOMONTH(W33,1)),DAY(30))),DATE(YEAR(W33),MONTH(W33)+1,DAY(5)))) -> 46451
B35: Term | C35: Interest Rate | D35: Factor Rate | E35: Amount | F35: Income Requirement | K35: =IF(N35>1,T35,0) -> 0 | M35: =IF(N35>1,W35,"") | N35: =IF(E29>17,F29,0) -> 0 | T35: 18th EQUITY PAYMENT | W35: =IF(AND(DAY(W34)>=6,DAY(W34)<=20),DATE(YEAR(W34),MONTH(W34)+1,DAY(20)),IF(AND(DAY(W34)>=21,DAY(W34)<=30),DATE(YEAR(W34),MONTH(W34)+1,IF(DAY(EOMONTH(W34,1))<30,DAY(EOMONTH(W34,1)),DAY(30))),DATE(YEAR(W34),MONTH(W34)+1,DAY(5)))) -> 46482
B36: 5 | C36: 0.08 | D36: =PMT(C36/12,B36*12,-1) -> 0.020276394 | E36: =F31*D36 -> 198885.25 | F36: =E36/0.3 -> 662950.82 | K36: =IF(N36>1,T36,0) -> 0 | M36: =IF(N36>1,W36,"") | N36: =IF(E29>18,F29,0) -> 0 | T36: 19th EQUITY PAYMENT | W36: =IF(AND(DAY(W35)>=6,DAY(W35)<=20),DATE(YEAR(W35),MONTH(W35)+1,DAY(20)),IF(AND(DAY(W35)>=21,DAY(W35)<=30),DATE(YEAR(W35),MONTH(W35)+1,IF(DAY(EOMONTH(W35,1))<30,DAY(EOMONTH(W35,1)),DAY(30))),DATE(YEAR(W35),MONTH(W35)+1,DAY(5)))) -> 46512
B37: 10 | C37: 0.08 | D37: =PMT(C37/12,B37*12,-1) -> 0.012132759 | E37: =F31*D37 -> 119006.7 | F37: =E37/0.3 -> 396689.01 | K37: =IF(N37>1,T37,0) -> 0 | M37: =IF(N37>1,W37,"") | N37: =IF(E29>19,F29,0) -> 0 | T37: 20th EQUITY PAYMENT | W37: =IF(AND(DAY(W36)>=6,DAY(W36)<=20),DATE(YEAR(W36),MONTH(W36)+1,DAY(20)),IF(AND(DAY(W36)>=21,DAY(W36)<=30),DATE(YEAR(W36),MONTH(W36)+1,IF(DAY(EOMONTH(W36,1))<30,DAY(EOMONTH(W36,1)),DAY(30))),DATE(YEAR(W36),MONTH(W36)+1,DAY(5)))) -> 46543
B38: 15 | C38: 0.08 | D38: =PMT(C38/12,B38*12,-1) -> 0.0095565208 | E38: =F31*D38 -> 93737.13 | F38: =E38/0.3 -> 312457.1 | K38: =IF(N38>1,T38,0) -> 0 | M38: =IF(N38>1,W38,"") | N38: =IF(E29>20,F29,0) -> 0 | T38: 21st EQUITY PAYMENT | W38: =IF(AND(DAY(W37)>=6,DAY(W37)<=20),DATE(YEAR(W37),MONTH(W37)+1,DAY(20)),IF(AND(DAY(W37)>=21,DAY(W37)<=30),DATE(YEAR(W37),MONTH(W37)+1,IF(DAY(EOMONTH(W37,1))<30,DAY(EOMONTH(W37,1)),DAY(30))),DATE(YEAR(W37),MONTH(W37)+1,DAY(5)))) -> 46573
B39: Fixed for five (5) years | K39: =IF(N39>1,T39,0) -> 0 | M39: =IF(N39>1,W39,"") | N39: =IF(E29>21,F29,0) -> 0 | T39: 22nd EQUITY PAYMENT | W39: =IF(AND(DAY(W38)>=6,DAY(W38)<=20),DATE(YEAR(W38),MONTH(W38)+1,DAY(20)),IF(AND(DAY(W38)>=21,DAY(W38)<=30),DATE(YEAR(W38),MONTH(W38)+1,IF(DAY(EOMONTH(W38,1))<30,DAY(EOMONTH(W38,1)),DAY(30))),DATE(YEAR(W38),MONTH(W38)+1,DAY(5)))) -> 46604
B40: Sample Computation for Interest rate is at 8% fixed for five (5) years only | K40: =IF(N40>1,T40,0) -> 0 | M40: =IF(N40>1,W40,"") | N40: =IF(E29>22,F29,0) -> 0 | T40: 23rd EQUITY PAYMENT | W40: =IF(AND(DAY(W39)>=6,DAY(W39)<=20),DATE(YEAR(W39),MONTH(W39)+1,DAY(20)),IF(AND(DAY(W39)>=21,DAY(W39)<=30),DATE(YEAR(W39),MONTH(W39)+1,IF(DAY(EOMONTH(W39,1))<30,DAY(EOMONTH(W39,1)),DAY(30))),DATE(YEAR(W39),MONTH(W39)+1,DAY(5)))) -> 46635 | AN40: 3128866
B41: A. Prices are subject to change without prior notice. | K41: =IF(N41>1,T41,0) -> 0 | M41: =IF(N41>1,W41,"") | N41: =IF(E29>24,F29,0) -> 0 | T41: 24th EQUITY PAYMENT | W41: =IF(AND(DAY(W40)>=6,DAY(W40)<=20),DATE(YEAR(W40),MONTH(W40)+1,DAY(20)),IF(AND(DAY(W40)>=21,DAY(W40)<=30),DATE(YEAR(W40),MONTH(W40)+1,IF(DAY(EOMONTH(W40,1))<30,DAY(EOMONTH(W40,1)),DAY(30))),DATE(YEAR(W40),MONTH(W40)+1,DAY(5)))) -> 46665
B42: B. Bank Fees rates may vary per bank. | K42: =IF(N42>1,T42,0) -> 0 | M42: =IF(N42>1,W42,"") | N42: =IF(E29>24,F29,0) -> 0 | T42: 25th EQUITY PAYMENT | W42: =IF(AND(DAY(W41)>=6,DAY(W41)<=20),DATE(YEAR(W41),MONTH(W41)+1,DAY(20)),IF(AND(DAY(W41)>=21,DAY(W41)<=30),DATE(YEAR(W41),MONTH(W41)+1,IF(DAY(EOMONTH(W41,1))<30,DAY(EOMONTH(W41,1)),DAY(30))),DATE(YEAR(W41),MONTH(W41)+1,DAY(5)))) -> 46696
K43: =IF(N43>1,T43,0) -> 0 | M43: =IF(N43>1,W43,"") | N43: =IF(E29>25,F29,0) -> 0 | T43: 26th EQUITY PAYMENT | W43: =IF(AND(DAY(W42)>=6,DAY(W42)<=20),DATE(YEAR(W42),MONTH(W42)+1,DAY(20)),IF(AND(DAY(W42)>=21,DAY(W42)<=30),DATE(YEAR(W42),MONTH(W42)+1,IF(DAY(EOMONTH(W42,1))<30,DAY(EOMONTH(W42,1)),DAY(30))),DATE(YEAR(W42),MONTH(W42)+1,DAY(5)))) -> 46726
B44: APPLICABLE PROMO/DISCOUNTS | K44: =IF(N44>1,T44,0) -> 0 | M44: =IF(N44>1,W44,"") | N44: =IF(E29>26,F29,0) -> 0 | T44: 27th EQUITY PAYMENT | W44: =IF(AND(DAY(W43)>=6,DAY(W43)<=20),DATE(YEAR(W43),MONTH(W43)+1,DAY(20)),IF(AND(DAY(W43)>=21,DAY(W43)<=30),DATE(YEAR(W43),MONTH(W43)+1,IF(DAY(EOMONTH(W43,1))<30,DAY(EOMONTH(W43,1)),DAY(30))),DATE(YEAR(W43),MONTH(W43)+1,DAY(5)))) -> 46757
K45: =IF(N45>1,T45,0) -> 0 | M45: =IF(N45>1,W45,"") | N45: =IF($E$29>27,$F$29,0) -> 0 | T45: 28th EQUITY PAYMENT | W45: =IF(AND(DAY(W44)>=6,DAY(W44)<=20),DATE(YEAR(W44),MONTH(W44)+1,DAY(20)),IF(AND(DAY(W44)>=21,DAY(W44)<=30),DATE(YEAR(W44),MONTH(W44)+1,IF(DAY(EOMONTH(W44,1))<30,DAY(EOMONTH(W44,1)),DAY(30))),DATE(YEAR(W44),MONTH(W44)+1,DAY(5)))) -> 46788
K46: =IF(N46>1,T46,0) -> 0 | M46: =IF(N46>1,W46,"") | N46: =IF($E$29>28,$F$29,0) -> 0 | T46: 29th EQUITY PAYMENT | W46: =IF(AND(DAY(W45)>=6,DAY(W45)<=20),DATE(YEAR(W45),MONTH(W45)+1,DAY(20)),IF(AND(DAY(W45)>=21,DAY(W45)<=30),DATE(YEAR(W45),MONTH(W45)+1,IF(DAY(EOMONTH(W45,1))<30,DAY(EOMONTH(W45,1)),DAY(30))),DATE(YEAR(W45),MONTH(W45)+1,DAY(5)))) -> 46817
K47: =IF(N47>1,T47,0) -> 0 | M47: =IF(N47>1,W47,"") | N47: =IF($E$29>29,$F$29,0) -> 0 | T47: 30th EQUITY PAYMENT | W47: =IF(AND(DAY(W46)>=6,DAY(W46)<=20),DATE(YEAR(W46),MONTH(W46)+1,DAY(20)),IF(AND(DAY(W46)>=21,DAY(W46)<=30),DATE(YEAR(W46),MONTH(W46)+1,IF(DAY(EOMONTH(W46,1))<30,DAY(EOMONTH(W46,1)),DAY(30))),DATE(YEAR(W46),MONTH(W46)+1,DAY(5)))) -> 46848
K48: =IF(N48>1,T48,0) -> 0 | M48: =IF(N48>1,W48,"") | N48: =IF($E$29>30,$F$29,0) -> 0 | T48: 31st EQUITY PAYMENT | W48: =IF(AND(DAY(W47)>=6,DAY(W47)<=20),DATE(YEAR(W47),MONTH(W47)+1,DAY(20)),IF(AND(DAY(W47)>=21,DAY(W47)<=30),DATE(YEAR(W47),MONTH(W47)+1,IF(DAY(EOMONTH(W47,1))<30,DAY(EOMONTH(W47,1)),DAY(30))),DATE(YEAR(W47),MONTH(W47)+1,DAY(5)))) -> 46878
K49: =IF(N49>1,T49,0) -> 0 | M49: =IF(N49>1,W49,"") | N49: =IF($E$29>31,$F$29,0) -> 0 | T49: 32nd EQUITY PAYMENT | W49: =IF(AND(DAY(W48)>=6,DAY(W48)<=20),DATE(YEAR(W48),MONTH(W48)+1,DAY(20)),IF(AND(DAY(W48)>=21,DAY(W48)<=30),DATE(YEAR(W48),MONTH(W48)+1,IF(DAY(EOMONTH(W48,1))<30,DAY(EOMONTH(W48,1)),DAY(30))),DATE(YEAR(W48),MONTH(W48)+1,DAY(5)))) -> 46909
K50: =IF(N50>1,T50,0) -> 0 | M50: =IF(N50>1,W50,"") | N50: =IF($E$29>32,$F$29,0) -> 0 | T50: 33rd EQUITY PAYMENT | W50: =IF(AND(DAY(W49)>=6,DAY(W49)<=20),DATE(YEAR(W49),MONTH(W49)+1,DAY(20)),IF(AND(DAY(W49)>=21,DAY(W49)<=30),DATE(YEAR(W49),MONTH(W49)+1,IF(DAY(EOMONTH(W49,1))<30,DAY(EOMONTH(W49,1)),DAY(30))),DATE(YEAR(W49),MONTH(W49)+1,DAY(5)))) -> 46939
K51: =IF(N51>1,T51,0) -> 0 | M51: =IF(N51>1,W51,"") | N51: =IF($E$29>33,$F$29,0) -> 0 | T51: 34th EQUITY PAYMENT | W51: =IF(AND(DAY(W50)>=6,DAY(W50)<=20),DATE(YEAR(W50),MONTH(W50)+1,DAY(20)),IF(AND(DAY(W50)>=21,DAY(W50)<=30),DATE(YEAR(W50),MONTH(W50)+1,IF(DAY(EOMONTH(W50,1))<30,DAY(EOMONTH(W50,1)),DAY(30))),DATE(YEAR(W50),MONTH(W50)+1,DAY(5)))) -> 46970
K52: =IF(N52>1,T52,0) -> 0 | M52: =IF(N52>1,W52,"") | N52: =IF($E$29>34,$F$29,0) -> 0 | T52: 35th EQUITY PAYMENT | W52: =IF(AND(DAY(W51)>=6,DAY(W51)<=20),DATE(YEAR(W51),MONTH(W51)+1,DAY(20)),IF(AND(DAY(W51)>=21,DAY(W51)<=30),DATE(YEAR(W51),MONTH(W51)+1,IF(DAY(EOMONTH(W51,1))<30,DAY(EOMONTH(W51,1)),DAY(30))),DATE(YEAR(W51),MONTH(W51)+1,DAY(5)))) -> 47001
K53: =IF(N53>1,T53,0) -> 0 | M53: =IF(N53>1,W53,"") | N53: =IF($E$29>35,$F$29,0) -> 0 | T53: 36th EQUITY PAYMENT | W53: =IF(AND(DAY(W52)>=6,DAY(W52)<=20),DATE(YEAR(W52),MONTH(W52)+1,DAY(20)),IF(AND(DAY(W52)>=21,DAY(W52)<=30),DATE(YEAR(W52),MONTH(W52)+1,IF(DAY(EOMONTH(W52,1))<30,DAY(EOMONTH(W52,1)),DAY(30))),DATE(YEAR(W52),MONTH(W52)+1,DAY(5)))) -> 47031
K54: =IF(N54>1,T54,0) -> 0 | M54: =IF(N54>1,W54,"") | N54: =IF($E$29>36,$F$29,0) -> 0 | T54: 37th EQUITY PAYMENT | W54: =IF(AND(DAY(W53)>=6,DAY(W53)<=20),DATE(YEAR(W53),MONTH(W53)+1,DAY(20)),IF(AND(DAY(W53)>=21,DAY(W53)<=30),DATE(YEAR(W53),MONTH(W53)+1,IF(DAY(EOMONTH(W53,1))<30,DAY(EOMONTH(W53,1)),DAY(30))),DATE(YEAR(W53),MONTH(W53)+1,DAY(5)))) -> 47062
K55: =IF(N55>1,T55,0) -> 0 | M55: =IF(N55>1,W55,"") | N55: =IF($E$29>37,$F$29,0) -> 0 | T55: 38th EQUITY PAYMENT | W55: =IF(AND(DAY(W54)>=6,DAY(W54)<=20),DATE(YEAR(W54),MONTH(W54)+1,DAY(20)),IF(AND(DAY(W54)>=21,DAY(W54)<=30),DATE(YEAR(W54),MONTH(W54)+1,IF(DAY(EOMONTH(W54,1))<30,DAY(EOMONTH(W54,1)),DAY(30))),DATE(YEAR(W54),MONTH(W54)+1,DAY(5)))) -> 47092
K56: =IF(N56>1,T56,0) -> 0 | M56: =IF(N56>1,W56,"") | N56: =IF($E$29>38,$F$29,0) -> 0 | T56: 39th EQUITY PAYMENT | W56: =IF(AND(DAY(W55)>=6,DAY(W55)<=20),DATE(YEAR(W55),MONTH(W55)+1,DAY(20)),IF(AND(DAY(W55)>=21,DAY(W55)<=30),DATE(YEAR(W55),MONTH(W55)+1,IF(DAY(EOMONTH(W55,1))<30,DAY(EOMONTH(W55,1)),DAY(30))),DATE(YEAR(W55),MONTH(W55)+1,DAY(5)))) -> 47123
K57: =IF(N57>1,T57,0) -> 0 | M57: =IF(N57>1,W57,"") | N57: =IF($E$29>39,$F$29,0) -> 0 | T57: 40th EQUITY PAYMENT | W57: =IF(AND(DAY(W56)>=6,DAY(W56)<=20),DATE(YEAR(W56),MONTH(W56)+1,DAY(20)),IF(AND(DAY(W56)>=21,DAY(W56)<=30),DATE(YEAR(W56),MONTH(W56)+1,IF(DAY(EOMONTH(W56,1))<30,DAY(EOMONTH(W56,1)),DAY(30))),DATE(YEAR(W56),MONTH(W56)+1,DAY(5)))) -> 47154
K58: =IF(N58>1,T58,0) -> 0 | M58: =IF(N58>1,W58,"") | N58: =IF($E$29>40,$F$29,0) -> 0 | T58: 41st EQUITY PAYMENT | W58: =IF(AND(DAY(W57)>=6,DAY(W57)<=20),DATE(YEAR(W57),MONTH(W57)+1,DAY(20)),IF(AND(DAY(W57)>=21,DAY(W57)<=30),DATE(YEAR(W57),MONTH(W57)+1,IF(DAY(EOMONTH(W57,1))<30,DAY(EOMONTH(W57,1)),DAY(30))),DATE(YEAR(W57),MONTH(W57)+1,DAY(5)))) -> 47182
K59: =IF(N59>1,T59,0) -> 0 | M59: =IF(N59>1,W59,"") | N59: =IF($E$29>41,$F$29,0) -> 0 | T59: 42nd EQUITY PAYMENT | W59: =IF(AND(DAY(W58)>=6,DAY(W58)<=20),DATE(YEAR(W58),MONTH(W58)+1,DAY(20)),IF(AND(DAY(W58)>=21,DAY(W58)<=30),DATE(YEAR(W58),MONTH(W58)+1,IF(DAY(EOMONTH(W58,1))<30,DAY(EOMONTH(W58,1)),DAY(30))),DATE(YEAR(W58),MONTH(W58)+1,DAY(5)))) -> 47213
K60: =IF(N60>1,T60,0) -> 0 | M60: =IF(N60>1,W60,"") | N60: =IF($E$29>42,$F$29,0) -> 0 | T60: 43rd EQUITY PAYMENT | W60: =IF(AND(DAY(W59)>=6,DAY(W59)<=20),DATE(YEAR(W59),MONTH(W59)+1,DAY(20)),IF(AND(DAY(W59)>=21,DAY(W59)<=30),DATE(YEAR(W59),MONTH(W59)+1,IF(DAY(EOMONTH(W59,1))<30,DAY(EOMONTH(W59,1)),DAY(30))),DATE(YEAR(W59),MONTH(W59)+1,DAY(5)))) -> 47243
K61: =IF(N61>1,T61,0) -> 0 | M61: =IF(N61>1,W61,"") | N61: =IF($E$29>43,$F$29,0) -> 0 | T61: 44th EQUITY PAYMENT | W61: =IF(AND(DAY(W60)>=6,DAY(W60)<=20),DATE(YEAR(W60),MONTH(W60)+1,DAY(20)),IF(AND(DAY(W60)>=21,DAY(W60)<=30),DATE(YEAR(W60),MONTH(W60)+1,IF(DAY(EOMONTH(W60,1))<30,DAY(EOMONTH(W60,1)),DAY(30))),DATE(YEAR(W60),MONTH(W60)+1,DAY(5)))) -> 47274
K62: =IF(N62>1,T62,0) -> 0 | M62: =IF(N62>1,W62,"") | N62: =IF($E$29>44,$F$29,0) -> 0 | T62: 45th EQUITY PAYMENT | W62: =IF(AND(DAY(W61)>=6,DAY(W61)<=20),DATE(YEAR(W61),MONTH(W61)+1,DAY(20)),IF(AND(DAY(W61)>=21,DAY(W61)<=30),DATE(YEAR(W61),MONTH(W61)+1,IF(DAY(EOMONTH(W61,1))<30,DAY(EOMONTH(W61,1)),DAY(30))),DATE(YEAR(W61),MONTH(W61)+1,DAY(5)))) -> 47304
K63: =IF(N63>1,T63,0) -> 0 | M63: =IF(N63>1,W63,"") | N63: =IF($E$29>45,$F$29,0) -> 0 | T63: 46th EQUITY PAYMENT
K64: BALANCE | M64: =IF(DAY(W17)=31,Y19,AA19) -> 46147 | N64: =F31 -> 9808708.8
B67: Prepared by: | F67: Conformed: | K67: Prepared by: | O67: Conformed:
F70: =[3]FORM!I28 -> 0 | K70: =B70 -> 0
B71: Date | F71: Date: | K71: Date | O71: Date:
A239: =(F15-#REF!)*12% -> #REF!
AS385: 20000 | AU385: 24
AS386: 15000
AD770: 1

Sheet SPC Unit E
C1: =(F15-(F16+F25))*12% -> 1139572 | D1: =[3]FORM!A14 -> 107 | J1: 0.01
B2: DATE : | C2: =NOW() -> 45932.594 | F2: PAGE | G2: 1 of 2 | K2: DATE : | L2: =C2 -> 45932.594 | P2: PAGE | Q2: 2 of 2
B4: STANDARD PACKAGE COMPUTATION | K4: PAYMENT SCHEDULE
B6: CLIENT'S NAME | D6: : | K6: CLIENT'S NAME | M6: : | N6: =E6 -> 0
B7: PROJECT NAME | D7: : | E7: =Pricelink!E18 -> Terraces Commonwealth Townhouse | K7: PROJECT NAME | M7: : | N7: =E7 -> Terraces Commonwealth Townhouse
B8: UNIT ID | D8: : | E8: =Pricelink!C30 -> Unit E | K8: UNIT NUMBER | M8: : | N8: =E8 -> Unit E
B10: UNIT TYPE | D10: : | E10: =Pricelink!E30 -> Rear | K10: UNIT TYPE | M10: : | N10: =E10 -> Rear
B11: LOT AREA | D11: : | E11: =Pricelink!F30 -> 56 | G11: SQM. | K11: LIVEABLE AREA | M11: : | N11: =E11 -> 56 | P11: SQM.
B12: TOTAL AREA | D12: : | E12: =Pricelink!G30 -> 161.92 | G12: SQM. | K12: BALCONY AREA | M12: : | N12: =E12 -> 161.92 | P12: SQM.
B15: TOTAL SELLING PRICE | D15: : | F15: =SUM(Pricelink!H30) -> 9496433.6 | K15: PARTICULARS | M15: DATE | N15: AMOUNT | P15: REMARKS
B16: Less: Promo Discount on TSP | D16: :
B17: NET SELLING PRICE | D17: : | F17: =F15-F16 -> 9496433.6 | K17: RESERVATION FEE | M17: =C2 -> 45932.594 | N17: =F26 -> 50000 | W17: =M17 -> 45932.594 | X17: =EDATE(W17,E29) -> 46297
K18: =IF(N18>1,T18,0) -> 1st EQUITY PAYMENT | M18: =IF(N18>1,W18,"") -> 45966 | N18: =IF(E29>0,F29,"") -> 169934.62 | T18: 1st EQUITY PAYMENT | W18: =IF(DAY(W17)=31,Y20,AA20) -> 45966 | Y18: 31st of the month
B19: Add: VAT | D19: : | E19: 0 | F19: =E19*F17 -> 0 | K19: =IF(N19>1,T19,0) -> 2nd EQUITY PAYMENT | M19: =IF(N19>1,W19,"") -> 45996 | N19: =IF(E29>1,F29,0) -> 169934.62 | T19: 2nd EQUITY PAYMENT | W19: =IF(AND(DAY(W18)>=6,DAY(W18)<=20),DATE(YEAR(W18),MONTH(W18)+1,DAY(20)),IF(AND(DAY(W18)>=21,DAY(W18)<=30),DATE(YEAR(W18),MONTH(W18)+1,IF(DAY(EOMONTH(W18,1))<30,DAY(EOMONTH(W18,1)),DAY(30))),DATE(YEAR(W18),MONTH(W18)+1,DAY(5)))) -> 45996 | X19: balance | Y19: =IF(DAY(W17)=31,DATE(YEAR(X17),MONTH(X17)+2,DAY(5))) -> FALSE | AA19: =IF(AND(DAY(X17)>=6,DAY(X17)<=20),DATE(YEAR(X17),MONTH(X17)+1,DAY(20)),IF(AND(DAY(X17)>=21,DAY(X17)<=31),DATE(YEAR(X17),MONTH(X17)+1,IF(DAY(EOMONTH(X17,1))<30,DAY(EOMONTH(X17,1)),DAY(30))),DATE(YEAR(X17),MONTH(X17)+1,DAY(5)))) -> 46331
B20: Add: Legal & Misc. Fees | D20: : | E20: 0.1 | F20: =E20*F15 -> 949643.36 | K20: =IF(N20>1,T20,0) -> 3rd EQUITY PAYMENT | M20: =IF(N20>1,W20,"") -> 46027 | N20: =IF(E29>2,F29,0) -> 169934.62 | T20: 3rd EQUITY PAYMENT | W20: =IF(AND(DAY(W19)>=6,DAY(W19)<=20),DATE(YEAR(W19),MONTH(W19)+1,DAY(20)),IF(AND(DAY(W19)>=21,DAY(W19)<=30),DATE(YEAR(W19),MONTH(W19)+1,IF(DAY(EOMONTH(W19,1))<30,DAY(EOMONTH(W19,1)),DAY(30))),DATE(YEAR(W19),MONTH(W19)+1,DAY(5)))) -> 46027 | X20: equity | Y20: =IF(DAY(W17)=31,DATE(YEAR(W17),MONTH(W17)+2,DAY(5))) -> FALSE | AA20: =IF(AND(DAY(W17)>=6,DAY(W17)<=20),DATE(YEAR(W17),MONTH(W17)+1,DAY(20)),IF(AND(DAY(W17)>=21,DAY(W17)<=30),DATE(YEAR(W17),MONTH(W17)+1,IF(DAY(EOMONTH(W17,1))<31,DAY(EOMONTH(W17,1)),DAY(30))),DATE(YEAR(W17),MONTH(W17)+1,DAY(5)))) -> 45966
K21: =IF(N21>1,T21,0) -> 4th EQUITY PAYMENT | M21: =IF(N21>1,W21,"") -> 46058 | N21: =IF(E29>3,F29,0) -> 169934.62 | T21: 4th EQUITY PAYMENT | W21: =IF(AND(DAY(W20)>=6,DAY(W20)<=20),DATE(YEAR(W20),MONTH(W20)+1,DAY(20)),IF(AND(DAY(W20)>=21,DAY(W20)<=30),DATE(YEAR(W20),MONTH(W20)+1,IF(DAY(EOMONTH(W20,1))<30,DAY(EOMONTH(W20,1)),DAY(30))),DATE(YEAR(W20),MONTH(W20)+1,DAY(5)))) -> 46058
B22: TOTAL CONTRACT PRICE | D22: : | F22: =F17+F19+F20 -> 10446077 | K22: =IF(N22>1,T22,0) -> 5th EQUITY PAYMENT | M22: =IF(N22>1,W22,"") -> 46086 | N22: =IF(E29>4,F29,0) -> 169934.62 | T22: 5th EQUITY PAYMENT | W22: =IF(AND(DAY(W21)>=6,DAY(W21)<=20),DATE(YEAR(W21),MONTH(W21)+1,DAY(20)),IF(AND(DAY(W21)>=21,DAY(W21)<=30),DATE(YEAR(W21),MONTH(W21)+1,IF(DAY(EOMONTH(W21,1))<30,DAY(EOMONTH(W21,1)),DAY(30))),DATE(YEAR(W21),MONTH(W21)+1,DAY(5)))) -> 46086
K23: =IF(N23>1,T23,0) -> 6th EQUITY PAYMENT | M23: =IF(N23>1,W23,"") -> 46117 | N23: =IF(E29>5,F29,0) -> 169934.62 | T23: 6th EQUITY PAYMENT | W23: =IF(AND(DAY(W22)>=6,DAY(W22)<=20),DATE(YEAR(W22),MONTH(W22)+1,DAY(20)),IF(AND(DAY(W22)>=21,DAY(W22)<=30),DATE(YEAR(W22),MONTH(W22)+1,IF(DAY(EOMONTH(W22,1))<30,DAY(EOMONTH(W22,1)),DAY(30))),DATE(YEAR(W22),MONTH(W22)+1,DAY(5)))) -> 46117
B24: Equity down Payment | D24: : | E24: =IF([3]FORM!I26="",[3]FORM!I24,[3]FORM!I26) -> 0.2 | F24: =F22*E24 -> 2089215.4 | K24: =IF(N24>1,T24,0) -> 7th EQUITY PAYMENT | M24: =IF(N24>1,W24,"") -> 46147 | N24: =IF(E29>6,F29,0) -> 169934.62 | T24: 7th EQUITY PAYMENT | W24: =IF(AND(DAY(W23)>=6,DAY(W23)<=20),DATE(YEAR(W23),MONTH(W23)+1,DAY(20)),IF(AND(DAY(W23)>=21,DAY(W23)<=30),DATE(YEAR(W23),MONTH(W23)+1,IF(DAY(EOMONTH(W23,1))<30,DAY(EOMONTH(W23,1)),DAY(30))),DATE(YEAR(W23),MONTH(W23)+1,DAY(5)))) -> 46147
B25: less: Promo Discount on Equity | D25: =D24 -> : | F25: 0 | K25: =IF(N25>1,T25,0) -> 8th EQUITY PAYMENT | M25: =IF(N25>1,W25,"") -> 46178 | N25: =IF(E29>7,F29,0) -> 169934.62 | T25: 8th EQUITY PAYMENT | W25: =IF(AND(DAY(W24)>=6,DAY(W24)<=20),DATE(YEAR(W24),MONTH(W24)+1,DAY(20)),IF(AND(DAY(W24)>=21,DAY(W24)<=30),DATE(YEAR(W24),MONTH(W24)+1,IF(DAY(EOMONTH(W24,1))<30,DAY(EOMONTH(W24,1)),DAY(30))),DATE(YEAR(W24),MONTH(W24)+1,DAY(5)))) -> 46178
B26: less: Reservation Fee | D26: : | F26: 50000 | K26: =IF(N26>1,T26,0) -> 9th EQUITY PAYMENT | M26: =IF(N26>1,W26,"") -> 46208 | N26: =IF(E29>8,F29,0) -> 169934.62 | T26: 9th EQUITY PAYMENT | W26: =IF(AND(DAY(W25)>=6,DAY(W25)<=20),DATE(YEAR(W25),MONTH(W25)+1,DAY(20)),IF(AND(DAY(W25)>=21,DAY(W25)<=30),DATE(YEAR(W25),MONTH(W25)+1,IF(DAY(EOMONTH(W25,1))<30,DAY(EOMONTH(W25,1)),DAY(30))),DATE(YEAR(W25),MONTH(W25)+1,DAY(5)))) -> 46208
B27: Net Equity Payment | D27: : | F27: =F24-F25-F26 -> 2039215.4 | K27: =IF(N27>1,T27,0) -> 10th EQUITY PAYMENT | M27: =IF(N27>1,W27,"") -> 46239 | N27: =IF(E29>9,F29,0) -> 169934.62 | T27: 10th EQUITY PAYMENT | W27: =IF(AND(DAY(W26)>=6,DAY(W26)<=20),DATE(YEAR(W26),MONTH(W26)+1,DAY(20)),IF(AND(DAY(W26)>=21,DAY(W26)<=30),DATE(YEAR(W26),MONTH(W26)+1,IF(DAY(EOMONTH(W26,1))<30,DAY(EOMONTH(W26,1)),DAY(30))),DATE(YEAR(W26),MONTH(W26)+1,DAY(5)))) -> 46239
K28: =IF(N28>1,T28,0) -> 11th EQUITY PAYMENT | M28: =IF(N28>1,W28,"") -> 46270 | N28: =IF(E29>10,F29,0) -> 169934.62 | T28: 11th EQUITY PAYMENT | W28: =IF(AND(DAY(W27)>=6,DAY(W27)<=20),DATE(YEAR(W27),MONTH(W27)+1,DAY(20)),IF(AND(DAY(W27)>=21,DAY(W27)<=30),DATE(YEAR(W27),MONTH(W27)+1,IF(DAY(EOMONTH(W27,1))<30,DAY(EOMONTH(W27,1)),DAY(30))),DATE(YEAR(W27),MONTH(W27)+1,DAY(5)))) -> 46270
B29: Monthly Equity | D29: : | E29: =Pricelink!N30 -> 12 | F29: =F27/E29 -> 169934.62 | K29: =IF(N29>1,T29,0) -> 12th EQUITY PAYMENT | M29: =IF(N29>1,W29,"") -> 46300 | N29: =IF(E29>11,F29,0) -> 169934.62 | T29: 12th EQUITY PAYMENT | W29: =IF(AND(DAY(W28)>=6,DAY(W28)<=20),DATE(YEAR(W28),MONTH(W28)+1,DAY(20)),IF(AND(DAY(W28)>=21,DAY(W28)<=30),DATE(YEAR(W28),MONTH(W28)+1,IF(DAY(EOMONTH(W28,1))<30,DAY(EOMONTH(W28,1)),DAY(30))),DATE(YEAR(W28),MONTH(W28)+1,DAY(5)))) -> 46300
K30: =IF(N30>1,T30,0) -> 0 | M30: =IF(N30>1,W30,"") | N30: =IF(E29>12,F29,0) -> 0 | T30: 13th EQUITY PAYMENT | W30: =IF(AND(DAY(W29)>=6,DAY(W29)<=20),DATE(YEAR(W29),MONTH(W29)+1,DAY(20)),IF(AND(DAY(W29)>=21,DAY(W29)<=30),DATE(YEAR(W29),MONTH(W29)+1,IF(DAY(EOMONTH(W29,1))<30,DAY(EOMONTH(W29,1)),DAY(30))),DATE(YEAR(W29),MONTH(W29)+1,DAY(5)))) -> 46331
B31: FULL BALANCE (TCP) | D31: : | E31: =100%-E24 -> 0.8 | F31: =F22*E31 -> 8356861.6 | K31: =IF(N31>1,T31,0) -> 0 | M31: =IF(N31>1,W31,"") | N31: =IF(E29>13,F29,0) -> 0 | T31: 14th EQUITY PAYMENT | W31: =IF(AND(DAY(W30)>=6,DAY(W30)<=20),DATE(YEAR(W30),MONTH(W30)+1,DAY(20)),IF(AND(DAY(W30)>=21,DAY(W30)<=30),DATE(YEAR(W30),MONTH(W30)+1,IF(DAY(EOMONTH(W30,1))<30,DAY(EOMONTH(W30,1)),DAY(30))),DATE(YEAR(W30),MONTH(W30)+1,DAY(5)))) -> 46361
K32: =IF(N32>1,T32,0) -> 0 | M32: =IF(N32>1,W32,"") | N32: =IF(E29>14,F29,0) -> 0 | T32: 15th EQUITY PAYMENT | W32: =IF(AND(DAY(W31)>=6,DAY(W31)<=20),DATE(YEAR(W31),MONTH(W31)+1,DAY(20)),IF(AND(DAY(W31)>=21,DAY(W31)<=30),DATE(YEAR(W31),MONTH(W31)+1,IF(DAY(EOMONTH(W31,1))<30,DAY(EOMONTH(W31,1)),DAY(30))),DATE(YEAR(W31),MONTH(W31)+1,DAY(5)))) -> 46392
B33: Estimated Monthly Amortization | K33: =IF(N33>1,T33,0) -> 0 | M33: =IF(N33>1,W33,"") | N33: =IF(E29>15,F29,0) -> 0 | T33: 16th EQUITY PAYMENT | W33: =IF(AND(DAY(W32)>=6,DAY(W32)<=20),DATE(YEAR(W32),MONTH(W32)+1,DAY(20)),IF(AND(DAY(W32)>=21,DAY(W32)<=30),DATE(YEAR(W32),MONTH(W32)+1,IF(DAY(EOMONTH(W32,1))<30,DAY(EOMONTH(W32,1)),DAY(30))),DATE(YEAR(W32),MONTH(W32)+1,DAY(5)))) -> 46423
K34: =IF(N34>1,T34,0) -> 0 | M34: =IF(N34>1,W34,"") | N34: =IF(E29>16,F29,0) -> 0 | T34: 17th EQUITY PAYMENT | W34: =IF(AND(DAY(W33)>=6,DAY(W33)<=20),DATE(YEAR(W33),MONTH(W33)+1,DAY(20)),IF(AND(DAY(W33)>=21,DAY(W33)<=30),DATE(YEAR(W33),MONTH(W33)+1,IF(DAY(EOMONTH(W33,1))<30,DAY(EOMONTH(W33,1)),DAY(30))),DATE(YEAR(W33),MONTH(W33)+1,DAY(5)))) -> 46451
B35: Term | C35: Interest Rate | D35: Factor Rate | E35: Amount | F35: Income Requirement | K35: =IF(N35>1,T35,0) -> 0 | M35: =IF(N35>1,W35,"") | N35: =IF(E29>17,F29,0) -> 0 | T35: 18th EQUITY PAYMENT | W35: =IF(AND(DAY(W34)>=6,DAY(W34)<=20),DATE(YEAR(W34),MONTH(W34)+1,DAY(20)),IF(AND(DAY(W34)>=21,DAY(W34)<=30),DATE(YEAR(W34),MONTH(W34)+1,IF(DAY(EOMONTH(W34,1))<30,DAY(EOMONTH(W34,1)),DAY(30))),DATE(YEAR(W34),MONTH(W34)+1,DAY(5)))) -> 46482
B36: 5 | C36: 0.08 | D36: =PMT(C36/12,B36*12,-1) -> 0.020276394 | E36: =F31*D36 -> 169447.02 | F36: =E36/0.3 -> 564823.4 | K36: =IF(N36>1,T36,0) -> 0 | M36: =IF(N36>1,W36,"") | N36: =IF(E29>18,F29,0) -> 0 | T36: 19th EQUITY PAYMENT | W36: =IF(AND(DAY(W35)>=6,DAY(W35)<=20),DATE(YEAR(W35),MONTH(W35)+1,DAY(20)),IF(AND(DAY(W35)>=21,DAY(W35)<=30),DATE(YEAR(W35),MONTH(W35)+1,IF(DAY(EOMONTH(W35,1))<30,DAY(EOMONTH(W35,1)),DAY(30))),DATE(YEAR(W35),MONTH(W35)+1,DAY(5)))) -> 46512
B37: 10 | C37: 0.08 | D37: =PMT(C37/12,B37*12,-1) -> 0.012132759 | E37: =F31*D37 -> 101391.79 | F37: =E37/0.3 -> 337972.64 | K37: =IF(N37>1,T37,0) -> 0 | M37: =IF(N37>1,W37,"") | N37: =IF(E29>19,F29,0) -> 0 | T37: 20th EQUITY PAYMENT | W37: =IF(AND(DAY(W36)>=6,DAY(W36)<=20),DATE(YEAR(W36),MONTH(W36)+1,DAY(20)),IF(AND(DAY(W36)>=21,DAY(W36)<=30),DATE(YEAR(W36),MONTH(W36)+1,IF(DAY(EOMONTH(W36,1))<30,DAY(EOMONTH(W36,1)),DAY(30))),DATE(YEAR(W36),MONTH(W36)+1,DAY(5)))) -> 46543
B38: 15 | C38: 0.08 | D38: =PMT(C38/12,B38*12,-1) -> 0.0095565208 | E38: =F31*D38 -> 79862.522 | F38: =E38/0.3 -> 266208.41 | K38: =IF(N38>1,T38,0) -> 0 | M38: =IF(N38>1,W38,"") | N38: =IF(E29>20,F29,0) -> 0 | T38: 21st EQUITY PAYMENT | W38: =IF(AND(DAY(W37)>=6,DAY(W37)<=20),DATE(YEAR(W37),MONTH(W37)+1,DAY(20)),IF(AND(DAY(W37)>=21,DAY(W37)<=30),DATE(YEAR(W37),MONTH(W37)+1,IF(DAY(EOMONTH(W37,1))<30,DAY(EOMONTH(W37,1)),DAY(30))),DATE(YEAR(W37),MONTH(W37)+1,DAY(5)))) -> 46573
B39: Fixed for five (5) years | K39: =IF(N39>1,T39,0) -> 0 | M39: =IF(N39>1,W39,"") | N39: =IF(E29>21,F29,0) -> 0 | T39: 22nd EQUITY PAYMENT | W39: =IF(AND(DAY(W38)>=6,DAY(W38)<=20),DATE(YEAR(W38),MONTH(W38)+1,DAY(20)),IF(AND(DAY(W38)>=21,DAY(W38)<=30),DATE(YEAR(W38),MONTH(W38)+1,IF(DAY(EOMONTH(W38,1))<30,DAY(EOMONTH(W38,1)),DAY(30))),DATE(YEAR(W38),MONTH(W38)+1,DAY(5)))) -> 46604
B40: Sample Computation for Interest rate is at 8% fixed for five (5) years only | K40: =IF(N40>1,T40,0) -> 0 | M40: =IF(N40>1,W40,"") | N40: =IF(E29>22,F29,0) -> 0 | T40: 23rd EQUITY PAYMENT | W40: =IF(AND(DAY(W39)>=6,DAY(W39)<=20),DATE(YEAR(W39),MONTH(W39)+1,DAY(20)),IF(AND(DAY(W39)>=21,DAY(W39)<=30),DATE(YEAR(W39),MONTH(W39)+1,IF(DAY(EOMONTH(W39,1))<30,DAY(EOMONTH(W39,1)),DAY(30))),DATE(YEAR(W39),MONTH(W39)+1,DAY(5)))) -> 46635 | AN40: 3128866
B41: A. Prices are subject to change without prior notice. | K41: =IF(N41>1,T41,0) -> 0 | M41: =IF(N41>1,W41,"") | N41: =IF(E29>24,F29,0) -> 0 | T41: 24th EQUITY PAYMENT | W41: =IF(AND(DAY(W40)>=6,DAY(W40)<=20),DATE(YEAR(W40),MONTH(W40)+1,DAY(20)),IF(AND(DAY(W40)>=21,DAY(W40)<=30),DATE(YEAR(W40),MONTH(W40)+1,IF(DAY(EOMONTH(W40,1))<30,DAY(EOMONTH(W40,1)),DAY(30))),DATE(YEAR(W40),MONTH(W40)+1,DAY(5)))) -> 46665
B42: B. Bank Fees rates may vary per bank. | K42: =IF(N42>1,T42,0) -> 0 | M42: =IF(N42>1,W42,"") | N42: =IF(E29>24,F29,0) -> 0 | T42: 25th EQUITY PAYMENT | W42: =IF(AND(DAY(W41)>=6,DAY(W41)<=20),DATE(YEAR(W41),MONTH(W41)+1,DAY(20)),IF(AND(DAY(W41)>=21,DAY(W41)<=30),DATE(YEAR(W41),MONTH(W41)+1,IF(DAY(EOMONTH(W41,1))<30,DAY(EOMONTH(W41,1)),DAY(30))),DATE(YEAR(W41),MONTH(W41)+1,DAY(5)))) -> 46696
K43: =IF(N43>1,T43,0) -> 0 | M43: =IF(N43>1,W43,"") | N43: =IF(E29>25,F29,0) -> 0 | T43: 26th EQUITY PAYMENT | W43: =IF(AND(DAY(W42)>=6,DAY(W42)<=20),DATE(YEAR(W42),MONTH(W42)+1,DAY(20)),IF(AND(DAY(W42)>=21,DAY(W42)<=30),DATE(YEAR(W42),MONTH(W42)+1,IF(DAY(EOMONTH(W42,1))<30,DAY(EOMONTH(W42,1)),DAY(30))),DATE(YEAR(W42),MONTH(W42)+1,DAY(5)))) -> 46726
B44: APPLICABLE PROMO/DISCOUNTS | K44: =IF(N44>1,T44,0) -> 0 | M44: =IF(N44>1,W44,"") | N44: =IF(E29>26,F29,0) -> 0 | T44: 27th EQUITY PAYMENT | W44: =IF(AND(DAY(W43)>=6,DAY(W43)<=20),DATE(YEAR(W43),MONTH(W43)+1,DAY(20)),IF(AND(DAY(W43)>=21,DAY(W43)<=30),DATE(YEAR(W43),MONTH(W43)+1,IF(DAY(EOMONTH(W43,1))<30,DAY(EOMONTH(W43,1)),DAY(30))),DATE(YEAR(W43),MONTH(W43)+1,DAY(5)))) -> 46757
K45: =IF(N45>1,T45,0) -> 0 | M45: =IF(N45>1,W45,"") | N45: =IF($E$29>27,$F$29,0) -> 0 | T45: 28th EQUITY PAYMENT | W45: =IF(AND(DAY(W44)>=6,DAY(W44)<=20),DATE(YEAR(W44),MONTH(W44)+1,DAY(20)),IF(AND(DAY(W44)>=21,DAY(W44)<=30),DATE(YEAR(W44),MONTH(W44)+1,IF(DAY(EOMONTH(W44,1))<30,DAY(EOMONTH(W44,1)),DAY(30))),DATE(YEAR(W44),MONTH(W44)+1,DAY(5)))) -> 46788
K46: =IF(N46>1,T46,0) -> 0 | M46: =IF(N46>1,W46,"") | N46: =IF($E$29>28,$F$29,0) -> 0 | T46: 29th EQUITY PAYMENT | W46: =IF(AND(DAY(W45)>=6,DAY(W45)<=20),DATE(YEAR(W45),MONTH(W45)+1,DAY(20)),IF(AND(DAY(W45)>=21,DAY(W45)<=30),DATE(YEAR(W45),MONTH(W45)+1,IF(DAY(EOMONTH(W45,1))<30,DAY(EOMONTH(W45,1)),DAY(30))),DATE(YEAR(W45),MONTH(W45)+1,DAY(5)))) -> 46817
K47: =IF(N47>1,T47,0) -> 0 | M47: =IF(N47>1,W47,"") | N47: =IF($E$29>29,$F$29,0) -> 0 | T47: 30th EQUITY PAYMENT | W47: =IF(AND(DAY(W46)>=6,DAY(W46)<=20),DATE(YEAR(W46),MONTH(W46)+1,DAY(20)),IF(AND(DAY(W46)>=21,DAY(W46)<=30),DATE(YEAR(W46),MONTH(W46)+1,IF(DAY(EOMONTH(W46,1))<30,DAY(EOMONTH(W46,1)),DAY(30))),DATE(YEAR(W46),MONTH(W46)+1,DAY(5)))) -> 46848
K48: =IF(N48>1,T48,0) -> 0 | M48: =IF(N48>1,W48,"") | N48: =IF($E$29>30,$F$29,0) -> 0 | T48: 31st EQUITY PAYMENT | W48: =IF(AND(DAY(W47)>=6,DAY(W47)<=20),DATE(YEAR(W47),MONTH(W47)+1,DAY(20)),IF(AND(DAY(W47)>=21,DAY(W47)<=30),DATE(YEAR(W47),MONTH(W47)+1,IF(DAY(EOMONTH(W47,1))<30,DAY(EOMONTH(W47,1)),DAY(30))),DATE(YEAR(W47),MONTH(W47)+1,DAY(5)))) -> 46878
K49: =IF(N49>1,T49,0) -> 0 | M49: =IF(N49>1,W49,"") | N49: =IF($E$29>31,$F$29,0) -> 0 | T49: 32nd EQUITY PAYMENT | W49: =IF(AND(DAY(W48)>=6,DAY(W48)<=20),DATE(YEAR(W48),MONTH(W48)+1,DAY(20)),IF(AND(DAY(W48)>=21,DAY(W48)<=30),DATE(YEAR(W48),MONTH(W48)+1,IF(DAY(EOMONTH(W48,1))<30,DAY(EOMONTH(W48,1)),DAY(30))),DATE(YEAR(W48),MONTH(W48)+1,DAY(5)))) -> 46909
K50: =IF(N50>1,T50,0) -> 0 | M50: =IF(N50>1,W50,"") | N50: =IF($E$29>32,$F$29,0) -> 0 | T50: 33rd EQUITY PAYMENT | W50: =IF(AND(DAY(W49)>=6,DAY(W49)<=20),DATE(YEAR(W49),MONTH(W49)+1,DAY(20)),IF(AND(DAY(W49)>=21,DAY(W49)<=30),DATE(YEAR(W49),MONTH(W49)+1,IF(DAY(EOMONTH(W49,1))<30,DAY(EOMONTH(W49,1)),DAY(30))),DATE(YEAR(W49),MONTH(W49)+1,DAY(5)))) -> 46939
K51: =IF(N51>1,T51,0) -> 0 | M51: =IF(N51>1,W51,"") | N51: =IF($E$29>33,$F$29,0) -> 0 | T51: 34th EQUITY PAYMENT | W51: =IF(AND(DAY(W50)>=6,DAY(W50)<=20),DATE(YEAR(W50),MONTH(W50)+1,DAY(20)),IF(AND(DAY(W50)>=21,DAY(W50)<=30),DATE(YEAR(W50),MONTH(W50)+1,IF(DAY(EOMONTH(W50,1))<30,DAY(EOMONTH(W50,1)),DAY(30))),DATE(YEAR(W50),MONTH(W50)+1,DAY(5)))) -> 46970
K52: =IF(N52>1,T52,0) -> 0 | M52: =IF(N52>1,W52,"") | N52: =IF($E$29>34,$F$29,0) -> 0 | T52: 35th EQUITY PAYMENT | W52: =IF(AND(DAY(W51)>=6,DAY(W51)<=20),DATE(YEAR(W51),MONTH(W51)+1,DAY(20)),IF(AND(DAY(W51)>=21,DAY(W51)<=30),DATE(YEAR(W51),MONTH(W51)+1,IF(DAY(EOMONTH(W51,1))<30,DAY(EOMONTH(W51,1)),DAY(30))),DATE(YEAR(W51),MONTH(W51)+1,DAY(5)))) -> 47001
K53: =IF(N53>1,T53,0) -> 0 | M53: =IF(N53>1,W53,"") | N53: =IF($E$29>35,$F$29,0) -> 0 | T53: 36th EQUITY PAYMENT | W53: =IF(AND(DAY(W52)>=6,DAY(W52)<=20),DATE(YEAR(W52),MONTH(W52)+1,DAY(20)),IF(AND(DAY(W52)>=21,DAY(W52)<=30),DATE(YEAR(W52),MONTH(W52)+1,IF(DAY(EOMONTH(W52,1))<30,DAY(EOMONTH(W52,1)),DAY(30))),DATE(YEAR(W52),MONTH(W52)+1,DAY(5)))) -> 47031
K54: =IF(N54>1,T54,0) -> 0 | M54: =IF(N54>1,W54,"") | N54: =IF($E$29>36,$F$29,0) -> 0 | T54: 37th EQUITY PAYMENT | W54: =IF(AND(DAY(W53)>=6,DAY(W53)<=20),DATE(YEAR(W53),MONTH(W53)+1,DAY(20)),IF(AND(DAY(W53)>=21,DAY(W53)<=30),DATE(YEAR(W53),MONTH(W53)+1,IF(DAY(EOMONTH(W53,1))<30,DAY(EOMONTH(W53,1)),DAY(30))),DATE(YEAR(W53),MONTH(W53)+1,DAY(5)))) -> 47062
K55: =IF(N55>1,T55,0) -> 0 | M55: =IF(N55>1,W55,"") | N55: =IF($E$29>37,$F$29,0) -> 0 | T55: 38th EQUITY PAYMENT | W55: =IF(AND(DAY(W54)>=6,DAY(W54)<=20),DATE(YEAR(W54),MONTH(W54)+1,DAY(20)),IF(AND(DAY(W54)>=21,DAY(W54)<=30),DATE(YEAR(W54),MONTH(W54)+1,IF(DAY(EOMONTH(W54,1))<30,DAY(EOMONTH(W54,1)),DAY(30))),DATE(YEAR(W54),MONTH(W54)+1,DAY(5)))) -> 47092
K56: =IF(N56>1,T56,0) -> 0 | M56: =IF(N56>1,W56,"") | N56: =IF($E$29>38,$F$29,0) -> 0 | T56: 39th EQUITY PAYMENT | W56: =IF(AND(DAY(W55)>=6,DAY(W55)<=20),DATE(YEAR(W55),MONTH(W55)+1,DAY(20)),IF(AND(DAY(W55)>=21,DAY(W55)<=30),DATE(YEAR(W55),MONTH(W55)+1,IF(DAY(EOMONTH(W55,1))<30,DAY(EOMONTH(W55,1)),DAY(30))),DATE(YEAR(W55),MONTH(W55)+1,DAY(5)))) -> 47123
K57: =IF(N57>1,T57,0) -> 0 | M57: =IF(N57>1,W57,"") | N57: =IF($E$29>39,$F$29,0) -> 0 | T57: 40th EQUITY PAYMENT | W57: =IF(AND(DAY(W56)>=6,DAY(W56)<=20),DATE(YEAR(W56),MONTH(W56)+1,DAY(20)),IF(AND(DAY(W56)>=21,DAY(W56)<=30),DATE(YEAR(W56),MONTH(W56)+1,IF(DAY(EOMONTH(W56,1))<30,DAY(EOMONTH(W56,1)),DAY(30))),DATE(YEAR(W56),MONTH(W56)+1,DAY(5)))) -> 47154
K58: =IF(N58>1,T58,0) -> 0 | M58: =IF(N58>1,W58,"") | N58: =IF($E$29>40,$F$29,0) -> 0 | T58: 41st EQUITY PAYMENT | W58: =IF(AND(DAY(W57)>=6,DAY(W57)<=20),DATE(YEAR(W57),MONTH(W57)+1,DAY(20)),IF(AND(DAY(W57)>=21,DAY(W57)<=30),DATE(YEAR(W57),MONTH(W57)+1,IF(DAY(EOMONTH(W57,1))<30,DAY(EOMONTH(W57,1)),DAY(30))),DATE(YEAR(W57),MONTH(W57)+1,DAY(5)))) -> 47182
K59: =IF(N59>1,T59,0) -> 0 | M59: =IF(N59>1,W59,"") | N59: =IF($E$29>41,$F$29,0) -> 0 | T59: 42nd EQUITY PAYMENT | W59: =IF(AND(DAY(W58)>=6,DAY(W58)<=20),DATE(YEAR(W58),MONTH(W58)+1,DAY(20)),IF(AND(DAY(W58)>=21,DAY(W58)<=30),DATE(YEAR(W58),MONTH(W58)+1,IF(DAY(EOMONTH(W58,1))<30,DAY(EOMONTH(W58,1)),DAY(30))),DATE(YEAR(W58),MONTH(W58)+1,DAY(5)))) -> 47213
K60: =IF(N60>1,T60,0) -> 0 | M60: =IF(N60>1,W60,"") | N60: =IF($E$29>42,$F$29,0) -> 0 | T60: 43rd EQUITY PAYMENT | W60: =IF(AND(DAY(W59)>=6,DAY(W59)<=20),DATE(YEAR(W59),MONTH(W59)+1,DAY(20)),IF(AND(DAY(W59)>=21,DAY(W59)<=30),DATE(YEAR(W59),MONTH(W59)+1,IF(DAY(EOMONTH(W59,1))<30,DAY(EOMONTH(W59,1)),DAY(30))),DATE(YEAR(W59),MONTH(W59)+1,DAY(5)))) -> 47243
K61: =IF(N61>1,T61,0) -> 0 | M61: =IF(N61>1,W61,"") | N61: =IF($E$29>43,$F$29,0) -> 0 | T61: 44th EQUITY PAYMENT | W61: =IF(AND(DAY(W60)>=6,DAY(W60)<=20),DATE(YEAR(W60),MONTH(W60)+1,DAY(20)),IF(AND(DAY(W60)>=21,DAY(W60)<=30),DATE(YEAR(W60),MONTH(W60)+1,IF(DAY(EOMONTH(W60,1))<30,DAY(EOMONTH(W60,1)),DAY(30))),DATE(YEAR(W60),MONTH(W60)+1,DAY(5)))) -> 47274
K62: =IF(N62>1,T62,0) -> 0 | M62: =IF(N62>1,W62,"") | N62: =IF($E$29>44,$F$29,0) -> 0 | T62: 45th EQUITY PAYMENT | W62: =IF(AND(DAY(W61)>=6,DAY(W61)<=20),DATE(YEAR(W61),MONTH(W61)+1,DAY(20)),IF(AND(DAY(W61)>=21,DAY(W61)<=30),DATE(YEAR(W61),MONTH(W61)+1,IF(DAY(EOMONTH(W61,1))<30,DAY(EOMONTH(W61,1)),DAY(30))),DATE(YEAR(W61),MONTH(W61)+1,DAY(5)))) -> 47304
K63: =IF(N63>1,T63,0) -> 0 | M63: =IF(N63>1,W63,"") | N63: =IF($E$29>45,$F$29,0) -> 0 | T63: 46th EQUITY PAYMENT
K64: BALANCE | M64: =IF(DAY(W17)=31,Y19,AA19) -> 46331 | N64: =F31 -> 8356861.6
B67: Prepared by: | F67: Conformed: | K67: Prepared by: | O67: Conformed:
F70: =[3]FORM!I28 -> 0 | K70: =B70 -> 0
B71: Date | F71: Date: | K71: Date | O71: Date:
A239: =(F15-#REF!)*12% -> #REF!
AS385: 20000 | AU385: 24
AS386: 15000
AD770: 1

Sheet SPC Unit F
C1: =(F15-(F16+F25))*12% -> 1449987 | D1: =[3]FORM!A14 -> 107 | J1: 0.01
B2: DATE : | C2: =NOW() -> 45932.594 | F2: PAGE | G2: 1 of 2 | K2: DATE : | L2: =C2 -> 45932.594 | P2: PAGE | Q2: 2 of 2
B4: STANDARD PACKAGE COMPUTATION | K4: PAYMENT SCHEDULE
B6: CLIENT'S NAME | D6: : | K6: CLIENT'S NAME | M6: : | N6: =E6 -> 0
B7: PROJECT NAME | D7: : | E7: =Pricelink!E18 -> Terraces Commonwealth Townhouse | K7: PROJECT NAME | M7: : | N7: =E7 -> Terraces Commonwealth Townhouse
B8: UNIT ID | D8: : | E8: =Pricelink!C31 -> Unit F | K8: UNIT NUMBER | M8: : | N8: =E8 -> Unit F
B10: UNIT TYPE | D10: : | E10: =Pricelink!E31 -> Rear | K10: UNIT TYPE | M10: : | N10: =E10 -> Rear
B11: LOT AREA | D11: : | E11: =Pricelink!F31 -> 56 | G11: SQM. | K11: LIVEABLE AREA | M11: : | N11: =E11 -> 56 | P11: SQM.
B12: TOTAL AREA | D12: : | E12: =Pricelink!G31 -> 213.56 | G12: SQM. | K12: BALCONY AREA | M12: : | N12: =E12 -> 213.56 | P12: SQM.
B15: TOTAL SELLING PRICE | D15: : | F15: =SUM(Pricelink!H31) -> 12083225 | K15: PARTICULARS | M15: DATE | N15: AMOUNT | P15: REMARKS
B16: Less: Promo Discount on TSP | D16: : | F16: =F15*E16 -> 0
B17: NET SELLING PRICE | D17: : | F17: =F15-F16 -> 12083225 | K17: RESERVATION FEE | M17: =C2 -> 45932.594 | N17: =F26 -> 50000 | W17: =M17 -> 45932.594 | X17: =EDATE(W17,E29) -> 46114
K18: =IF(N18>1,T18,0) -> 1st EQUITY PAYMENT | M18: =IF(N18>1,W18,"") -> 45966 | N18: =IF(E29>0,F29,"") -> 434718.24 | T18: 1st EQUITY PAYMENT | W18: =IF(DAY(W17)=31,Y20,AA20) -> 45966 | Y18: 31st of the month
B19: Add: VAT | D19: : | E19: 0 | F19: =E19*F17 -> 0 | K19: =IF(N19>1,T19,0) -> 2nd EQUITY PAYMENT | M19: =IF(N19>1,W19,"") -> 45996 | N19: =IF(E29>1,F29,0) -> 434718.24 | T19: 2nd EQUITY PAYMENT | W19: =IF(AND(DAY(W18)>=6,DAY(W18)<=20),DATE(YEAR(W18),MONTH(W18)+1,DAY(20)),IF(AND(DAY(W18)>=21,DAY(W18)<=30),DATE(YEAR(W18),MONTH(W18)+1,IF(DAY(EOMONTH(W18,1))<30,DAY(EOMONTH(W18,1)),DAY(30))),DATE(YEAR(W18),MONTH(W18)+1,DAY(5)))) -> 45996 | X19: balance | Y19: =IF(DAY(W17)=31,DATE(YEAR(X17),MONTH(X17)+2,DAY(5))) -> FALSE | AA19: =IF(AND(DAY(X17)>=6,DAY(X17)<=20),DATE(YEAR(X17),MONTH(X17)+1,DAY(20)),IF(AND(DAY(X17)>=21,DAY(X17)<=31),DATE(YEAR(X17),MONTH(X17)+1,IF(DAY(EOMONTH(X17,1))<30,DAY(EOMONTH(X17,1)),DAY(30))),DATE(YEAR(X17),MONTH(X17)+1,DAY(5)))) -> 46147
B20: Add: Legal & Misc. Fees | D20: : | E20: 0.1 | F20: =E20*F15 -> 1208322.5 | K20: =IF(N20>1,T20,0) -> 3rd EQUITY PAYMENT | M20: =IF(N20>1,W20,"") -> 46027 | N20: =IF(E29>2,F29,0) -> 434718.24 | T20: 3rd EQUITY PAYMENT | W20: =IF(AND(DAY(W19)>=6,DAY(W19)<=20),DATE(YEAR(W19),MONTH(W19)+1,DAY(20)),IF(AND(DAY(W19)>=21,DAY(W19)<=30),DATE(YEAR(W19),MONTH(W19)+1,IF(DAY(EOMONTH(W19,1))<30,DAY(EOMONTH(W19,1)),DAY(30))),DATE(YEAR(W19),MONTH(W19)+1,DAY(5)))) -> 46027 | X20: equity | Y20: =IF(DAY(W17)=31,DATE(YEAR(W17),MONTH(W17)+2,DAY(5))) -> FALSE | AA20: =IF(AND(DAY(W17)>=6,DAY(W17)<=20),DATE(YEAR(W17),MONTH(W17)+1,DAY(20)),IF(AND(DAY(W17)>=21,DAY(W17)<=30),DATE(YEAR(W17),MONTH(W17)+1,IF(DAY(EOMONTH(W17,1))<31,DAY(EOMONTH(W17,1)),DAY(30))),DATE(YEAR(W17),MONTH(W17)+1,DAY(5)))) -> 45966
K21: =IF(N21>1,T21,0) -> 4th EQUITY PAYMENT | M21: =IF(N21>1,W21,"") -> 46058 | N21: =IF(E29>3,F29,0) -> 434718.24 | T21: 4th EQUITY PAYMENT | W21: =IF(AND(DAY(W20)>=6,DAY(W20)<=20),DATE(YEAR(W20),MONTH(W20)+1,DAY(20)),IF(AND(DAY(W20)>=21,DAY(W20)<=30),DATE(YEAR(W20),MONTH(W20)+1,IF(DAY(EOMONTH(W20,1))<30,DAY(EOMONTH(W20,1)),DAY(30))),DATE(YEAR(W20),MONTH(W20)+1,DAY(5)))) -> 46058
B22: TOTAL CONTRACT PRICE | D22: : | F22: =F17+F19+F20 -> 13291547 | K22: =IF(N22>1,T22,0) -> 5th EQUITY PAYMENT | M22: =IF(N22>1,W22,"") -> 46086 | N22: =IF(E29>4,F29,0) -> 434718.24 | T22: 5th EQUITY PAYMENT | W22: =IF(AND(DAY(W21)>=6,DAY(W21)<=20),DATE(YEAR(W21),MONTH(W21)+1,DAY(20)),IF(AND(DAY(W21)>=21,DAY(W21)<=30),DATE(YEAR(W21),MONTH(W21)+1,IF(DAY(EOMONTH(W21,1))<30,DAY(EOMONTH(W21,1)),DAY(30))),DATE(YEAR(W21),MONTH(W21)+1,DAY(5)))) -> 46086
K23: =IF(N23>1,T23,0) -> 6th EQUITY PAYMENT | M23: =IF(N23>1,W23,"") -> 46117 | N23: =IF(E29>5,F29,0) -> 434718.24 | T23: 6th EQUITY PAYMENT | W23: =IF(AND(DAY(W22)>=6,DAY(W22)<=20),DATE(YEAR(W22),MONTH(W22)+1,DAY(20)),IF(AND(DAY(W22)>=21,DAY(W22)<=30),DATE(YEAR(W22),MONTH(W22)+1,IF(DAY(EOMONTH(W22,1))<30,DAY(EOMONTH(W22,1)),DAY(30))),DATE(YEAR(W22),MONTH(W22)+1,DAY(5)))) -> 46117
B24: Equity down Payment | D24: : | E24: =IF([3]FORM!I26="",[3]FORM!I24,[3]FORM!I26) -> 0.2 | F24: =F22*E24 -> 2658309.5 | K24: =IF(N24>1,T24,0) -> 0 | M24: =IF(N24>1,W24,"") | N24: =IF(E29>6,F29,0) -> 0 | T24: 7th EQUITY PAYMENT | W24: =IF(AND(DAY(W23)>=6,DAY(W23)<=20),DATE(YEAR(W23),MONTH(W23)+1,DAY(20)),IF(AND(DAY(W23)>=21,DAY(W23)<=30),DATE(YEAR(W23),MONTH(W23)+1,IF(DAY(EOMONTH(W23,1))<30,DAY(EOMONTH(W23,1)),DAY(30))),DATE(YEAR(W23),MONTH(W23)+1,DAY(5)))) -> 46147
B25: less: Promo Discount on Equity | D25: =D24 -> : | F25: 0 | K25: =IF(N25>1,T25,0) -> 0 | M25: =IF(N25>1,W25,"") | N25: =IF(E29>7,F29,0) -> 0 | T25: 8th EQUITY PAYMENT | W25: =IF(AND(DAY(W24)>=6,DAY(W24)<=20),DATE(YEAR(W24),MONTH(W24)+1,DAY(20)),IF(AND(DAY(W24)>=21,DAY(W24)<=30),DATE(YEAR(W24),MONTH(W24)+1,IF(DAY(EOMONTH(W24,1))<30,DAY(EOMONTH(W24,1)),DAY(30))),DATE(YEAR(W24),MONTH(W24)+1,DAY(5)))) -> 46178
B26: less: Reservation Fee | D26: : | F26: 50000 | K26: =IF(N26>1,T26,0) -> 0 | M26: =IF(N26>1,W26,"") | N26: =IF(E29>8,F29,0) -> 0 | T26: 9th EQUITY PAYMENT | W26: =IF(AND(DAY(W25)>=6,DAY(W25)<=20),DATE(YEAR(W25),MONTH(W25)+1,DAY(20)),IF(AND(DAY(W25)>=21,DAY(W25)<=30),DATE(YEAR(W25),MONTH(W25)+1,IF(DAY(EOMONTH(W25,1))<30,DAY(EOMONTH(W25,1)),DAY(30))),DATE(YEAR(W25),MONTH(W25)+1,DAY(5)))) -> 46208
B27: Net Equity Payment | D27: : | F27: =F24-F25-F26 -> 2608309.5 | K27: =IF(N27>1,T27,0) -> 0 | M27: =IF(N27>1,W27,"") | N27: =IF(E29>9,F29,0) -> 0 | T27: 10th EQUITY PAYMENT | W27: =IF(AND(DAY(W26)>=6,DAY(W26)<=20),DATE(YEAR(W26),MONTH(W26)+1,DAY(20)),IF(AND(DAY(W26)>=21,DAY(W26)<=30),DATE(YEAR(W26),MONTH(W26)+1,IF(DAY(EOMONTH(W26,1))<30,DAY(EOMONTH(W26,1)),DAY(30))),DATE(YEAR(W26),MONTH(W26)+1,DAY(5)))) -> 46239
K28: =IF(N28>1,T28,0) -> 0 | M28: =IF(N28>1,W28,"") | N28: =IF(E29>10,F29,0) -> 0 | T28: 11th EQUITY PAYMENT | W28: =IF(AND(DAY(W27)>=6,DAY(W27)<=20),DATE(YEAR(W27),MONTH(W27)+1,DAY(20)),IF(AND(DAY(W27)>=21,DAY(W27)<=30),DATE(YEAR(W27),MONTH(W27)+1,IF(DAY(EOMONTH(W27,1))<30,DAY(EOMONTH(W27,1)),DAY(30))),DATE(YEAR(W27),MONTH(W27)+1,DAY(5)))) -> 46270
B29: Monthly Equity | D29: : | E29: =Pricelink!N31 -> 6 | F29: =F27/E29 -> 434718.24 | K29: =IF(N29>1,T29,0) -> 0 | M29: =IF(N29>1,W29,"") | N29: =IF(E29>11,F29,0) -> 0 | T29: 12th EQUITY PAYMENT | W29: =IF(AND(DAY(W28)>=6,DAY(W28)<=20),DATE(YEAR(W28),MONTH(W28)+1,DAY(20)),IF(AND(DAY(W28)>=21,DAY(W28)<=30),DATE(YEAR(W28),MONTH(W28)+1,IF(DAY(EOMONTH(W28,1))<30,DAY(EOMONTH(W28,1)),DAY(30))),DATE(YEAR(W28),MONTH(W28)+1,DAY(5)))) -> 46300
K30: =IF(N30>1,T30,0) -> 0 | M30: =IF(N30>1,W30,"") | N30: =IF(E29>12,F29,0) -> 0 | T30: 13th EQUITY PAYMENT | W30: =IF(AND(DAY(W29)>=6,DAY(W29)<=20),DATE(YEAR(W29),MONTH(W29)+1,DAY(20)),IF(AND(DAY(W29)>=21,DAY(W29)<=30),DATE(YEAR(W29),MONTH(W29)+1,IF(DAY(EOMONTH(W29,1))<30,DAY(EOMONTH(W29,1)),DAY(30))),DATE(YEAR(W29),MONTH(W29)+1,DAY(5)))) -> 46331
B31: FULL BALANCE (TCP) | D31: : | E31: =100%-E24 -> 0.8 | F31: =F22*E31 -> 10633238 | K31: =IF(N31>1,T31,0) -> 0 | M31: =IF(N31>1,W31,"") | N31: =IF(E29>13,F29,0) -> 0 | T31: 14th EQUITY PAYMENT | W31: =IF(AND(DAY(W30)>=6,DAY(W30)<=20),DATE(YEAR(W30),MONTH(W30)+1,DAY(20)),IF(AND(DAY(W30)>=21,DAY(W30)<=30),DATE(YEAR(W30),MONTH(W30)+1,IF(DAY(EOMONTH(W30,1))<30,DAY(EOMONTH(W30,1)),DAY(30))),DATE(YEAR(W30),MONTH(W30)+1,DAY(5)))) -> 46361
K32: =IF(N32>1,T32,0) -> 0 | M32: =IF(N32>1,W32,"") | N32: =IF(E29>14,F29,0) -> 0 | T32: 15th EQUITY PAYMENT | W32: =IF(AND(DAY(W31)>=6,DAY(W31)<=20),DATE(YEAR(W31),MONTH(W31)+1,DAY(20)),IF(AND(DAY(W31)>=21,DAY(W31)<=30),DATE(YEAR(W31),MONTH(W31)+1,IF(DAY(EOMONTH(W31,1))<30,DAY(EOMONTH(W31,1)),DAY(30))),DATE(YEAR(W31),MONTH(W31)+1,DAY(5)))) -> 46392
B33: Estimated Monthly Amortization | K33: =IF(N33>1,T33,0) -> 0 | M33: =IF(N33>1,W33,"") | N33: =IF(E29>15,F29,0) -> 0 | T33: 16th EQUITY PAYMENT | W33: =IF(AND(DAY(W32)>=6,DAY(W32)<=20),DATE(YEAR(W32),MONTH(W32)+1,DAY(20)),IF(AND(DAY(W32)>=21,DAY(W32)<=30),DATE(YEAR(W32),MONTH(W32)+1,IF(DAY(EOMONTH(W32,1))<30,DAY(EOMONTH(W32,1)),DAY(30))),DATE(YEAR(W32),MONTH(W32)+1,DAY(5)))) -> 46423
K34: =IF(N34>1,T34,0) -> 0 | M34: =IF(N34>1,W34,"") | N34: =IF(E29>16,F29,0) -> 0 | T34: 17th EQUITY PAYMENT | W34: =IF(AND(DAY(W33)>=6,DAY(W33)<=20),DATE(YEAR(W33),MONTH(W33)+1,DAY(20)),IF(AND(DAY(W33)>=21,DAY(W33)<=30),DATE(YEAR(W33),MONTH(W33)+1,IF(DAY(EOMONTH(W33,1))<30,DAY(EOMONTH(W33,1)),DAY(30))),DATE(YEAR(W33),MONTH(W33)+1,DAY(5)))) -> 46451
B35: Term | C35: Interest Rate | D35: Factor Rate | E35: Amount | F35: Income Requirement | K35: =IF(N35>1,T35,0) -> 0 | M35: =IF(N35>1,W35,"") | N35: =IF(E29>17,F29,0) -> 0 | T35: 18th EQUITY PAYMENT | W35: =IF(AND(DAY(W34)>=6,DAY(W34)<=20),DATE(YEAR(W34),MONTH(W34)+1,DAY(20)),IF(AND(DAY(W34)>=21,DAY(W34)<=30),DATE(YEAR(W34),MONTH(W34)+1,IF(DAY(EOMONTH(W34,1))<30,DAY(EOMONTH(W34,1)),DAY(30))),DATE(YEAR(W34),MONTH(W34)+1,DAY(5)))) -> 46482
B36: 5 | C36: 0.08 | D36: =PMT(C36/12,B36*12,-1) -> 0.020276394 | E36: =F31*D36 -> 215603.72 | F36: =E36/0.3 -> 718679.08 | K36: =IF(N36>1,T36,0) -> 0 | M36: =IF(N36>1,W36,"") | N36: =IF(E29>18,F29,0) -> 0 | T36: 19th EQUITY PAYMENT | W36: =IF(AND(DAY(W35)>=6,DAY(W35)<=20),DATE(YEAR(W35),MONTH(W35)+1,DAY(20)),IF(AND(DAY(W35)>=21,DAY(W35)<=30),DATE(YEAR(W35),MONTH(W35)+1,IF(DAY(EOMONTH(W35,1))<30,DAY(EOMONTH(W35,1)),DAY(30))),DATE(YEAR(W35),MONTH(W35)+1,DAY(5)))) -> 46512
B37: 10 | C37: 0.08 | D37: =PMT(C37/12,B37*12,-1) -> 0.012132759 | E37: =F31*D37 -> 129010.52 | F37: =E37/0.3 -> 430035.06 | K37: =IF(N37>1,T37,0) -> 0 | M37: =IF(N37>1,W37,"") | N37: =IF(E29>19,F29,0) -> 0 | T37: 20th EQUITY PAYMENT | W37: =IF(AND(DAY(W36)>=6,DAY(W36)<=20),DATE(YEAR(W36),MONTH(W36)+1,DAY(20)),IF(AND(DAY(W36)>=21,DAY(W36)<=30),DATE(YEAR(W36),MONTH(W36)+1,IF(DAY(EOMONTH(W36,1))<30,DAY(EOMONTH(W36,1)),DAY(30))),DATE(YEAR(W36),MONTH(W36)+1,DAY(5)))) -> 46543
B38: 15 | C38: 0.08 | D38: =PMT(C38/12,B38*12,-1) -> 0.0095565208 | E38: =F31*D38 -> 101616.76 | F38: =E38/0.3 -> 338722.53 | K38: =IF(N38>1,T38,0) -> 0 | M38: =IF(N38>1,W38,"") | N38: =IF(E29>20,F29,0) -> 0 | T38: 21st EQUITY PAYMENT | W38: =IF(AND(DAY(W37)>=6,DAY(W37)<=20),DATE(YEAR(W37),MONTH(W37)+1,DAY(20)),IF(AND(DAY(W37)>=21,DAY(W37)<=30),DATE(YEAR(W37),MONTH(W37)+1,IF(DAY(EOMONTH(W37,1))<30,DAY(EOMONTH(W37,1)),DAY(30))),DATE(YEAR(W37),MONTH(W37)+1,DAY(5)))) -> 46573
B39: Fixed for five (5) years | K39: =IF(N39>1,T39,0) -> 0 | M39: =IF(N39>1,W39,"") | N39: =IF(E29>21,F29,0) -> 0 | T39: 22nd EQUITY PAYMENT | W39: =IF(AND(DAY(W38)>=6,DAY(W38)<=20),DATE(YEAR(W38),MONTH(W38)+1,DAY(20)),IF(AND(DAY(W38)>=21,DAY(W38)<=30),DATE(YEAR(W38),MONTH(W38)+1,IF(DAY(EOMONTH(W38,1))<30,DAY(EOMONTH(W38,1)),DAY(30))),DATE(YEAR(W38),MONTH(W38)+1,DAY(5)))) -> 46604
B40: Sample Computation for Interest rate is at 8% fixed for five (5) years only | K40: =IF(N40>1,T40,0) -> 0 | M40: =IF(N40>1,W40,"") | N40: =IF(E29>22,F29,0) -> 0 | T40: 23rd EQUITY PAYMENT | W40: =IF(AND(DAY(W39)>=6,DAY(W39)<=20),DATE(YEAR(W39),MONTH(W39)+1,DAY(20)),IF(AND(DAY(W39)>=21,DAY(W39)<=30),DATE(YEAR(W39),MONTH(W39)+1,IF(DAY(EOMONTH(W39,1))<30,DAY(EOMONTH(W39,1)),DAY(30))),DATE(YEAR(W39),MONTH(W39)+1,DAY(5)))) -> 46635 | AN40: 3128866
B41: A. Prices are subject to change without prior notice. | K41: =IF(N41>1,T41,0) -> 0 | M41: =IF(N41>1,W41,"") | N41: =IF(E29>24,F29,0) -> 0 | T41: 24th EQUITY PAYMENT | W41: =IF(AND(DAY(W40)>=6,DAY(W40)<=20),DATE(YEAR(W40),MONTH(W40)+1,DAY(20)),IF(AND(DAY(W40)>=21,DAY(W40)<=30),DATE(YEAR(W40),MONTH(W40)+1,IF(DAY(EOMONTH(W40,1))<30,DAY(EOMONTH(W40,1)),DAY(30))),DATE(YEAR(W40),MONTH(W40)+1,DAY(5)))) -> 46665
B42: B. Bank Fees rates may vary per bank. | K42: =IF(N42>1,T42,0) -> 0 | M42: =IF(N42>1,W42,"") | N42: =IF(E29>24,F29,0) -> 0 | T42: 25th EQUITY PAYMENT | W42: =IF(AND(DAY(W41)>=6,DAY(W41)<=20),DATE(YEAR(W41),MONTH(W41)+1,DAY(20)),IF(AND(DAY(W41)>=21,DAY(W41)<=30),DATE(YEAR(W41),MONTH(W41)+1,IF(DAY(EOMONTH(W41,1))<30,DAY(EOMONTH(W41,1)),DAY(30))),DATE(YEAR(W41),MONTH(W41)+1,DAY(5)))) -> 46696
K43: =IF(N43>1,T43,0) -> 0 | M43: =IF(N43>1,W43,"") | N43: =IF(E29>25,F29,0) -> 0 | T43: 26th EQUITY PAYMENT | W43: =IF(AND(DAY(W42)>=6,DAY(W42)<=20),DATE(YEAR(W42),MONTH(W42)+1,DAY(20)),IF(AND(DAY(W42)>=21,DAY(W42)<=30),DATE(YEAR(W42),MONTH(W42)+1,IF(DAY(EOMONTH(W42,1))<30,DAY(EOMONTH(W42,1)),DAY(30))),DATE(YEAR(W42),MONTH(W42)+1,DAY(5)))) -> 46726
B44: APPLICABLE PROMO/DISCOUNTS | K44: =IF(N44>1,T44,0) -> 0 | M44: =IF(N44>1,W44,"") | N44: =IF(E29>26,F29,0) -> 0 | T44: 27th EQUITY PAYMENT | W44: =IF(AND(DAY(W43)>=6,DAY(W43)<=20),DATE(YEAR(W43),MONTH(W43)+1,DAY(20)),IF(AND(DAY(W43)>=21,DAY(W43)<=30),DATE(YEAR(W43),MONTH(W43)+1,IF(DAY(EOMONTH(W43,1))<30,DAY(EOMONTH(W43,1)),DAY(30))),DATE(YEAR(W43),MONTH(W43)+1,DAY(5)))) -> 46757
K45: =IF(N45>1,T45,0) -> 0 | M45: =IF(N45>1,W45,"") | N45: =IF($E$29>27,$F$29,0) -> 0 | T45: 28th EQUITY PAYMENT | W45: =IF(AND(DAY(W44)>=6,DAY(W44)<=20),DATE(YEAR(W44),MONTH(W44)+1,DAY(20)),IF(AND(DAY(W44)>=21,DAY(W44)<=30),DATE(YEAR(W44),MONTH(W44)+1,IF(DAY(EOMONTH(W44,1))<30,DAY(EOMONTH(W44,1)),DAY(30))),DATE(YEAR(W44),MONTH(W44)+1,DAY(5)))) -> 46788
K46: =IF(N46>1,T46,0) -> 0 | M46: =IF(N46>1,W46,"") | N46: =IF($E$29>28,$F$29,0) -> 0 | T46: 29th EQUITY PAYMENT | W46: =IF(AND(DAY(W45)>=6,DAY(W45)<=20),DATE(YEAR(W45),MONTH(W45)+1,DAY(20)),IF(AND(DAY(W45)>=21,DAY(W45)<=30),DATE(YEAR(W45),MONTH(W45)+1,IF(DAY(EOMONTH(W45,1))<30,DAY(EOMONTH(W45,1)),DAY(30))),DATE(YEAR(W45),MONTH(W45)+1,DAY(5)))) -> 46817
K47: =IF(N47>1,T47,0) -> 0 | M47: =IF(N47>1,W47,"") | N47: =IF($E$29>29,$F$29,0) -> 0 | T47: 30th EQUITY PAYMENT | W47: =IF(AND(DAY(W46)>=6,DAY(W46)<=20),DATE(YEAR(W46),MONTH(W46)+1,DAY(20)),IF(AND(DAY(W46)>=21,DAY(W46)<=30),DATE(YEAR(W46),MONTH(W46)+1,IF(DAY(EOMONTH(W46,1))<30,DAY(EOMONTH(W46,1)),DAY(30))),DATE(YEAR(W46),MONTH(W46)+1,DAY(5)))) -> 46848
K48: =IF(N48>1,T48,0) -> 0 | M48: =IF(N48>1,W48,"") | N48: =IF($E$29>30,$F$29,0) -> 0 | T48: 31st EQUITY PAYMENT | W48: =IF(AND(DAY(W47)>=6,DAY(W47)<=20),DATE(YEAR(W47),MONTH(W47)+1,DAY(20)),IF(AND(DAY(W47)>=21,DAY(W47)<=30),DATE(YEAR(W47),MONTH(W47)+1,IF(DAY(EOMONTH(W47,1))<30,DAY(EOMONTH(W47,1)),DAY(30))),DATE(YEAR(W47),MONTH(W47)+1,DAY(5)))) -> 46878
K49: =IF(N49>1,T49,0) -> 0 | M49: =IF(N49>1,W49,"") | N49: =IF($E$29>31,$F$29,0) -> 0 | T49: 32nd EQUITY PAYMENT | W49: =IF(AND(DAY(W48)>=6,DAY(W48)<=20),DATE(YEAR(W48),MONTH(W48)+1,DAY(20)),IF(AND(DAY(W48)>=21,DAY(W48)<=30),DATE(YEAR(W48),MONTH(W48)+1,IF(DAY(EOMONTH(W48,1))<30,DAY(EOMONTH(W48,1)),DAY(30))),DATE(YEAR(W48),MONTH(W48)+1,DAY(5)))) -> 46909
K50: =IF(N50>1,T50,0) -> 0 | M50: =IF(N50>1,W50,"") | N50: =IF($E$29>32,$F$29,0) -> 0 | T50: 33rd EQUITY PAYMENT | W50: =IF(AND(DAY(W49)>=6,DAY(W49)<=20),DATE(YEAR(W49),MONTH(W49)+1,DAY(20)),IF(AND(DAY(W49)>=21,DAY(W49)<=30),DATE(YEAR(W49),MONTH(W49)+1,IF(DAY(EOMONTH(W49,1))<30,DAY(EOMONTH(W49,1)),DAY(30))),DATE(YEAR(W49),MONTH(W49)+1,DAY(5)))) -> 46939
K51: =IF(N51>1,T51,0) -> 0 | M51: =IF(N51>1,W51,"") | N51: =IF($E$29>33,$F$29,0) -> 0 | T51: 34th EQUITY PAYMENT | W51: =IF(AND(DAY(W50)>=6,DAY(W50)<=20),DATE(YEAR(W50),MONTH(W50)+1,DAY(20)),IF(AND(DAY(W50)>=21,DAY(W50)<=30),DATE(YEAR(W50),MONTH(W50)+1,IF(DAY(EOMONTH(W50,1))<30,DAY(EOMONTH(W50,1)),DAY(30))),DATE(YEAR(W50),MONTH(W50)+1,DAY(5)))) -> 46970
K52: =IF(N52>1,T52,0) -> 0 | M52: =IF(N52>1,W52,"") | N52: =IF($E$29>34,$F$29,0) -> 0 | T52: 35th EQUITY PAYMENT | W52: =IF(AND(DAY(W51)>=6,DAY(W51)<=20),DATE(YEAR(W51),MONTH(W51)+1,DAY(20)),IF(AND(DAY(W51)>=21,DAY(W51)<=30),DATE(YEAR(W51),MONTH(W51)+1,IF(DAY(EOMONTH(W51,1))<30,DAY(EOMONTH(W51,1)),DAY(30))),DATE(YEAR(W51),MONTH(W51)+1,DAY(5)))) -> 47001
K53: =IF(N53>1,T53,0) -> 0 | M53: =IF(N53>1,W53,"") | N53: =IF($E$29>35,$F$29,0) -> 0 | T53: 36th EQUITY PAYMENT | W53: =IF(AND(DAY(W52)>=6,DAY(W52)<=20),DATE(YEAR(W52),MONTH(W52)+1,DAY(20)),IF(AND(DAY(W52)>=21,DAY(W52)<=30),DATE(YEAR(W52),MONTH(W52)+1,IF(DAY(EOMONTH(W52,1))<30,DAY(EOMONTH(W52,1)),DAY(30))),DATE(YEAR(W52),MONTH(W52)+1,DAY(5)))) -> 47031
K54: =IF(N54>1,T54,0) -> 0 | M54: =IF(N54>1,W54,"") | N54: =IF($E$29>36,$F$29,0) -> 0 | T54: 37th EQUITY PAYMENT | W54: =IF(AND(DAY(W53)>=6,DAY(W53)<=20),DATE(YEAR(W53),MONTH(W53)+1,DAY(20)),IF(AND(DAY(W53)>=21,DAY(W53)<=30),DATE(YEAR(W53),MONTH(W53)+1,IF(DAY(EOMONTH(W53,1))<30,DAY(EOMONTH(W53,1)),DAY(30))),DATE(YEAR(W53),MONTH(W53)+1,DAY(5)))) -> 47062
K55: =IF(N55>1,T55,0) -> 0 | M55: =IF(N55>1,W55,"") | N55: =IF($E$29>37,$F$29,0) -> 0 | T55: 38th EQUITY PAYMENT | W55: =IF(AND(DAY(W54)>=6,DAY(W54)<=20),DATE(YEAR(W54),MONTH(W54)+1,DAY(20)),IF(AND(DAY(W54)>=21,DAY(W54)<=30),DATE(YEAR(W54),MONTH(W54)+1,IF(DAY(EOMONTH(W54,1))<30,DAY(EOMONTH(W54,1)),DAY(30))),DATE(YEAR(W54),MONTH(W54)+1,DAY(5)))) -> 47092
K56: =IF(N56>1,T56,0) -> 0 | M56: =IF(N56>1,W56,"") | N56: =IF($E$29>38,$F$29,0) -> 0 | T56: 39th EQUITY PAYMENT | W56: =IF(AND(DAY(W55)>=6,DAY(W55)<=20),DATE(YEAR(W55),MONTH(W55)+1,DAY(20)),IF(AND(DAY(W55)>=21,DAY(W55)<=30),DATE(YEAR(W55),MONTH(W55)+1,IF(DAY(EOMONTH(W55,1))<30,DAY(EOMONTH(W55,1)),DAY(30))),DATE(YEAR(W55),MONTH(W55)+1,DAY(5)))) -> 47123
K57: =IF(N57>1,T57,0) -> 0 | M57: =IF(N57>1,W57,"") | N57: =IF($E$29>39,$F$29,0) -> 0 | T57: 40th EQUITY PAYMENT | W57: =IF(AND(DAY(W56)>=6,DAY(W56)<=20),DATE(YEAR(W56),MONTH(W56)+1,DAY(20)),IF(AND(DAY(W56)>=21,DAY(W56)<=30),DATE(YEAR(W56),MONTH(W56)+1,IF(DAY(EOMONTH(W56,1))<30,DAY(EOMONTH(W56,1)),DAY(30))),DATE(YEAR(W56),MONTH(W56)+1,DAY(5)))) -> 47154
K58: =IF(N58>1,T58,0) -> 0 | M58: =IF(N58>1,W58,"") | N58: =IF($E$29>40,$F$29,0) -> 0 | T58: 41st EQUITY PAYMENT | W58: =IF(AND(DAY(W57)>=6,DAY(W57)<=20),DATE(YEAR(W57),MONTH(W57)+1,DAY(20)),IF(AND(DAY(W57)>=21,DAY(W57)<=30),DATE(YEAR(W57),MONTH(W57)+1,IF(DAY(EOMONTH(W57,1))<30,DAY(EOMONTH(W57,1)),DAY(30))),DATE(YEAR(W57),MONTH(W57)+1,DAY(5)))) -> 47182
K59: =IF(N59>1,T59,0) -> 0 | M59: =IF(N59>1,W59,"") | N59: =IF($E$29>41,$F$29,0) -> 0 | T59: 42nd EQUITY PAYMENT | W59: =IF(AND(DAY(W58)>=6,DAY(W58)<=20),DATE(YEAR(W58),MONTH(W58)+1,DAY(20)),IF(AND(DAY(W58)>=21,DAY(W58)<=30),DATE(YEAR(W58),MONTH(W58)+1,IF(DAY(EOMONTH(W58,1))<30,DAY(EOMONTH(W58,1)),DAY(30))),DATE(YEAR(W58),MONTH(W58)+1,DAY(5)))) -> 47213
K60: =IF(N60>1,T60,0) -> 0 | M60: =IF(N60>1,W60,"") | N60: =IF($E$29>42,$F$29,0) -> 0 | T60: 43rd EQUITY PAYMENT | W60: =IF(AND(DAY(W59)>=6,DAY(W59)<=20),DATE(YEAR(W59),MONTH(W59)+1,DAY(20)),IF(AND(DAY(W59)>=21,DAY(W59)<=30),DATE(YEAR(W59),MONTH(W59)+1,IF(DAY(EOMONTH(W59,1))<30,DAY(EOMONTH(W59,1)),DAY(30))),DATE(YEAR(W59),MONTH(W59)+1,DAY(5)))) -> 47243
K61: =IF(N61>1,T61,0) -> 0 | M61: =IF(N61>1,W61,"") | N61: =IF($E$29>43,$F$29,0) -> 0 | T61: 44th EQUITY PAYMENT | W61: =IF(AND(DAY(W60)>=6,DAY(W60)<=20),DATE(YEAR(W60),MONTH(W60)+1,DAY(20)),IF(AND(DAY(W60)>=21,DAY(W60)<=30),DATE(YEAR(W60),MONTH(W60)+1,IF(DAY(EOMONTH(W60,1))<30,DAY(EOMONTH(W60,1)),DAY(30))),DATE(YEAR(W60),MONTH(W60)+1,DAY(5)))) -> 47274
K62: =IF(N62>1,T62,0) -> 0 | M62: =IF(N62>1,W62,"") | N62: =IF($E$29>44,$F$29,0) -> 0 | T62: 45th EQUITY PAYMENT | W62: =IF(AND(DAY(W61)>=6,DAY(W61)<=20),DATE(YEAR(W61),MONTH(W61)+1,DAY(20)),IF(AND(DAY(W61)>=21,DAY(W61)<=30),DATE(YEAR(W61),MONTH(W61)+1,IF(DAY(EOMONTH(W61,1))<30,DAY(EOMONTH(W61,1)),DAY(30))),DATE(YEAR(W61),MONTH(W61)+1,DAY(5)))) -> 47304
K63: =IF(N63>1,T63,0) -> 0 | M63: =IF(N63>1,W63,"") | N63: =IF($E$29>45,$F$29,0) -> 0 | T63: 46th EQUITY PAYMENT
K64: BALANCE | M64: =IF(DAY(W17)=31,Y19,AA19) -> 46147 | N64: =F31 -> 10633238
B67: Prepared by: | F67: Conformed: | K67: Prepared by: | O67: Conformed:
F70: =[3]FORM!I28 -> 0 | K70: =B70 -> 0
B71: Date | F71: Date: | K71: Date | O71: Date:
A239: =(F15-#REF!)*12% -> #REF!
AS385: 20000 | AU385: 24
AS386: 15000
AD770: 1

Sheet Spot Equity 7 Days
R1: =EDATE(L17,'[3]STANDARD COMP.'!E29) -> #N/A
B2: DATE : | C2: ='SPC Unit A'!C2 -> 45932.594 | F2: PAGE | G2: 1 of 2 | J2: DATE : | K2: =C2 -> 45932.594 | O2: PAGE | P2: 2 of 2
B4: SPOT EQUITY_7 DAYS | J4: PAYMENT SCHEDULE
B6: CLIENT'S NAME | D6: : | E6: ='SPC Unit A'!E6:I6 -> 0 | J6: CLIENT'S NAME | L6: : | M6: =E6 -> 0
B7: PROJECT NAME | D7: : | E7: ='SPC Unit A'!E7:I7 -> Terraces Commonwealth Townhouse | J7: PROJECT NAME | L7: : | M7: =E7 -> Terraces Commonwealth Townhouse
B8: UNIT ID | D8: : | E8: ='SPC Unit A'!E8:I8 -> Unit A | J8: UNIT NUMBER | L8: : | M8: =E8 -> Unit A
B9: TOWER | D9: : | J9: TOWER | L9: : | M9: =E9 -> 0
B10: UNIT TYPE | D10: : | E10: ='SPC Unit A'!E10:I10 -> Front with own garage gate | J10: UNIT TYPE | L10: : | M10: =E10 -> Front with own garage gate
B11: LOT AREA | D11: : | E11: ='SPC Unit A'!E11:F11 -> 66 | G11: SQM. | J11: LIVEABLE AREA | L11: : | M11: =E11 -> 66 | O11: SQM.
B12: TOTAL AREA | D12: : | E12: ='SPC Unit A'!E12:F12 -> 156.74 | G12: SQM. | J12: BALCONY AREA | L12: : | M12: =E12 -> 156.74 | O12: SQM.
D13: : | E13: ='SPC Unit A'!E13:F13 -> 0 | G13: SQM. | J13: GROSS AREA | L13: : | M13: =E13 -> 0 | O13: SQM.
B15: TOTAL SELLING PRICE | D15: : | F15: ='SPC Unit A'!F15:I15 -> 9561140 | J15: PARTICULARS | L15: DATE | M15: AMOUNT | O15: REMARKS
B16: Less: Promo Discount on TSP | D16: :
B17: NET SELLING PRICE | D17: : | F17: =F15-F16 -> 9561140 | J17: RESERVATION FEE | L17: =C2 -> 45932.594 | M17: =[3]FORM!I22 -> 20000
J18: SPOT EQUITY PAYMENT | L18: =L17+7 -> 45939.594 | M18: =F29 -> 1862228
B19: Add: VAT | D19: : | E19: 0 | F19: =E19*F17 -> 0 | J19: BALANCE | L19: ='SPC Unit A'!M64 -> 46331 | M19: =F31 -> 8413803.2
B20: Add: Legal & Misc. Fees | D20: : | E20: 0.1 | F20: =E20*F15 -> 956114
B22: TOTAL CONTRACT PRICE | D22: : | E22: =F17+F19+F20 -> 10517254
D24: :
B25: Spot Equity down Payment | D25: : | E25: ='[3]STANDARD COMP.'!E24 -> 0.2 | F25: =E25*E22 -> 2103450.8 | J25: Prepared by: | O25: Conformed:
B26: less: Promo Discount on Equity | D26: =D25 -> :
B27: less: Spot Equity Discount | D27: =D26 -> : | E27: 0.1 | F27: =(F17)*E25*E27 -> 191222.8
B28: less: Reservation Fee | D28: : | F28: =SUM('SPC Unit A'!F26) -> 50000 | J28: =B51 -> enm
B29: Net Spot Equity Payment | D29: : | F29: =F25-F26-F27-F28 -> 1862228 | J29: Date | O29: Date:
B31: FULL BALANCE (TCP) | D31: : | E31: =100%-E25 -> 0.8 | F31: =E22*E31 -> 8413803.2
B34: Estimated Monthly Amortization
B36: Term | C36: Interest Rate | D36: Factor Rate | E36: Amount | F36: Income Requirement
B37: 5 | C37: 0.08 | D37: =PMT(C37/12,B37*12,-1) -> 0.020276394 | E37: =F31*D37 -> 170601.59 | F37: =E37/0.3 -> 568671.97
B38: 10 | C38: 0.08 | D38: =PMT(C38/12,B38*12,-1) -> 0.012132759 | E38: =F31*D38 -> 102082.65 | F38: =E38/0.3 -> 340275.5
B39: 15 | C39: 0.08 | D39: =PMT(C39/12,B39*12,-1) -> 0.0095565208 | E39: =F31*D39 -> 80406.686 | F39: =E39/0.3 -> 268022.29
B40: Fixed for five (5) years
B41: Sample Computation for Interest rate is at 8% fixed for five (5) years only
B42: A. Prices are subject to change without prior notice.
B43: B. Bank Fees rates may vary per bank.
B48: Prepared by: | F48: Conformed:
B51: =[3]FORM!I30 -> enm | F51: =[3]FORM!I28 -> 0
B52: Date | F52: Date:

Sheet Spot Cash_30 Days
B2: DATE : | C2: ='Spot Equity 7 Days'!C2 -> 45932.594 | G2: PAGE: | H2: 1 of 2 | L2: DATE : | M2: =C2 -> 45932.594 | Q2: =G2 -> PAGE: | R2: 2 of 2
B4: SPOT CASH_30 DAYS | L4: PAYMENT SCHEDULE
B7: CLIENT'S NAME | D7: : | E7: ='SPC Unit A'!E6:I6 -> 0 | L7: CLIENT'S NAME | N7: : | O7: =E7 -> 0
B8: PROJECT NAME | D8: : | E8: ='Spot Equity 7 Days'!E7:H7 -> Terraces Commonwealth Townhouse | L8: PROJECT NAME | N8: : | O8: =E8 -> Terraces Commonwealth Townhouse
B9: UNIT ID | D9: : | E9: ='SPC Unit A'!E8:I8 -> Unit A | L9: UNIT NUMBER | N9: : | O9: =E9 -> Unit A
B10: TOWER | D10: : | E10: =[3]FORM!I14 -> TOWER 1 | L10: TOWER | N10: : | O10: =E10 -> TOWER 1
B11: UNIT TYPE | D11: : | E11: ='SPC Unit A'!E10:I10 -> Front with own garage gate | L11: UNIT TYPE | N11: : | O11: =E11 -> Front with own garage gate
B12: LOT AREA | D12: : | E12: ='SPC Unit A'!E11:F11 -> 66 | H12: SQM. | L12: LIVEABLE AREA | N12: : | O12: =E12 -> 66 | Q12: SQM.
B13: TOTAL AREA | D13: : | E13: ='SPC Unit A'!E12:F12 -> 156.74 | H13: SQM. | L13: BALCONY AREA | N13: : | O13: =E13 -> 156.74 | Q13: SQM.
D14: : | E14: ='[3]STANDARD COMP.'!E13:F13 -> 41.75 | G14: SQM. | L14: GROSS AREA | N14: : | O14: =E14 -> 41.75 | Q14: SQM.
B16: TOTAL SELLING PRICE | D16: : | F16: ='SPC Unit A'!F15:I15 -> 9561140 | L16: PARTICULARS | N16: DATE | O16: AMOUNT | Q16: REMARKS
B17: Less: Discount on TSP | D17: : | E17: 0.1 | F17: =F16*E17 -> 956114
B18: Less: Promo Discount on TSP | D18: : | L18: RESERVATION FEE | N18: =C2 -> 45932.594 | O18: =F27 -> 50000
B19: Net Selling Price | D19: : | F19: =F16-(F17+F18) -> 8605026 | L19: SPOT CASH PAYMENT | N19: =N18+30 -> 45962.594 | O19: =F28 -> 9272111.5
B21: Add: VAT | D21: : | E21: 0 | F21: =E21*F19 -> 0
B22: Add: Legal & Misc. Fees | D22: : | E22: 0.075 | F22: =E22*F16 -> 717085.5
B24: TOTAL CONTRACT PRICE | D24: : | F24: =F19+F21+F22 -> 9322111.5
L25: Prepared by: | Q25: Conformed:
B26: SPOT CASH PAYMENT | D26: : | E26: 1 | F26: =F24*E26 -> 9322111.5
B27: Less: Reservation Fee | D27: : | F27: ='SPC Unit A'!F26 -> 50000
B28: NET SPOT CASH PAYMENT | D28: : | F28: =F26-F27 -> 9272111.5 | L28: =B35 -> 0
L29: Date | Q29: Date:
B32: Prepared by: | G32: Conformed:
B35: ='SPC Unit A'!B70 -> 0
B36: Date: | G36: Date:
A42: =F19*E21 -> 0
A44: =F19*12% -> 1032603.1

Sheet Spot Cash_60 Days
B2: DATE : | C2: ='Spot Equity 7 Days'!C2 -> 45932.594 | G2: PAGE: | H2: 1 of 2 | L2: DATE : | M2: =C2 -> 45932.594 | Q2: =G2 -> PAGE: | R2: 2 of 2
B4: SPOT CASH_60 DAYS | L4: PAYMENT SCHEDULE
B7: CLIENT'S NAME | D7: : | E7: ='SPC Unit A'!E6:I6 -> 0 | L7: CLIENT'S NAME | N7: : | O7: =E7 -> 0
B8: PROJECT NAME | D8: : | E8: ='Spot Cash_30 Days'!E8:I8 -> Terraces Commonwealth Townhouse | L8: PROJECT NAME | N8: : | O8: =E8 -> Terraces Commonwealth Townhouse
B9: UNIT ID | D9: : | E9: ='SPC Unit A'!E8:I8 -> Unit A | L9: UNIT NUMBER | N9: : | O9: =E9 -> Unit A
B10: TOWER | D10: : | E10: =[3]FORM!I14 -> TOWER 1 | L10: TOWER | N10: : | O10: =E10 -> TOWER 1
B11: UNIT TYPE | D11: : | E11: ='SPC Unit A'!E10:I10 -> Front with own garage gate | L11: UNIT TYPE | N11: : | O11: =E11 -> Front with own garage gate
B12: LOT AREA | D12: : | E12: ='SPC Unit A'!E11:F11 -> 66 | H12: SQM. | L12: LIVEABLE AREA | N12: : | O12: =E12 -> 66 | Q12: SQM.
B13: TOTAL AREA | D13: : | E13: ='SPC Unit A'!E12:F12 -> 156.74 | H13: SQM. | L13: BALCONY AREA | N13: : | O13: =E13 -> 156.74 | Q13: SQM.
D14: : | E14: ='[3]STANDARD COMP.'!E13:F13 -> 41.75 | G14: SQM. | L14: GROSS AREA | N14: : | O14: =E14 -> 41.75 | Q14: SQM.
B16: TOTAL SELLING PRICE | D16: : | F16: ='SPC Unit A'!F15:I15 -> 9561140 | L16: PARTICULARS | N16: DATE | O16: AMOUNT | Q16: REMARKS
B17: Less: Discount on TSP | D17: : | E17: 0.05 | F17: =F16*E17 -> 478057
B18: Less: Promo Discount on TSP | D18: : | L18: RESERVATION FEE | N18: =C2 -> 45932.594 | O18: =F27 -> 50000
B19: Net Selling Price | D19: : | F19: =F16-(F17+F18) -> 9083083 | L19: =B30 -> 1ST SPOT CASH PAYMENT | N19: =N18+30 -> 45962.594 | O19: =SUM(F30) -> 4875084.2
L20: =B31 -> 2ND/FULL BALANCE PAYMENT | N20: =N19+30 -> 45992.594 | O20: =SUM(F31) -> 4875084.2
B21: Add: VAT | D21: : | E21: 0 | F21: =E21*F19 -> 0
B22: Add: Legal & Misc. Fees | D22: : | E22: 0.075 | F22: =E22*F16 -> 717085.5
B24: TOTAL CONTRACT PRICE | D24: : | F24: =F19+F21+F22 -> 9800168.5
L25: Prepared by: | Q25: Conformed:
B26: SPOT CASH PAYMENT | D26: : | E26: 1 | F26: =F24*E26 -> 9800168.5
B27: Less: Reservation Fee | D27: : | F27: ='SPC Unit A'!F26 -> 50000
B28: NET SPOT CASH PAYMENT | D28: : | F28: =F26-F27 -> 9750168.5 | L28: =B36 -> 0
L29: Date | M29: =C37 -> 0 | Q29: Date:
B30: 1ST SPOT CASH PAYMENT | D30: : | E30: 2 | F30: =F28/E30 -> 4875084.2
B31: 2ND/FULL BALANCE PAYMENT | D31: : | F31: =F30 -> 4875084.2
B33: Prepared by: | G33: Conformed:
B36: ='SPC Unit A'!B70 -> 0 | G36: =[3]FORM!I28 -> 0
B37: Date: | G37: Date: | H37: =C37 -> 0
A43: =F19*E21 -> 0
A45: =F19*12% -> 1089970
